Workbook
Name ATTR_PROD_MANU_AddressCountry: LOV!$BL$4:$BL$252
Name ATTR_PROD_MANU_EuEstablished: LOV!$BK$4:$BK$5
Name ATTR_PROD_MANU_OverrideContactDetails: LOV!$BJ$4:$BJ$5
Name Boolean: LOV!$A$4:$A$5
Name Numbers: LOV!$B$4:$B$14
Name PROD_FEAT: PROD_FEAT!$A$2:$D$492
Name PROD_FEAT_00003: LOV!$C$4:$C$21
Name PROD_FEAT_10068: LOV!$AP$4:$AP$8
Name PROD_FEAT_10401: LOV!$N$4:$N$10
Name PROD_FEAT_10401_koelkast: LOV!$N$4:$N$10
Name PROD_FEAT_10401_vaatwasser: LOV!$AD$4:$AD$10
Name PROD_FEAT_10401_vriezers: LOV!$Z$4:$Z$7
Name PROD_FEAT_10519: LOV!$AE$4:$AE$7
Name PROD_FEAT_10714: LOV!$F$4:$F$5
Name PROD_FEAT_10770: LOV!$AN$4:$AN$38
Name PROD_FEAT_10961: LOV!$AU$4:$AU$14
Name PROD_FEAT_10982: LOV!$Q$4:$Q$8
Name PROD_FEAT_10990_Afzuigkappen: Product_type!$A$3:$A$4
Name PROD_FEAT_10990_Fornuizen: Product_type!$B$3
Name PROD_FEAT_10990_Koelkast: Product_type!$C$3:$C$4
Name PROD_FEAT_10990_Kookplaten: Product_type!$D$3
Name PROD_FEAT_10990_Magnetron: Product_type!$E$3:$E$5
Name PROD_FEAT_10990_Oven: Product_type!$F$3
Name PROD_FEAT_10990_Vaatwassers: Product_type!$H$3
Name PROD_FEAT_10990_Was_droogcombinatie: LOV!$AJ$4
Name PROD_FEAT_10990_Wasdrogers: Product_type!$G$3:$G$5
Name PROD_FEAT_11367: LOV!$AL$4:$AL$7
Name PROD_FEAT_11779: LOV!$X$4:$X$14
Name PROD_FEAT_11968: LOV!$W$4:$W$8
Name PROD_FEAT_12120: LOV!$S$4:$S$6
Name PROD_FEAT_12194: LOV!$BI$4:$BI$7
Name PROD_FEAT_12253: LOV!$G$4:$G$13
Name PROD_FEAT_12438: LOV!$H$4:$H$9
Name PROD_FEAT_13470: LOV!$V$4:$V$9
Name PROD_FEAT_13482: LOV!$P$4:$P$5
Name PROD_FEAT_13559: LOV!$AQ$4:$AQ$8
Name PROD_FEAT_13709: LOV!$AG$4:$AG$5
Name PROD_FEAT_13800: LOV!$AM$4:$AM$6
Name PROD_FEAT_13839: LOV!$AI$4:$AI$5
Name PROD_FEAT_13960: LOV!$O$4:$O$6
Name PROD_FEAT_14330: LOV!$AZ$4:$AZ$11
Name PROD_FEAT_14384: LOV!$T$4:$T$6
Name PROD_FEAT_14396: LOV!$BC$4:$BC$6
Name PROD_FEAT_14451: LOV!$I$4:$I$8
Name PROD_FEAT_14510: LOV!$R$4:$R$5
Name PROD_FEAT_14553: LOV!$BA$4:$BA$7
Name PROD_FEAT_14554: LOV!$J$4:$J$7
Name PROD_FEAT_14594: LOV!$AY$4:$AY$8
Name PROD_FEAT_14595: LOV!$AX$4:$AX$11
Name PROD_FEAT_15742: LOV!$L$4:$L$6
Name PROD_FEAT_16207: LOV!$Y$4
Name PROD_FEAT_16497: LOV!$AW$4:$AW$12
Name PROD_FEAT_16520: LOV!$AK$4:$AK$12
Name PROD_FEAT_16617: LOV!$AC$4:$AC$11
Name PROD_FEAT_16630: LOV!$AV$4:$AV$8
Name PROD_FEAT_16743: LOV!$M$4:$M$6
Name PROD_FEAT_16744: LOV!$AB$4:$AB$13
Name PROD_FEAT_16887: LOV!$AH$4:$AH$7
Name PROD_FEAT_16914: LOV!$AA$4:$AA$7
Name PROD_FEAT_16943: LOV!$E$4:$E$25

Sheet Producent
A1: Prod. nr. | B1: Producent | C1: Prod. afkorting | D1: Prod omschrijving 2 | E1: Comm bereiks nr | F1: Phononet nr. | G1: Subsidiary | H1: Create date
A2: 2914 | B2: 12MOVE | D2: 12MOVE | G2: NL | H2: 22.04.2005
A3: 4471 | B3: 180S | D3: 180S | G3: NL | H3: 28.10.2013
A4: 4042 | B4: 1AUTO | D4: 1AUTO | G4: NL | H4: 13.12.2011
A5: 3928 | B5: 1IDEA | D5: 1IDEA | G5: NL | H5: 02.12.2010
A6: 3938 | B6: 1-LINE | D6: 1-LINE | G6: NL | H6: 01.02.2011
A7: 3348 | B7: 2GO | D7: 2GO | G7: NL | H7: 24.08.2006
A8: 5673 | B8: 2K UE | D8: 2K UE | G8: NL | H8: 11.08.2023
A9: 2421 | B9: 2L | D9: 2L | G9: NL | H9: 13.08.2003
A10: 4785 | B10: 2POWER | D10: 2POWER | G10: NL | H10: 21.01.2015
A11: 288 | B11: 3 COM | D11: 3 COM | G11: NL | H11: 11.11.1999
A12: 549 | B12: 3 DFX | D12: 3 DFX | G12: NL | H12: 18.05.2000
A13: 4949 | B13: 360 FLY | D13: 360 FLY | G13: NL | H13: 02.10.2015
... A4134: 5304 | B4134: ZYXEL | D4134: ZYXEL | G4134: NL | H4134: 17.07.2017

Sheet Processor
A1: bank nr. | B1: Active | C1: Processor | D1: Graphicscard
A2: 10046 | B2: Ja | C2: ACTIONS - 7021 - ACTIONS | D2: OTHERS
A3: 10064 | B3: Ja | C3: ACTIONS - AMT7021 - ACTIONS | D3: OTHERS
A4: 9684 | B4: Ja | C4: ACTIONS - ATM7023 - ACTIONS | D4: OTHERS
A5: 9683 | B5: Ja | C5: ACTIONS - ATM7029 - ACTIONS | D5: OTHERS
A6: 9974 | B6: Ja | C6: ACTIONS - ATM7039 - ACTIONS | D6: OTHERS
A7: 10415 | B7: Ja | C7: ACTIONS - S500 - ACTIONS | D7: OTHERS
A8: 9679 | B8: Ja | C8: ALLWINNER - A10 - ALLWINNER | D8: OTHERS
A9: 11053 | B9: Ja | C9: ALLWINNER - A100 QUAD CORE - ALLWINNER | D9: OTHERS
A10: 9668 | B10: Ja | C10: ALLWINNER - A13 - ALLWINNER | D10: OTHERS
A11: 11344 | B11: Ja | C11: ALLWINNER - A133 - ALLWINNER | D11: OTHERS
A12: 9678 | B12: Ja | C12: ALLWINNER - A20 - ALLWINNER | D12: OTHERS
A13: 9885 | B13: Ja | C13: ALLWINNER - A23 - ALLWINNER | D13: OTHERS
... A2337: 10929 | B2337: Ja | C2337: XEON W - 3245 - INTEL | D2337: OTHERS

Sheet Artikeltype
A1: Art.grp.nr. | B1: Artikelgroep | D1: Art.grp.nr. | E1: Artikelgroep
A2: 325 | B2: 2-IN-1 < 11,7" | D2: 325 | E2: 2-IN-1 < 11,7"
A3: 327 | B3: 2-IN-1 >13,3" | D3: 327 | E3: 2-IN-1 >13,3"
A4: 326 | B4: 2-IN-1 11,7" - 13,3" | D4: 326 | E4: 2-IN-1 11,7" - 13,3"
A5: 4129 | B5: AIO INK TANK PRINTERS | D5: 959 | E5: B2B AIO PC
A6: 3310 | B6: ALL-IN-ONE INKT | D6: 960 | E6: B2B CONVERTIBLES
A7: 308 | B7: ALL-IN-ONE LASER KLEUR | D7: 950 | E7: B2B NOTEBOOKS
A8: 533 | B8: ALL-IN-ONE LASER MONO | D8: 951 | E8: B2B PC
A9: 960 | B9: B2B CHROMEBOOKS | D9: 961 | E9: B2B TABLETS
A10: 6049 | B10: B2B MOTOROLA | D10: 333 | E10: CHROMEBOOKS
A11: 950 | B11: B2B NOTEBOOKS | D11: 331 | E11: CREATORS NOTEBOOKS
A12: 6050 | B12: B2B SAMSUNG | D12: 320 | E12: GAMING DESKTOP
A13: 963 | B13: B2B SMARTPHONES | D13: 342 | E13: GAMING NOTEBOOK <16,7''
... A26: 330 | B26: NOTEBOOK 12" - 14,5" | D26: 374 | E26: TABLETS WINDOWS MOBILE < 7,1"
A27: 380 | B27: NOTEBOOK 14,6" - 16.7"
A28: 545 | B28: SMART WATCHES
A29: 4131 | B29: SMART WATCHES SIM
A30: 3901 | B30: SMARTPHONES FREE (APPLE)
A31: 3900 | B31: SMARTPHONES FREE (OTHERS)
A32: 3902 | B32: SMARTPHONES FREE (SAMSUNG)
A33: 3910 | B33: SMARTPHONES PREPAID PAKKET
A34: 3905 | B34: SMARTPHONES PROVIDER GEBONDEN
A35: 361 | B35: TABLETS ANDROID <9,6"
A36: 372 | B36: TABLETS ANDROID > 9,6"
A37: 368 | B37: TABLETS IOS <9,6"
A38: 370 | B38: TABLETS IOS >9,6"
... A40: 374 | B40: TABLETS WINDOWS MOBILE < 7,1"

Sheet Grafische kaart
A1: Grafische Kaart
A2: AMD
A3: APPLE
A4: INTEL
A5: NVIDIA
A6: OTHERS

Sheet Home_page
A1: Welcome to this technical sheet for the BeNeLux region. | B1: 🔒 MACROS NOT ENABLED ?
B2: If you have already entered your email address, they are activated.
A3: The "Aanvraagformulier" sheet must be completed for Dutch products only. (More information on how to complete this sheet can be found in "Toelichting artikelaanvraagform". | B3: This technical sheet includes automated functionalities that require macros.
B4: If not, please follow these recommendations:
B5: 1️⃣ Enable macros when opening the file (click "Enable Content").
B6: 2️⃣ If macros cannot be enabled due to admin restrictions, you can still fill out the file manually.
B7: 3️⃣ However, some automatic checks and email tracking features will not be available.
B9: Please follow these guidelines:
B10: 1 - Make sure you have downloaded the latest version available from our SharePoint site. (01. Specsheet Templates)
B11: 2 - Select the suggested values for multiple-choice cells.
B12: 3 - Avoid copying and pasting from other Excel files and any unintended customizations.
B13: 4 - Respect the suggested units of measurement
B14: 5 - Columns with red headers are mandatory
B15: Thank you for your cooperation.
A17: Welkom bij dit technisch bestand voor de BeNeLux-regio. | B17: 🔒 MACRO’S NIET INGESCHAKELD?
B18: Als je je e-mailadres al hebt ingevoerd, zijn ze geactiveerd.
A19: Het Aanvraagformulier dient u alleen in te vullen voor Nederlandse producten. (Meer informatie over het invullen van dit formulier vindt u in de Toelichting artikelaanvraagformulier.) | B19: Dit technisch bestand bevat geautomatiseerde functionaliteiten die macro’s vereisen.
B20: Zo niet, volg dan deze aanbevelingen:
B21: 1️⃣ Schakel macro’s in bij het openen van het bestand (klik op “Inhoud inschakelen”).
B22: 2️⃣ Als macro’s niet kunnen worden ingeschakeld vanwege beperkingen van de IT-beheerder, kun je het bestand toch handmatig invullen.
B23: 3️⃣ Sommige automatische controles en e-mailregistratiefuncties zullen echter niet beschikbaar zijn.
B25: Welkom bij dit technisch bestand voor de BeNeLux-regio.
B26: Gelieve deze richtlijnen te volgen:
B27: 1 - Zorg ervoor dat je de meest recente versie hebt gedownload via onze SharePoint-site. (Link beschikbaar in het Aanvraagformulier in cel G2)
B28: 2 - Selecteer de voorgestelde waarden voor de meerkeuzevelden.
B29: 3 - Vermijd kopiëren en plakken vanuit andere Excel-bestanden en ongewenste aanpassingen.
B30: 4 - Respecteer de voorgestelde meeteenheden.
B31: 5 - Kolommen met rode koppen zijn verplicht
B32: Dank je voor je medewerking.
A34: Bienvenue dans cette fiche technique pour le BeNeLux | B34: 🔒 MACROS NON ACTIVÉES ?
B35: Si vous avez déjà saisi votre adresse e-mail, elles sont activées.
A36: La feuille "Aanvraagformulier" doit être remplie pour les produits Néerlandais uniquement. (Plus d'infos sur comment remplir cette feuille dans "Toelichting artikelaanvraagform". | B36: Cette fiche technique comprend des fonctionnalités automatisées nécessitant l’activation des macros.
B37: Sinon, veuillez suivre ces recommandations :
B38: 1️⃣ Activez les macros lors de l’ouverture du fichier (cliquez sur « Activer le contenu »).
B39: 2️⃣ Si les macros ne peuvent pas être activées en raison de restrictions administratives, vous pouvez tout de même remplir le fichier manuellement.
B40: 3️⃣ Cependant, certaines vérifications automatiques et fonctions de suivi des e-mails ne seront pas disponibles.
B42: Merci de suivre ces consignes :
B43: 1 - Assurez-vous d’avoir téléchargé la dernière version disponible sur notre site SharePoint. (Lien disponible dans l’onglet Aanvraagformulier en cellule G2)
B44: 2 - Sélectionnez les valeurs suggérées pour les cellules à choix multiples.
B45: 3 - Évitez de copier-coller depuis d’autres fichiers Excel et toute personnalisation non souhaitée.
B46: 4 - Respectez les unités de mesure suggérées.
B47: 5 - Les colonnes avec en-tête rouge sont obligatoire
B48: Merci pour votre coopération.

Sheet Toelichting artikelaanvraagform
A1: Toelichting artikelaanvraagformulier
A3: Artikeldata
A4: Kolomnaam | B4: Kolom | C4: Verplicht | D4: Opmerking | AQ4: data
A5: MSH Art. nr. | B5: A | C5: - | D5: MediaMarkt NL artikelnummer
A6: EAN code | B6: B | C6: Ja | D6: Maximaal 13 cijfers
A7: Art. grp. nr. | B7: C | C7: Ja | D7: Selecteer een artikelgroep uit het dropdown menu
A8: Artikelgroep | B8: D | C8: Ja | D8: Automatisch gegenereerd veld, na het selecteren van de artikelgroep wordt in dit veld de artikelgroepnaam getoond
A9: Leverancier | B9: E | C9: Ja | D9: Vul in deze kolom de naam van de leverancier in
A10: Lev. nr. | B10: F | C10: Ja | D10: Vul in deze kolom het leveranciernummer in ( 31xxxxx )
A11: Producent | B11: G | C11: Ja | D11: Selecteer een producent (merk) uit het dropdown menu
A12: Prod. nr. | B12: H | C12: Ja | D12: Automatisch gegenereerd veld, na het selecteren van de producent wordt in dit veld het producentnummer getoond
A13: Omschrijving (type/kleur) | B13: I | C13: Ja | D13: Maximaal 35 karakters, geen merknaam in de omschrijving, geen leestekens in de omschrijving ( ; € ' " , < > : \ / ` ~ @ # $ % ^ * )
A14: Aantal karakters omschrijving | B14: J | C14: - | D14: Automatisch gegenereerd veld, in deze kolom worden de totaal aantal karakters van de omschrijving getoond
A15: Referentienr. Producent | B15: K | C15: Optioneel | D15: Referentienummer van de producent, maximaal 20 karakters
A16: Aantal karakters Ref. nr. | B16: L | C16: - | D16: Automatisch gegenereerd veld, in deze kolom worden de totaal aantal karakters van het referentienummer getoond
... A27: Release datum | B27: W | C27: Optioneel | D27: Verschijningsdatum, alleen invullen indien de verschijningsdatum in de toekomst ligt ( notatie; dd.mm.yyyy )
A29: Logistieke data
A30: Kolomnaam | B30: Kolom | C30: Verplicht | D30: Opmerking
A31: Bruto gewicht in kg | B31: X | C31: Ja | D31: Dit veld invullen in kilogram, bruto gewicht inclusief consumentenverpakking
A32: Netto gewicht in kg | B32: Y | C32: Ja | D32: Dit veld invullen in kilogram, netto gewicht exclusief consumentenverpakking
A33: Gewichtseenheid | B33: Z | C33: - | D33: Aanduiding van de gewichtseenheid ( kg )
A34: Lengte in cm | B34: AA | C34: Ja | D34: Dit veld invullen in centimeter, lengte van de consumentenverpakking
A35: Breedte in cm | B35: AB | C35: Ja | D35: Dit veld invullen in centimeter, breedte van de consumentenverpakking
A36: Hoogte in cm | B36: AC | C36: Ja | D36: Dit veld invullen in centimeter, hoogte van de consumentenverpakking
A37: Meeteenheid | B37: AD | C37: - | D37: Aanduiding van de meeteenheid ( cm )
A38: Gevaarlijke stoffen | B38: AE | C38: Ja* | D38: Material Safety Data Sheet, oftewel; veiligheidsinformatieblad. Deze documentatie verplicht meezenden indien het artikel gevaarlijke stoffen bevat

Sheet Aanvraagformulier
A2: Niet verplicht | C2: Deze velden mogen leeg gelaten worden | F2: versie
A3: Verplicht | C3: Deze velden zijn verplicht om in te vullen | F3: 45762
A4: Berekening | C4: Deze velden worden automatisch gevuld, niet aanpassen A.U.B.
A6: Artikeldata | X6: Logistieke data
A8: MSH Art. nr. | B8: EAN code | C8: Art. grp. nr. | D8: Artikelgroep | E8: Leverancier | F8: Lev. nr. | G8: Producent | H8: Prod. nr. | I8: Omschrijving (type/kleur) (max. 35 karakters) | J8: Aantal karakters omschrijving | K8: Referentienr. producent (max. 20 karakters) | L8: Aantal karakters Ref. nr. | M8: Bestelnr. leverancier (max. 20 karakters) | N8: Aantal karakters Bestelnr. | O8: VPE | P8: VPI | Q8: Adv. verkoopprijs (incl. BTW) | R8: Inkoopprijs (excl. BTW) | S8: Artikeltype | T8: Processor | U8: Proc. bank nr. | V8: Grafische kaart | W8: Release datum (dd.mm.yyyy) | X8: Bruto gewicht in kg (incl. consumentenverpakking) | Y8: Netto gewicht in kg (excl. consumentenverpakking) | Z8: Gewichtseenheid | AA8: Lengte in cm (incl. consumentenverpakking) | AB8: Breedte in cm (incl. consumentenverpakking) | AC8: Hoogte in cm (incl. consumentenverpakking) | AD8: Meeteenheid | AE8: Gevaarlijke stoffen (MSDS documenten toevoegen - verplicht bij JA)
D9: =IFERROR(INDEX(Artikelgr_data6[Artikelgroep],MATCH(Formulier[[#This Row],[Art. grp. nr.]],Artikelgr_data6[Art.grp.nr.],0))," <-- kies artikelgroep nummer") -> <-- kies artikelgroep nummer | H9: =IFERROR(INDEX(Producent_data[Prod. nr.],MATCH(Formulier[[#This Row],[Producent]],Producent_data[Producent],0)),"<-- kies producent") -> <-- kies producent | J9: =LEN(Formulier[[#This Row],[Omschrijving (type/kleur) (max. 35 karakters)]]) -> 0 | L9: =LEN(Formulier[[#This Row],[Referentienr. producent (max. 20 karakters) ]]) -> 0 | N9: =LEN(Formulier[[#This Row],[Bestelnr. leverancier (max. 20 karakters) ]]) -> 0 | S9: =IF(COUNTIF(Artikeltype_data[Art.grp.nr.],Formulier[[#This Row],[Art. grp. nr.]])=1,23,"") | U9: =IFERROR(INDEX(Processor_data[bank nr.],MATCH(Formulier[[#This Row],[Processor]],Processor_data[Processor],0)),"") | Z9: ="kg" -> kg | AD9: ="cm" -> cm
B10: 8806096626924 | C10: 711 | D10: =IFERROR(INDEX(Artikelgr_data6[Artikelgroep],MATCH(Formulier[[#This Row],[Art. grp. nr.]],Artikelgr_data6[Art.grp.nr.],0))," <-- kies artikelgroep nummer") -> KOEL-VRIESCOMBI NOFROST | E10: LG | F10: 1 | G10: LG | H10: =IFERROR(INDEX(Producent_data[Prod. nr.],MATCH(Formulier[[#This Row],[Producent]],Producent_data[Producent],0)),"<-- kies producent") -> 616 | I10: Zwart | J10: =LEN(Formulier[[#This Row],[Omschrijving (type/kleur) (max. 35 karakters)]]) -> 5 | L10: =LEN(Formulier[[#This Row],[Referentienr. producent (max. 20 karakters) ]]) -> 0 | N10: =LEN(Formulier[[#This Row],[Bestelnr. leverancier (max. 20 karakters) ]]) -> 0 | Q10: 699 | R10: 495 | S10: =IF(COUNTIF(Artikeltype_data[Art.grp.nr.],Formulier[[#This Row],[Art. grp. nr.]])=1,23,"") | U10: =IFERROR(INDEX(Processor_data[bank nr.],MATCH(Formulier[[#This Row],[Processor]],Processor_data[Processor],0)),"") | X10: 80 | Y10: 72 | Z10: ="kg" -> kg | AA10: 2104 | AB10: 645 | AC10: 741 | AD10: ="cm" -> cm | AE10: Nee
D11: =IFERROR(INDEX(Artikelgr_data6[Artikelgroep],MATCH(Formulier[[#This Row],[Art. grp. nr.]],Artikelgr_data6[Art.grp.nr.],0))," <-- kies artikelgroep nummer") -> <-- kies artikelgroep nummer | H11: =IFERROR(INDEX(Producent_data[Prod. nr.],MATCH(Formulier[[#This Row],[Producent]],Producent_data[Producent],0)),"<-- kies producent") -> <-- kies producent | J11: =LEN(Formulier[[#This Row],[Omschrijving (type/kleur) (max. 35 karakters)]]) -> 0 | L11: =LEN(Formulier[[#This Row],[Referentienr. producent (max. 20 karakters) ]]) -> 0 | N11: =LEN(Formulier[[#This Row],[Bestelnr. leverancier (max. 20 karakters) ]]) -> 0 | S11: =IF(COUNTIF(Artikeltype_data[Art.grp.nr.],Formulier[[#This Row],[Art. grp. nr.]])=1,23,"") | U11: =IFERROR(INDEX(Processor_data[bank nr.],MATCH(Formulier[[#This Row],[Processor]],Processor_data[Processor],0)),"") | Z11: ="kg" -> kg | AD11: ="cm" -> cm

Sheet Artikelgroep
A1: Art.grp.nr. | B1: Artikelgroep | C1: Afd.nr. | D1: Afdeling | E1: Bereik nr. | F1: Bereik | G1: Oude art.grp.nr. | H1: Oude artikelgroep | I1: Kategorie-Bez. | J1: Int.art.grp.nr. | K1: Internet artikelgroep | L1: Hfd.art.grp.nr. | M1: Hoofd artikelgroep
A2: 122 | B2: LCD TV T/M 27" | C2: 3 | D2: TELEVISIE | E2: 1 | F2: BRUINGOED | I2: MISCELLANEOUS | J2: 143 | K2: LCD-TV | L2: 3 | M2: LCD-TV
A3: 124 | B3: LCD TV 28-32" | C3: 3 | D3: TELEVISIE | E3: 1 | F3: BRUINGOED | I3: MISCELLANEOUS | J3: 143 | K3: LCD-TV | L3: 3 | M3: LCD-TV
A4: 125 | B4: LCD TV 33-43" | C4: 3 | D4: TELEVISIE | E4: 1 | F4: BRUINGOED | I4: MISCELLANEOUS | J4: 143 | K4: LCD-TV | L4: 3 | M4: LCD-TV
A5: 129 | B5: LCD TV COMBI | C5: 3 | D5: TELEVISIE | E5: 1 | F5: BRUINGOED | I5: MISCELLANEOUS | J5: 143 | K5: LCD-TV | L5: 3 | M5: LCD-TV
A6: 120 | B6: UHD-LCD TV T/M 43" | C6: 3 | D6: TELEVISIE | E6: 1 | F6: BRUINGOED | I6: MISCELLANEOUS | J6: 524 | K6: ACCESSOIRE | L6: 5 | M6: UHD-LCD TV
A7: 123 | B7: UHD-LCD TV 44-50" | C7: 3 | D7: TELEVISIE | E7: 1 | F7: BRUINGOED | I7: MISCELLANEOUS | J7: 143 | K7: LCD-TV | L7: 5 | M7: UHD-LCD TV
A8: 133 | B8: UHD-LCD TV 51-59" | C8: 3 | D8: TELEVISIE | E8: 1 | F8: BRUINGOED | I8: MISCELLANEOUS | J8: 143 | K8: LCD-TV | L8: 5 | M8: UHD-LCD TV
A9: 135 | B9: UHD-LCD TV 75" TO 79" | C9: 3 | D9: TELEVISIE | E9: 1 | F9: BRUINGOED | I9: MISCELLANEOUS | J9: 142 | K9: CRT TV | L9: 5 | M9: UHD-LCD TV
A10: 136 | B10: UHD-LCD TV 60-74" | C10: 3 | D10: TELEVISIE | E10: 1 | F10: BRUINGOED | I10: MISCELLANEOUS | J10: 524 | K10: ACCESSOIRE | L10: 5 | M10: UHD-LCD TV
A11: 4276 | B11: UHD-LCD TV BIGGER THAN 80" | C11: 3 | D11: TELEVISIE | E11: 1 | F11: BRUINGOED | I11: MISCELLANEOUS | J11: 663 | K11: OLED TV | L11: 5 | M11: UHD-LCD TV
A12: 195 | B12: TV BEAMER | C12: 3 | D12: TELEVISIE | E12: 1 | F12: BRUINGOED | I12: MISCELLANEOUS | J12: 145 | K12: TV BEAMER | L12: 7 | M12: TV BEAMER
A13: 131 | B13: OLED TV 51" - 59" | C13: 3 | D13: TELEVISIE | E13: 1 | F13: BRUINGOED | I13: MISCELLANEOUS | J13: 663 | K13: OLED TV | L13: 11 | M13: OLED
... A678: 4259 | B678: POWER STATION ACCESSORIES | C678: 47 | D678: E-MOBILITY | E678: 7 | F678: ALGEMEEN | I678: MISCELLANEOUS | J678: 522 | K678: STROOM | L678: 437 | M678: ENERGY MOBILITY
A679: 67 | B679: SERVICE | C679: 48 | D679: OTHERS | E679: 7 | F679: ALGEMEEN | I679: MISCELLANEOUS | L679: 181 | M679: OTHERS
A680: 201 | B680: FACTUURCONTROLE SPECIALE GEVALLEN | C680: 48 | D680: OTHERS | E680: 7 | F680: ALGEMEEN | I680: MISCELLANEOUS | L680: 181 | M680: OTHERS
A681: 200 | B681: FACTUURCONTROLE | C681: 92 | D681: INNOVATIONS | E681: 7 | F681: ALGEMEEN | I681: MISCELLANEOUS | L681: 194 | M681: WKZ
A682: 10 | B682: FOOD | C682: 92 | D682: INNOVATIONS | E682: 7 | F682: ALGEMEEN | I682: MISCELLANEOUS | J682: 87 | K682: NINTENDO WII | L682: 200 | M682: FOOD & BEVERAGES
A683: 4138 | B683: ICE CREAM | C683: 92 | D683: INNOVATIONS | E683: 7 | F683: ALGEMEEN | I683: MISCELLANEOUS | J683: 524 | K683: ACCESSOIRE | L683: 200 | M683: FOOD & BEVERAGES
A684: 4260 | B684: BEVERAGES | C684: 92 | D684: INNOVATIONS | E684: 7 | F684: ALGEMEEN | I684: MISCELLANEOUS | J684: 372 | K684: KOFFIE | L684: 200 | M684: FOOD & BEVERAGES
A685: 905 | B685: CLOTHING, KIDS PRODUCTS | C685: 92 | D685: INNOVATIONS | E685: 7 | F685: ALGEMEEN | I685: MISCELLANEOUS | J685: 87 | K685: NINTENDO WII | L685: 250 | M685: ADDITIONAL ASSORTMENT
A686: 910 | B686: OTHER ADD. ASSORTMENT | C686: 92 | D686: INNOVATIONS | E686: 7 | F686: ALGEMEEN | I686: MISCELLANEOUS | J686: 87 | K686: NINTENDO WII | L686: 250 | M686: ADDITIONAL ASSORTMENT
A687: 925 | B687: SEASONAL PRODUCTS | C687: 92 | D687: INNOVATIONS | E687: 7 | F687: ALGEMEEN | I687: MISCELLANEOUS | J687: 87 | K687: NINTENDO WII | L687: 250 | M687: ADDITIONAL ASSORTMENT
A688: 912 | B688: HAND TOOLS (NON ELECTRIC) | C688: 92 | D688: INNOVATIONS | E688: 7 | F688: ALGEMEEN | I688: MISCELLANEOUS | J688: 365 | K688: KLEIN HUISHOUDELIJK OVERIG | L688: 252 | M688: TOOLS
A689: 916 | B689: OTHER TOOLS | C689: 92 | D689: INNOVATIONS | E689: 7 | F689: ALGEMEEN | I689: MISCELLANEOUS | J689: 365 | K689: KLEIN HUISHOUDELIJK OVERIG | L689: 252 | M689: TOOLS
A690: 924 | B690: TOOLS ACCESSORIES | C690: 92 | D690: INNOVATIONS | E690: 7 | F690: ALGEMEEN | I690: MISCELLANEOUS | J690: 365 | K690: KLEIN HUISHOUDELIJK OVERIG | L690: 252 | M690: TOOLS
A691: 872 | B691: CRM / ITALIEN BUONI FIDELITY | C691: 92 | D691: INNOVATIONS | E691: 7 | F691: ALGEMEEN | I691: MISCELLANEOUS | J691: 87 | K691: NINTENDO WII | L691: 321 | M691: CRM / ITALY FIDELITY VOUCHERS
A692: 875 | B692: ITALY MATERIALE DI CONSUMO | C692: 92 | D692: INNOVATIONS | E692: 7 | F692: ALGEMEEN | I692: MISCELLANEOUS | J692: 87 | K692: NINTENDO WII | L692: 324 | M692: TASSEN
A693: 37 | B693: DEMO GOEDEREN INNOVATIONS | C693: 92 | D693: INNOVATIONS | E693: 7 | F693: ALGEMEEN | I693: MISCELLANEOUS | J693: 87 | K693: NINTENDO WII | L693: 383 | M693: DEMO GOEDEREN INNOVATIONS
... A701: 8398 | B701: TICKETS | C701: 25 | D701: SOFTWARE (UE) | E701: 8 | F701: CONSOLE + SOFTWARE (UE) | I701: MISCELLANEOUS | J701: 623 | K701: BOEKEN | L701: 168 | M701: TICKETS
A702: 4297 | B702: NINTENDO SWITCH 2 (UE) | C702: 25 | D702: SOFTWARE (UE) | E702: 8 | F702: CONSOLE + SOFTWARE (UE) | G702: 4297 | H702: NINTENDO SWITCH 2 | I702: MISCELLANEOUS | J702: 524 | K702: ACCESSOIRE | L702: 170 | M702: CONSOLE SOFTWARE (UE)
A703: 8121 | B703: SONY PS 4 (UE) | C703: 25 | D703: SOFTWARE (UE) | E703: 8 | F703: CONSOLE + SOFTWARE (UE) | G703: 8121 | H703: SONY PLAYSTATION 4 (UE) | I703: MISCELLANEOUS | J703: 680 | K703: SONY PLAYSTATION 4 | L703: 170 | M703: CONSOLE SOFTWARE (UE)
A704: 8122 | B704: MICROSOFT XBOX ONE (UE) | C704: 25 | D704: SOFTWARE (UE) | E704: 8 | F704: CONSOLE + SOFTWARE (UE) | G704: 8122 | H704: MICROSOFT XBOX 720 (UE) | I704: MISCELLANEOUS | J704: 86 | K704: MICROSOFT XBOX ONE | L704: 170 | M704: CONSOLE SOFTWARE (UE)
A705: 8123 | B705: XXX NINTENDO SWITCH | C705: 25 | D705: SOFTWARE (UE) | E705: 8 | F705: CONSOLE + SOFTWARE (UE) | G705: 8123 | H705: NINTENDO SWITCH | I705: MISCELLANEOUS | J705: 87 | K705: NINTENDO WII | L705: 170 | M705: CONSOLE SOFTWARE (UE)
A706: 8124 | B706: SONY PLAYSTATION 5 (UE) | C706: 25 | D706: SOFTWARE (UE) | E706: 8 | F706: CONSOLE + SOFTWARE (UE) | I706: MISCELLANEOUS | J706: 198 | K706: SONY PLAYSTATION | L706: 170 | M706: CONSOLE SOFTWARE (UE)
A707: 8125 | B707: XBOX SERIES (UE) | C707: 25 | D707: SOFTWARE (UE) | E707: 8 | F707: CONSOLE + SOFTWARE (UE) | I707: MISCELLANEOUS | J707: 203 | K707: MS XBOX | L707: 170 | M707: CONSOLE SOFTWARE (UE)
A708: 8199 | B708: OVERIG VIDEO GAMES (UE) | C708: 25 | D708: SOFTWARE (UE) | E708: 8 | F708: CONSOLE + SOFTWARE (UE) | I708: MISCELLANEOUS | J708: 96 | K708: SPELCONSOLE | L708: 170 | M708: CONSOLE SOFTWARE (UE)
A709: 8320 | B709: PC MULTIMEDIA (UE) | C709: 25 | D709: SOFTWARE (UE) | E709: 8 | F709: CONSOLE + SOFTWARE (UE) | I709: MISCELLANEOUS | J709: 7 | K709: PC DESKTOP | L709: 173 | M709: PC SOFTWARE (UE)
A710: 8370 | B710: ZZ (NIET GEBRUIKEN) GAMING & SOFTWARE CA | C710: 25 | D710: SOFTWARE (UE) | E710: 8 | F710: CONSOLE + SOFTWARE (UE) | G710: 8370 | H710: GAME CARDS PREPAID (UE) | I710: MISCELLANEOUS | J710: 205 | K710: DIVERSE | L710: 175 | M710: GAMING&SOFTW.CARDS PREPAID (UE)
A711: 1350 | B711: APPLE CARDS | C711: 51 | D711: ENTERTAINMENT CARDS | E711: 8 | F711: CONSOLE + SOFTWARE (UE) | I711: MISCELLANEOUS | J711: 623 | K711: BOEKEN | L711: 210 | M711: MUSIC CARDS
A712: 1352 | B712: OTHER MUSIC CARDS | C712: 51 | D712: ENTERTAINMENT CARDS | E712: 8 | F712: CONSOLE + SOFTWARE (UE) | I712: MISCELLANEOUS | J712: 623 | K712: BOEKEN | L712: 210 | M712: MUSIC CARDS
A713: 571 | B713: PREPAID START CARD DVB-T | C713: 51 | D713: ENTERTAINMENT CARDS | E713: 8 | F713: CONSOLE + SOFTWARE (UE) | I713: MISCELLANEOUS | J713: 649 | K713: CASH CARD SAT | L713: 211 | M713: VIDEO CARDS
A714: 572 | B714: CASH CARD DVB-T | C714: 51 | D714: ENTERTAINMENT CARDS | E714: 8 | F714: CONSOLE + SOFTWARE (UE) | I714: MISCELLANEOUS | J714: 646 | K714: CASH CARD DVB-T | L714: 211 | M714: VIDEO CARDS
A715: 1356 | B715: OTHER VIDEO CARDS | C715: 51 | D715: ENTERTAINMENT CARDS | E715: 8 | F715: CONSOLE + SOFTWARE (UE) | I715: MISCELLANEOUS | J715: 623 | K715: BOEKEN | L715: 211 | M715: VIDEO CARDS
A716: 1357 | B716: NETFLIX VIDEO CARDS | C716: 51 | D716: ENTERTAINMENT CARDS | E716: 8 | F716: CONSOLE + SOFTWARE (UE) | I716: MISCELLANEOUS | J716: 90 | K716: SONY PS1 | L716: 211 | M716: VIDEO CARDS
A717: 1359 | B717: EA GAMING CARDS | C717: 51 | D717: ENTERTAINMENT CARDS | E717: 8 | F717: CONSOLE + SOFTWARE (UE) | I717: MISCELLANEOUS | J717: 213 | K717: OBJECTIEF | L717: 212 | M717: GAMING CARDS
A718: 1360 | B718: SONY CARDS | C718: 51 | D718: ENTERTAINMENT CARDS | E718: 8 | F718: CONSOLE + SOFTWARE (UE) | I718: MISCELLANEOUS | J718: 623 | K718: BOEKEN | L718: 212 | M718: GAMING CARDS
A719: 1361 | B719: MICROSOFT GAMING CARDS | C719: 51 | D719: ENTERTAINMENT CARDS | E719: 8 | F719: CONSOLE + SOFTWARE (UE) | I719: MISCELLANEOUS | J719: 623 | K719: BOEKEN | L719: 212 | M719: GAMING CARDS
A720: 1362 | B720: NINTENDO GAMING CARDS | C720: 51 | D720: ENTERTAINMENT CARDS | E720: 8 | F720: CONSOLE + SOFTWARE (UE) | I720: MISCELLANEOUS | J720: 623 | K720: BOEKEN | L720: 212 | M720: GAMING CARDS
A721: 1364 | B721: OTHER GAMING CARDS | C721: 51 | D721: ENTERTAINMENT CARDS | E721: 8 | F721: CONSOLE + SOFTWARE (UE) | I721: MISCELLANEOUS | J721: 623 | K721: BOEKEN | L721: 212 | M721: GAMING CARDS
A722: 1369 | B722: STEAM GAMING CARDS | C722: 51 | D722: ENTERTAINMENT CARDS | E722: 8 | F722: CONSOLE + SOFTWARE (UE) | I722: MISCELLANEOUS | J722: 665 | K722: GAMES PREPAID CARDS | L722: 212 | M722: GAMING CARDS
... A748: 3224 | B748: XBOX SERIES | C748: 53 | D748: CONSOLES HARDWARE | E748: 8 | F748: CONSOLE + SOFTWARE (UE) | I748: MISCELLANEOUS | J748: 94 | K748: MICROSOFT XBOX | L748: 156 | M748: CONSOLES HARDWARE MICROSOFT
A749: 3261 | B749: NINTENDO SWITCH (CONSOLE) | C749: 53 | D749: CONSOLES HARDWARE | E749: 8 | F749: CONSOLE + SOFTWARE (UE) | G749: 3261 | H749: NINTENDO SWITCH | I749: MISCELLANEOUS | J749: 87 | K749: NINTENDO WII | L749: 157 | M749: CONSOLES HARDWARE NINTENDO
A750: 4287 | B750: NINTENDO SWITCH 2 (CONSOLE) | C750: 53 | D750: CONSOLES HARDWARE | E750: 8 | F750: CONSOLE + SOFTWARE (UE) | I750: MISCELLANEOUS | J750: 96 | K750: SPELCONSOLE | L750: 157 | M750: CONSOLES HARDWARE NINTENDO
A751: 3235 | B751: OVERIGE CONSOLES | C751: 53 | D751: CONSOLES HARDWARE | E751: 8 | F751: CONSOLE + SOFTWARE (UE) | I751: MISCELLANEOUS | J751: 96 | K751: SPELCONSOLE | L751: 158 | M751: CONSOLES HARDWARE OVERIG
A752: 3270 | B752: VIRTUAL REALITY GAMING GLASSES | C752: 53 | D752: CONSOLES HARDWARE | E752: 8 | F752: CONSOLE + SOFTWARE (UE) | I752: MISCELLANEOUS | J752: 95 | K752: MICROSOFT XBOX 360 | L752: 158 | M752: CONSOLES HARDWARE OVERIG
A753: 4282 | B753: HANDHELD PC CONSOLE | C753: 53 | D753: CONSOLES HARDWARE | E753: 8 | F753: CONSOLE + SOFTWARE (UE) | I753: MISCELLANEOUS | J753: 96 | K753: SPELCONSOLE | L753: 158 | M753: CONSOLES HARDWARE OVERIG
A754: 4299 | B754: DISPLAY EXTENSION GLASSES | C754: 53 | D754: CONSOLES HARDWARE | E754: 8 | F754: CONSOLE + SOFTWARE (UE) | I754: MISCELLANEOUS | J754: 524 | K754: ACCESSOIRE | L754: 158 | M754: CONSOLES HARDWARE OVERIG
A755: 24 | B755: DEMO GOEDEREN CONSOLE HARDWARE | C755: 53 | D755: CONSOLES HARDWARE | E755: 8 | F755: CONSOLE + SOFTWARE (UE) | I755: MISCELLANEOUS | J755: 702 | K755: ZZ (NIET GEBRUIKEN) DEMO CONSOLE HARDWARE | L755: 377 | M755: DEMO GOEDEREN CONSOLE HARDWARE
A756: 3137 | B756: SMART TOYS | C756: 55 | D756: CONSOLES ACCESSOIRES | E756: 8 | F756: CONSOLE + SOFTWARE (UE) | I756: MISCELLANEOUS | J756: 110 | K756: OVERIGE CONSOLES ACCESSOIRE | L756: 137 | M756: CONSOLES SMART TOYS
A757: 3113 | B757: PS 5 OTHERS | C757: 55 | D757: CONSOLES ACCESSOIRES | E757: 8 | F757: CONSOLE + SOFTWARE (UE) | I757: MISCELLANEOUS | J757: 107 | K757: SONY PLAYSTATION ACCESSOIRE | L757: 163 | M757: CONSOLES ACCESSOIRES SONY
A758: 3114 | B758: PS 5 CONTROLER | C758: 55 | D758: CONSOLES ACCESSOIRES | E758: 8 | F758: CONSOLE + SOFTWARE (UE) | I758: MISCELLANEOUS | J758: 107 | K758: SONY PLAYSTATION ACCESSOIRE | L758: 163 | M758: CONSOLES ACCESSOIRES SONY
A759: 3116 | B759: PS 5 CONTROLER ACCESSORIES | C759: 55 | D759: CONSOLES ACCESSOIRES | E759: 8 | F759: CONSOLE + SOFTWARE (UE) | I759: MISCELLANEOUS | J759: 107 | K759: SONY PLAYSTATION ACCESSOIRE | L759: 163 | M759: CONSOLES ACCESSOIRES SONY
A760: 3117 | B760: PS 5 HEADSETS | C760: 55 | D760: CONSOLES ACCESSOIRES | E760: 8 | F760: CONSOLE + SOFTWARE (UE) | I760: MISCELLANEOUS | J760: 107 | K760: SONY PLAYSTATION ACCESSOIRE | L760: 163 | M760: CONSOLES ACCESSOIRES SONY
A761: 3118 | B761: PS 5 CABLE & ADAPTERS | C761: 55 | D761: CONSOLES ACCESSOIRES | E761: 8 | F761: CONSOLE + SOFTWARE (UE) | I761: MISCELLANEOUS | J761: 107 | K761: SONY PLAYSTATION ACCESSOIRE | L761: 163 | M761: CONSOLES ACCESSOIRES SONY
... A781: 3165 | B781: NINTENDO 3DS/2DS ACCESSOIRES | C781: 55 | D781: CONSOLES ACCESSOIRES | E781: 8 | F781: CONSOLE + SOFTWARE (UE) | I781: MISCELLANEOUS | J781: 98 | K781: NINTENDO DS/DSI/3DS ACCESSOIRE | L781: 165 | M781: CONSOLES ACCESSOIRES NINTENDO
A782: 3169 | B782: NINTENDO SWITCH OTHERS | C782: 55 | D782: CONSOLES ACCESSOIRES | E782: 8 | F782: CONSOLE + SOFTWARE (UE) | G782: 3169 | H782: SWITCH ACCESSORIES | I782: MISCELLANEOUS | J782: 87 | K782: NINTENDO WII | L782: 165 | M782: CONSOLES ACCESSOIRES NINTENDO
A783: 3176 | B783: NINTENDO SWITCH CONTROLLER | C783: 55 | D783: CONSOLES ACCESSOIRES | E783: 8 | F783: CONSOLE + SOFTWARE (UE) | I783: MISCELLANEOUS | J783: 87 | K783: NINTENDO WII | L783: 165 | M783: CONSOLES ACCESSOIRES NINTENDO
A784: 3177 | B784: NINTENDO SWITCH CONTROLLER ACC. | C784: 55 | D784: CONSOLES ACCESSOIRES | E784: 8 | F784: CONSOLE + SOFTWARE (UE) | I784: MISCELLANEOUS | J784: 87 | K784: NINTENDO WII | L784: 165 | M784: CONSOLES ACCESSOIRES NINTENDO
A785: 3178 | B785: NINTENDO SWITCH HEADSETS | C785: 55 | D785: CONSOLES ACCESSOIRES | E785: 8 | F785: CONSOLE + SOFTWARE (UE) | I785: MISCELLANEOUS | J785: 87 | K785: NINTENDO WII | L785: 165 | M785: CONSOLES ACCESSOIRES NINTENDO
A786: 3179 | B786: NINTENDO SWITCH CABLE & ADAPTERS | C786: 55 | D786: CONSOLES ACCESSOIRES | E786: 8 | F786: CONSOLE + SOFTWARE (UE) | I786: MISCELLANEOUS | J786: 87 | K786: NINTENDO WII | L786: 165 | M786: CONSOLES ACCESSOIRES NINTENDO
A787: 3180 | B787: NINTENDO SWITCH STORAGE & PROTECTI | C787: 55 | D787: CONSOLES ACCESSOIRES | E787: 8 | F787: CONSOLE + SOFTWARE (UE) | I787: MISCELLANEOUS | J787: 87 | K787: NINTENDO WII | L787: 165 | M787: CONSOLES ACCESSOIRES NINTENDO
A788: 4288 | B788: NINTENDO SWITCH 2 OTHERS | C788: 55 | D788: CONSOLES ACCESSOIRES | E788: 8 | F788: CONSOLE + SOFTWARE (UE) | I788: MISCELLANEOUS | J788: 96 | K788: SPELCONSOLE | L788: 165 | M788: CONSOLES ACCESSOIRES NINTENDO
A789: 4289 | B789: NINTENDO SWITCH 2 CONTROLLER | C789: 55 | D789: CONSOLES ACCESSOIRES | E789: 8 | F789: CONSOLE + SOFTWARE (UE) | I789: MISCELLANEOUS | J789: 96 | K789: SPELCONSOLE | L789: 165 | M789: CONSOLES ACCESSOIRES NINTENDO
A790: 4290 | B790: NINTENDO SWITCH 2 CONTROLLER ACC | C790: 55 | D790: CONSOLES ACCESSOIRES | E790: 8 | F790: CONSOLE + SOFTWARE (UE) | I790: MISCELLANEOUS | J790: 96 | K790: SPELCONSOLE | L790: 165 | M790: CONSOLES ACCESSOIRES NINTENDO
A791: 4291 | B791: NINTENDO SWITCH 2 HEADSETS | C791: 55 | D791: CONSOLES ACCESSOIRES | E791: 8 | F791: CONSOLE + SOFTWARE (UE) | I791: MISCELLANEOUS | J791: 96 | K791: SPELCONSOLE | L791: 165 | M791: CONSOLES ACCESSOIRES NINTENDO
A792: 4292 | B792: NINTENDO SWITCH 2 CABLE & ADAPTERS | C792: 55 | D792: CONSOLES ACCESSOIRES | E792: 8 | F792: CONSOLE + SOFTWARE (UE) | I792: MISCELLANEOUS | J792: 96 | K792: SPELCONSOLE | L792: 165 | M792: CONSOLES ACCESSOIRES NINTENDO
A793: 4293 | B793: NINTENDO SWITCH 2 STORAGE & PROTECTION | C793: 55 | D793: CONSOLES ACCESSOIRES | E793: 8 | F793: CONSOLE + SOFTWARE (UE) | I793: MISCELLANEOUS | J793: 96 | K793: SPELCONSOLE | L793: 165 | M793: CONSOLES ACCESSOIRES NINTENDO
A794: 3135 | B794: NIEUWE ARTIKELGROEP 3145 | C794: 55 | D794: CONSOLES ACCESSOIRES | E794: 8 | F794: CONSOLE + SOFTWARE (UE) | I794: MISCELLANEOUS | J794: 100 | K794: GAME CUBE ACCESSOIRE | L794: 166 | M794: CONSOLES ACCESSOIRES OVERIG
... A987: 7215 | B987: STREAMING SUBSCRIPTIONS | C987: 74 | D987: DIGITAL SUBSCRIPTION SERVICES | E987: 9 | F987: DIENSTEN EN OPLOSSINGEN | I987: MISCELLANEOUS | J987: 186 | K987: SECURITY SOFTWARE | L987: 744 | M987: STREAMING SUBSCRIPTIONS

Sheet Translate
A1: NL | B1: FR
A2: Besteklade | B2: Tiroir à couverts
A3: Bestekmand | B3: Panier à couverts
A4: Bestekmand & besteklade | B4: Panier et tiroir à couverts
A5: Katalytisch | B5: Catalytique
A6: Enkel katalytisch | B6: Partiellement catalytique
A7: Gemakkelijk te reinigen emaille | B7: Émail facile à nettoyer
A8: Hydrolytisch | B8: Hydrolitique
A9: Pyrolytisch + Hydrolytisch | B9: Pyrolytique + Hydrolytique
A10: Pyrolytisch | B10: Pyrolitique
A11: Eiland | B11: Ilôt
A12: Extern | B12: Externe
... A525: Zwitserland | B525: Suisse

Sheet Product_type
A1: PROD_FEAT_10990_Afzuigkappen | B1: PROD_FEAT_10990_Fornuizen | C1: PROD_FEAT_10990_Koelkast | D1: PROD_FEAT_10990_Kookplaten | E1: PROD_FEAT_10990_Magnetron | F1: PROD_FEAT_10990_Oven | G1: PROD_FEAT_10990_Wasdrogers | H1: PROD_FEAT_10990_Vaatwassers
A2: Afzuigkappen | B2: Fornuizen | C2: Koelkast | D2: Kookpaten | E2: Magnetron | F2: Oven | G2: Wasdrogers | H2: Vaatwassers
A3: Afzuigsysteem van bovenaf | B3: Fornuis | C3: Koelkast | D3: Kookplaat | E3: Combimagnetron | F3: Oven | G3: Afvoerdroger | H3: Vaatwasser
A4: Afzuigsysteem in aanrechtblad | C4: Koel-vriescombinatie | E4: Magnetron | G4: Condensdroger
E5: Magnetron met grill | G5: Warmtepompdroger

Sheet LOV
C1: =VLOOKUP(C2,PROD_FEAT,4,FALSE) -> List Of Values | D1: =VLOOKUP(D2,PROD_FEAT,4,FALSE) -> List Of Values | E1: =VLOOKUP(E2,PROD_FEAT,4,FALSE) -> List Of Values | F1: =VLOOKUP(F2,PROD_FEAT,4,FALSE) -> List Of Values | G1: =VLOOKUP(G2,PROD_FEAT,4,FALSE) -> List Of Values | H1: =VLOOKUP(H2,PROD_FEAT,4,FALSE) -> List Of Values | I1: =VLOOKUP(I2,PROD_FEAT,4,FALSE) -> List Of Values | J1: =VLOOKUP(J2,PROD_FEAT,4,FALSE) -> List Of Values | ... BR1: =VLOOKUP(BR2,PROD_FEAT,4,FALSE) -> List Of Values
A2: Boolean | B2: Numbers | C2: PROD_FEAT_00003 | D2: PROD_FEAT_16962 | E2: PROD_FEAT_16943 | F2: PROD_FEAT_10714 | G2: PROD_FEAT_12253 | H2: PROD_FEAT_12438 | I2: PROD_FEAT_14451 | J2: PROD_FEAT_14554 | K2: PROD_FEAT_91100 | L2: PROD_FEAT_15742 | M2: PROD_FEAT_16743 | N2: PROD_FEAT_10401_koelkast | O2: PROD_FEAT_13960 | P2: PROD_FEAT_13482 | Q2: PROD_FEAT_10982 | R2: PROD_FEAT_14510 | S2: PROD_FEAT_12120 | T2: PROD_FEAT_14384 | U2: PROD_FEAT_91160 | V2: PROD_FEAT_13470 | W2: PROD_FEAT_11968 | X2: PROD_FEAT_11779 | Y2: PROD_FEAT_16207 | Z2: PROD_FEAT_10401_vriezers | AA2: PROD_FEAT_16914 | AB2: PROD_FEAT_16744 | AC2: PROD_FEAT_16617 | AD2: PROD_FEAT_10401_vaatwasser | AE2: PROD_FEAT_10519 | AF2: PROD_FEAT_91250 | AG2: PROD_FEAT_13709 | AH2: PROD_FEAT_16887 | AI2: PROD_FEAT_13839 | AJ2: PROD_FEAT_10990_Was-droogcombinatie | AK2: PROD_FEAT_16520 | AL2: PROD_FEAT_11367 | AM2: PROD_FEAT_13800 | AN2: PROD_FEAT_10770 | AO2: PROD_FEAT_18135 | AP2: PROD_FEAT_10068 | AQ2: PROD_FEAT_13559 | AR2: PROD_FEAT_91013 | AS2: PROD_FEAT_91014 | AT2: PROD_FEAT_91012 | AU2: PROD_FEAT_10961 | AV2: PROD_FEAT_16630 | AW2: PROD_FEAT_16497 | AX2: PROD_FEAT_14595 | AY2: PROD_FEAT_14594 | AZ2: PROD_FEAT_14330 | BA2: PROD_FEAT_14553 | BB2: PROD_FEAT_91158 | BC2: PROD_FEAT_14396 | BD2: PROD_FEAT_91141 | BE2: PROD_FEAT_91140 | BF2: PROD_FEAT_91133 | BG2: PROD_FEAT_91127 | BH2: PROD_FEAT_90095 | BI2: PROD_FEAT_12194 | BJ2: ATTR_PROD_MANU_OverrideContactDetails | BK2: ATTR_PROD_MANU_EuEstablished | BL2: ATTR_PROD_MANU_AddressCountry | BM2: PROD_FEAT_91335 | BN2: PROD_FEAT_91336 | BO2: PROD_FEAT_91337 | BP2: PROD_FEAT_91338 | BQ2: PROD_FEAT_91339 | BR2: PROD_FEAT_91341
C3: =VLOOKUP(C2,PROD_FEAT,2,FALSE) -> Kleur (basis) | D3: =VLOOKUP(D2,PROD_FEAT,2,FALSE) -> Fabrikant technologie | E3: =VLOOKUP(E2,PROD_FEAT,2,FALSE) -> AI-functies | F3: =VLOOKUP(F2,PROD_FEAT,2,FALSE) -> Installatietype | G3: =VLOOKUP(G2,PROD_FEAT,2,FALSE) -> Deurstopper | H3: =VLOOKUP(H2,PROD_FEAT,2,FALSE) -> Signaal temperatuurwijziging | I3: =VLOOKUP(I2,PROD_FEAT,2,FALSE) -> Verstelbare poten | J3: =VLOOKUP(J2,PROD_FEAT,2,FALSE) -> Temperatuurweergave koelvak | ... BR3: =VLOOKUP(BR2,PROD_FEAT,2,FALSE) -> Condensatie-efficiëntieklasse (EU 2017/1369)
A4: Ja | B4: 0 | C4: Beige | D4: Miele AutoDos met PowerDisk | E4: Automatische contentcreatie | F4: Inbouw | G4: Aan te passen door technicus | H4: Geen signaal | I4: Ja | J4: Analoog | K4: - | L4: Ja | M4: Ja | N4: Amerikaanse koelkast | O4: Absorptie | P4: Boven | Q4: 0 | R4: Deur-op-deur | S4: Elektronisch | T4: Display | U4: Gematigd | V4: Inbouw | W4: Hydrolytisch | X4: Hetelucht | Y4: 2 jaar | Z4: Vrieskast | AA4: AI Ready | AB4: 1 jaar | AC4: 2020 | AD4: Half geïntegreerd | AE4: Besteklade | AF4: 1 | AG4: Conventioneel | AH4: Scherm | AI4: Bovenlader | AJ4: Was-droogcombinatie | AK4: Dampkap | AL4: Elektrisch | AM4: 1-fase (normale stekker) | AN4: - | AO4: A tot G | AP4: Luchtafvoer | AQ4: Fluorescerend | AR4: - | AS4: - | AT4: - | AU4: 1 | AV4: Gas | AW4: Floatglas | AX4: Één hand | AY4: Elektronisch | AZ4: Aluminium | BA4: Analoog | BB4: - | BC4: Glas | BD4: - | BE4: - | BF4: - | BG4: - | BH4: - | BI4: Analoog | BJ4: false | BK4: false | BL4: Afghanistan | BM4: - | BN4: - | BO4: - | BP4: 1 ATM | BQ4: - | BR4: -
A5: Nee | B5: 1 | C5: Blauw | D5: Miele Automatisch Comfort-oprolsnoersysteem | E5: Automatische tekstsuggestie | F5: Vrijstaand | G5: Beneden | H5: Hoorbaar | I5: Ja - enkel achteraan | J5: Digitaal | K5: A | L5: Ja, speciaal accessoire vereist, niet bij de levering inbegrepen | M5: Nee | N5: Koelkast met vriesvak | O5: Compressor | P5: Onder | Q5: 1 | R5: Sleepdeur | S5: Mechanisch | T5: Tiptoetsen | U5: Subtropisch | V5: Ingebouwd inclusief het frame | W5: Ja | X5: Boven- en onderwarmte | Z5: Vrieskist | AA5: Basic AI | AB5: 2 jaar | AC5: 2021 | AD5: Hoog (86,5 cm of hoger) | AE5: Bestekmand | AF5: 2 | AG5: Zeoliet | AH5: Projectie op de vloer (gekleurd lampje) | AI5: Voorlader | AK5: Eilanddampkap | AL5: Gas | AM5: 2-fasen (Perilex) | AN5: A | AO5: A+ tot F | AP5: Luchtafvoer/Recirculatie | AQ5: Halogeen | AR5: A | AS5: A | AT5: A | AU5: 2 | AV5: Gas / Houtskool | AW5: Geëmailleerd | AX5: Elektrisch | AY5: Ja | AZ5: Geen | BA5: Digitaal | BB5: A | BC5: Kunststof | BD5: A | BE5: A | BF5: A | BG5: A | BH5: A | BI5: Digitaal | BJ5: true | BK5: true | BL5: Åland Eilanden | BM5: A | BN5: A | BO5: ≥ 500 | BP5: 3 ATM | BQ5: A | BR5: A
B6: 2 | C6: Bruin | D6: Miele Automatisch koken menu | E6: Batterijbeheer | G6: Boven | H6: Ja | I6: Ja - enkel voorin | J6: Ja | K6: B | L6: Nee | M6: Onbekend | N6: Koelkast zonder vriesvak | O6: Inverter | Q6: 2 | S6: Mechanisch + Elektronisch | T6: Tiptoetsen + display | U6: Tropisch | V6: Vrijstaand | W6: Nee | X6: Grill | Z6: Tafelmodel vriezer | AA6: Full AI | AB6: 3 jaar | AC6: 2022 | AD6: Klein (45 cm hoog) | AE6: Bestekmand & besteklade | AF6: 3 | AH6: Projectie op de vloer (tijdsindicatie) | AK6: Hoofdvrije kap | AL6: Inductie | AM6: 3-fasen (Perilex) | AN6: A -60% | AO6: A++ tot E | AP6: Ombouwbaar naar evacuatie/convectie (ombouwapparatuur meegeleverd) | AQ6: Lampen | AR6: A+ | AS6: A+ | AT6: A+ | AU6: 3 | AV6: Inductie | AW6: Gietijzer | AX6: Inductie | AY6: Mechanisch | AZ6: Glas | BA6: Ja | BB6: B | BC6: Plexiglas | BD6: B | BE6: B | BF6: B | BG6: B | BH6: A -60% | BI6: Ja | BL6: Albanië | BM6: B | BN6: B | BO6: ≥ 600 | BP6: 5 ATM | BQ6: B | BR6: B
B7: 3 | C7: Geel | D7: Miele Besteklade 3D-MultiFlex | E7: Biometrisch | G7: Links, instelbaar | H7: Nee | I7: Ja - voor en achter | J7: Nee | K7: C | N7: Koel-vriescombinatie | Q7: 3 | U7: Uitgebreid gematigd | V7: Vrijstaand met mogelijkheid tot inbouw met onderstel | W7: Pyrolytisch + Hydrolytisch | X7: Pizzastand | Z7: Mini-vriezer | AA7: Geen | AB7: 4 jaar | AC7: 2023 | AD7: Onderbouw | AE7: Nee | AF7: 4 | AH7: Zijprojectie, verlicht punt | AK7: Muur bevestigde kap | AL7: Keramisch | AN7: A -50% | AO7: A+++ tot D | AP7: Ombouwbaar naar evacuatie/convectie (ombouwapparatuur niet meegeleverd) | AQ7: Ledverlichting | AR7: A++ | AS7: A++ | AT7: A++ | AU7: 4 | AV7: Netvoeding | AW7: Keramiek | AX7: Ja | AY7: Nee | AZ7: Hittebestendige kunststof | BA7: Nee | BB7: C | BD7: C | BE7: C | BF7: C | BG7: C | BH7: A -50% | BI7: Nee | BL7: Algerije | BM7: C | BN7: C | BO7: ≥ 700 | BP7: 10 ATM | BQ7: C | BR7: C
B8: 4 | C8: Goud | D8: Miele CleanCover-afzuigunit | E8: Gebarenherkenning | G8: Links | H8: Zichtbaar | I8: Nee | K8: D | N8: Mini-koelkast | Q8: 4 | V8: Vrijstaand met mogelijk onderstel | W8: Pyrolytisch | X8: Crispfunctie | AB8: 5 jaar | AC8: 2024 | AD8: Smal (45 cm breed) | AF8: 5 | AK8: Plafond bevestigde kap | AN8: A -40% | AP8: Convectie | AQ8: Spaarlampen | AR8: A+++ | AS8: A+++ | AT8: A+++ | AU8: 5 | AV8: Gas / Netvoeding | AW8: Metaal | AX8: Mechanisch | AY8: Niet instelbaar | AZ8: Hout | BB8: D | BD8: D | BE8: D | BF8: D | BG8: D | BH8: A -40% | BL8: Amerikaans-Samoa | BM8: D | BN8: D | BO8: ≥ 800 | BP8: IP X1 | BQ8: D | BR8: D
B9: 5 | C9: Grijs | D9: Miele Click2open | E9: Geen | G9: Links en rechts | H9: Zichtbaar/Hoorbaar | K9: E | N9: Tafelmodel koelkast met vriesvak | V9: Vrijstaand met ingebouwde optie | X9: Hotblast | AB9: 6 jaar | AC9: 2025 | AD9: Standaard (60 cm breed) | AF9: 6 | AK9: Standaard dampkap | AN9: A -30% | AR9: B | AS9: B | AT9: B | AU9: 6 | AW9: Roestvrij staal | AX9: Nee | AZ9: Plaatmetaal | BB9: E | BD9: E | BE9: E | BF9: E | BG9: E | BH9: A -30% | BL9: Amerikaanse Maagdeneilanden | BM9: E | BN9: E | BO9: ≥ 900 | BP9: IP X2
B10: 6 | C10: Groen | D10: Miele CoffeeSelect | E10: Geluidsverwerking | G10: Niet van toepassing | K10: F | N10: Tafelmodel koelkast zonder vriesvak | X10: Bovenwarmte | AB10: 7 jaar | AC10: 2026 | AD10: Volledig geïntegreerd | AF10: 7 | AK10: Tafeldampkap | AN10: A -20% | AR10: C | AS10: C | AT10: C | AU10: 7 | AW10: Schott Ceran® | AX10: Niet van toepassing | AZ10: Plastic | BB10: F | BD10: F | BE10: F | BF10: F | BG10: F | BH10: A -20% | BL10: Amerikaanse ondergeschikte afgelegen eilanden | BO10: ≥ 1000 | BP10: IP X4
B11: 7 | C11: Meerkleurig | D11: Miele ComfortClean | E11: Gezondheids- en welzijnstoezicht | G11: Rechts | K11: G | X11: Onderwarmte | AB11: 8 jaar | AC11: 2027 | AF11: 8 | AK11: Uitschuifkap | AN11: A -10% | AR11: D | AS11: D | AT11: D | AU11: 8 | AW11: Staal | AX11: Twee handen | AZ11: Roestvrij staal | BB11: G | BD11: G | BE11: G | BF11: G | BG11: G | BH11: A -10% | BL11: Andorra | BO11: ≥ 1100 | BP11: IP X5
B12: 8 | C12: Niet beschikbaar | D12: Miele Con@ctivity 3.0 | E12: Grafische, video- en beeldverbetering | G12: Rechts, instelbaar | X12: Magnetron | AB12: 9 jaar | AF12: 9 | AK12: Zuig module | AN12: A+ | AR12: E | AS12: E | AT12: E | AU12: 9 | AW12: Vitrokeramiek | BH12: A+ | BL12: Angola | BO12: ≥ 1200 | BP12: IP20
B13: 9 | C13: Oranje | D13: Miele CupSensor | E13: HDR (High Dynamic Range)-verbetering | G13: Verwisselbaar | X13: Stoom | AB13: 10 jaar | AF13: 10 | AN13: A+ -60% | AR13: F | AS13: F | AT13: F | AU13: 10 | BH13: A+ -60% | BL13: Anguilla | BO13: ≥ 1300 | BP13: IP21
B14: 10 | C14: Paars | D14: Miele DryCare 40 | E14: Interactieve sfeerverlichting | X14: of combinatie | AF14: 11 | AN14: A+ -50% | AR14: G | AS14: G | AT14: G | AU14: Traploos regelbaar | BH14: A+ -50% | BL14: Antarctica | BO14: ≥ 1400 | BP14: IP22
C15: Rood | D15: Miele DualSteam | E15: Koelsysteembeheer | AF15: 12 | AN15: A+ -40% | BH15: A+ -40% | BL15: Antigua en Barbuda | BO15: ≥ 1500 | BP15: IP23
C16: Roze | D16: Miele DynaCool | E16: Leervermogen | AF16: 13 | AN16: A+ -30% | BH16: A+ -30% | BL16: Arabische Republiek Syrië | BO16: ≥ 1600 | BP16: IP24
C17: Transparant | D17: Miele DynamicDrive-zwenkwielen | E17: Prestatieoptimalisatie | AF17: 14 | AN17: A+ -20% | BH17: A+ -20% | BL17: Argentinië | BO17: ≥ 1700 | BP17: IP25
C18: Turquoise | D18: Miele EcoSpeed | E18: Processorversnelling | AF18: 15 | AN18: A+ -10% | BH18: A+ -10% | BL18: Armenië | BO18: ≥ 1800 | BP18: IP26
C19: Wit | D19: Miele FragranceDos | E19: Realtime vertaling | AF19: 16 | AN19: A++ | BH19: A++ | BL19: Aruba | BO19: ≥ 2000 | BP19: IP27
C20: Zilver | D20: Miele FragranceDos² | E20: Schaalvergroting | AF20: 17 | AN20: A++ -60% | BH20: A++ -60% | BL20: Australië | BP20: IP28
C21: Zwart | D21: Miele OneTouch / OneTouch for Two | E21: Spraakherkenning | AF21: 18 | AN21: A++ -50% | BH21: A++ -50% | BL21: Azerbeidzjan | BP21: IP29
D22: Miele Perfect droogresultaat/ PerfectDry | E22: Taal leren (NLP) | AF22: 19 | AN22: A++ -40% | BH22: A++ -40% | BL22: Bahama's | BP22: IP30
D23: Miele PerfectClean | E23: Toegevoegde realiteit (AR) | AF23: 20 | AN23: A++ -30% | BH23: A++ -30% | BL23: Bahrein | BP23: IP31
D24: Miele PerfectFresh | E24: Verbetering van de camera | AF24: 21 | AN24: A++ -20% | BH24: A++ -20% | BL24: Bangladesh | BP24: IP32
D25: Miele Popcorn-functie | E25: Virtuele assistent | AF25: 22 | AN25: A++ -10% | BH25: A++ -10% | BL25: Barbados | BP25: IP33
D26: Miele QuickPowerWash | AF26: 23 | AN26: A+++ | BH26: A+++ | BL26: België | BP26: IP34
D27: Miele Silence-pakket | AF27: 24 | AN27: A+++ -60% | BH27: A+++ -60% | BL27: Belize | BP27: IP35
D28: Miele Stop & Go | AF28: 25 | AN28: A+++ -50% | BH28: A+++ -50% | BL28: Benin | BP28: IP36
D29: Miele SuperFrost | AN29: A+++ -40% | BH29: A+++ -40% | BL29: Bermuda | BP29: IP37
D30: Miele TwinBooster | AN30: A+++ -30% | BH30: A+++ -30% | BL30: Bhutan | BP30: IP38
D31: Miele Twist2Open | AN31: A+++ -20% | BH31: A+++ -20% | BL31: Bolivia | BP31: IP39
D32: Miele VarioRoom | AN32: A+++ -10% | BH32: A+++ -10% | BL32: Bonaire | BP32: IP40
D33: Miele Vortex-technologie | AN33: B | BH33: B | BL33: Bosnië en Herzegovina | BP33: IP41
D34: Miele XXL Box | AN34: C | BH34: C | BL34: Botswana | BP34: IP42
D35: Miele@Home | AN35: D | BH35: D | BL35: Bouvet Eiland | BP35: IP43
AN36: E | BH36: E | BL36: Brazilië | BP36: IP44
AN37: F | BH37: F | BL37: Brits gebied in de Indische Oceaan | BP37: IP45
AN38: G | BH38: G | BL38: Brunei Darussalam | BP38: IP46
BL39: Bulgarije | BP39: IP47
BL40: Burkina Faso | BP40: IP48
BL41: Burundi | BP41: IP49
BL42: Cambodja | BP42: IP50
BL43: Canada | BP43: IP51
BL44: Cayman Eilanden | BP44: IP52
BL45: Centraal-Afrikaanse Republiek | BP45: IP53
BL46: Chili | BP46: IP54
BL47: China | BP47: IP55
BL48: Cocos Eilanden | BP48: IP56
BL49: Colombia | BP49: IP57
BL50: Comoren | BP50: IP58
... BL66: Eiland Man | BP66: IPX9
BL67: El Salvador
BL68: Equatoriaal-Guinea
BL69: Eritrea
BL70: Estland
BL71: Eswatini
BL72: Ethiopië
BL73: Faeröer Eilanden
BL74: Falkland Eilanden
BL75: Fiji
BL76: Filipijnen
BL77: Finland
BL78: Frankrijk
... BL252: Zwitserland

Sheet PROD_FEAT
A1: FEATURES_ID | B1: NL_NL+NL_BE | C1: FR | D1: FORMAT
A2: ATTR_PROD_CONFIDENTIAL_UNTIL | B2: Confidentieel tot | C2: Confidentiel jusqu'au | D2: ISO Date and Time
A3: ATTR_PROD_ENERGY_EPREL_ID | B3: EPREL ID | C3: EPREL ID | D3: Integer
A4: PROD_FEAT_00003 | B4: Kleur (basis) | C4: Couleur (Base) | D4: List Of Values
A5: PROD_FEAT_10002 | B5: 0°C koelzone voor langere houdbaarheid | C5: Zone fraîcheur 0°C pour une durée de conservation plus longue | D5: Ja/Nee
A6: PROD_FEAT_10068 | B6: Afvoersysteem | C6: Système d'évacuation | D6: List Of Values
A7: PROD_FEAT_10139 | B7: Aansluitvermogen | C7: Puissance de raccordement | D7: Numeric Text
A8: PROD_FEAT_10141 | B8: Anti-bacteriële deurrubbers | C8: Joint antibactérien | D8: Ja/Nee
A9: PROD_FEAT_10170 | B9: Aantal ovens | C9: Nombre de fours | D9: Numeric Text
A10: PROD_FEAT_10219 | B10: Aantal kookzones | C10: Nombre de zones de cuisson | D10: Text
A11: PROD_FEAT_10310 | B11: Ophanging afzuigkap | C11: Suspension de la hotte | D11: Text
A12: PROD_FEAT_10333 | B12: Ontdooifunctie | C12: Fonction de décongélation | D12: Ja/Nee
... A312: PROD_FEAT_91349 | B312: Condensatie-efficiëntie | C312: Efficacité de la condensation | D312: Number

Sheet Afzuigkappen_FR
A1: FET_FRA_1008 | H1: Additional information if required | I1: =VLOOKUP(I2,PROD_FEAT,4,FALSE) -> Text | J1: =VLOOKUP(J2,PROD_FEAT,4,FALSE) -> Text | K1: =VLOOKUP(K2,PROD_FEAT,4,FALSE) -> List Of Values | L1: =VLOOKUP(L2,PROD_FEAT,4,FALSE) -> Text | M1: =VLOOKUP(M2,PROD_FEAT,4,FALSE) -> List Of Values | N1: =VLOOKUP(N2,PROD_FEAT,4,FALSE) -> Text | O1: =VLOOKUP(O2,PROD_FEAT,4,FALSE) -> List Of Values | P1: =VLOOKUP(P2,PROD_FEAT,4,FALSE) -> Text | ... CL1: =VLOOKUP(CL2,PROD_FEAT,4,FALSE) -> Text
A2: Wetransfer link or Brand portal | B2: <ID> | C2: Product EAN Masterdata | E2: Product name | F2: ATTR_PROD_CustomerProductName | G2: ATTR_PROD_LongDesription | I2: PROD_FEAT_10990 | J2: PROD_FEAT_90068 | K2: PROD_FEAT_16520 | L2: PROD_FEAT_10812 | M2: PROD_FEAT_00003 | N2: PROD_FEAT_14384 | O2: PROD_FEAT_10068 | P2: PROD_FEAT_10845 | Q2: PROD_FEAT_15086 | R2: PROD_FEAT_13597 | S2: PROD_FEAT_13322 | T2: PROD_FEAT_13559 | U2: PROD_FEAT_14983 | V2: PROD_FEAT_91064 | W2: ATTR_PROD_ENERGY_EPREL_ID | X2: PROD_FEAT_18135 | Y2: PROD_FEAT_91013 | Z2: PROD_FEAT_91014 | AA2: PROD_FEAT_10770 | AB2: PROD_FEAT_91012 | AC2: PROD_FEAT_90057 | AD2: PROD_FEAT_16111 | AE2: PROD_FEAT_16110 | AF2: PROD_FEAT_16112 | AG2: PROD_FEAT_16333 | AH2: PROD_FEAT_14701 | AI2: PROD_FEAT_14700 | AJ2: PROD_FEAT_14702 | AK2: PROD_FEAT_14704 | AL2: PROD_FEAT_13416 | AM2: PROD_FEAT_10310 | AN2: PROD_FEAT_10705 | AO2: PROD_FEAT_10986 | AP2: PROD_FEAT_10449 | AQ2: PROD_FEAT_14435 | AR2: PROD_FEAT_10139 | AS2: PROD_FEAT_11470 | AT2: PROD_FEAT_16207 | AU2: PROD_FEAT_16208 | AV2: ATTR_PROD_EUCNCode | AW2: PROD_FEAT_13366 | AX2: PROD_FEAT_10826 | AY2: PROD_FEAT_12120 | AZ2: PROD_FEAT_16374 | BA2: PROD_FEAT_15749 | BB2: PROD_FEAT_10961 | BC2: PROD_FEAT_15132 | BD2: PROD_FEAT_14951 | BE2: PROD_FEAT_15089 | BF2: PROD_FEAT_14482 | BG2: PROD_FEAT_16962 | BH2: PROD_FEAT_18889 | BI2: PROD_FEAT_91061 | BJ2: PROD_FEAT_15104 | BK2: PROD_FEAT_13618 | BL2: PROD_FEAT_16381 | BM2: PROD_FEAT_14513 | BN2: PROD_FEAT_14515 | BO2: PROD_FEAT_16142 | BP2: PROD_FEAT_16914 | BQ2: PROD_FEAT_16943 | BR2: PROD_FEAT_15742 | BS2: PROD_FEAT_16866 | BT2: PROD_FEAT_16919 | BU2: PROD_FEAT_16918 | BV2: PROD_FEAT_16743 | BW2: PROD_FEAT_16744 | BX2: PROD_FEAT_16747 | BY2: PROD_FEAT_16745 | BZ2: PROD_FEAT_16617 | CA2: PROD_FEAT_16746 | CB2: ATTR_PROD_CONFIDENTIAL_UNTIL | CC2: ATTR_PROD_MANU_OverrideContactDetails | CD2: ATTR_PROD_MANU_LegalName | CE2: ATTR_PROD_MANU_Email | CF2: ATTR_PROD_MANU_WebsiteURL | CG2: ATTR_PROD_MANU_EuEstablished | CH2: ATTR_PROD_MANU_AddressLine | CI2: ATTR_PROD_MANU_AddressCity | CJ2: ATTR_PROD_MANU_AddressZipCode | CK2: ATTR_PROD_MANU_AddressCountry | CL2: ATTR_PROD_MANU_AddressDetails
B3: Mediamarkt ID only | F3: Automatized | I3: =VLOOKUP(I2,PROD_FEAT,3,FALSE) -> Type de produit | J3: =VLOOKUP(J2,PROD_FEAT,3,FALSE) -> Nom / désignation du modèle : | K3: =VLOOKUP(K2,PROD_FEAT,3,FALSE) -> Forme de construction | L3: =VLOOKUP(L2,PROD_FEAT,3,FALSE) -> Couleur (selon le fabriquant) | M3: =VLOOKUP(M2,PROD_FEAT,3,FALSE) -> Couleur (Base) | N3: =VLOOKUP(N2,PROD_FEAT,3,FALSE) -> Éléments de commande | O3: =VLOOKUP(O2,PROD_FEAT,3,FALSE) -> Système d'évacuation | P3: =VLOOKUP(P2,PROD_FEAT,3,FALSE) -> Système de filtre | ... CL3: =VLOOKUP(CL2,PROD_FEAT,3,FALSE) -> Manufacturer Address Additional Details
A4: Afbeeldingen | B4: <ID> | C4: EAN | D4: Merk | E4: Product name | F4: Customer-friendly Product Name | G4: Producttekst | I4: =VLOOKUP(I2,PROD_FEAT,2,FALSE) -> Producttype | J4: =VLOOKUP(J2,PROD_FEAT,2,FALSE) -> Modelnaam / -kenmerk: | K4: =VLOOKUP(K2,PROD_FEAT,2,FALSE) -> Soort apparaat | L4: =VLOOKUP(L2,PROD_FEAT,2,FALSE) -> Kleur (door fabrikant) | M4: =VLOOKUP(M2,PROD_FEAT,2,FALSE) -> Kleur (basis) | N4: =VLOOKUP(N2,PROD_FEAT,2,FALSE) -> Bedieningselementen | O4: =VLOOKUP(O2,PROD_FEAT,2,FALSE) -> Afvoersysteem | P4: =VLOOKUP(P2,PROD_FEAT,2,FALSE) -> Filtersysteem | ... CL4: =VLOOKUP(CL2,PROD_FEAT,2,FALSE) -> Manufacturer Address Additional Details
A5: =IF(OR(#REF!="",ISERROR(#REF!)),"",#REF!) -> #REF! | B5: =IF(OR(#REF!="",ISERROR(#REF!)),"",#REF!) -> #REF! | C5: =IF(OR(#REF!="",ISERROR(#REF!)),"",#REF!) -> #REF! | D5: =IF(OR(#REF!="",ISERROR(#REF!)),"",#REF!) -> #REF! | E5: =IF(OR(#REF!="",ISERROR(#REF!)),"",#REF!) -> #REF! | F5: =IF(C5="", "", IF(E5="", "Product name empty!", E5 & IF(K5<>"", " - Hotte aspirante (" & K5 & ")", "") & IF(AE5<>"", " - largeur " &AE5, "") & IF(R5<>"", " - " &R5, "") & IF(V5<>"", " - " &V5, ""))) -> #REF! | G5: =IF(OR(#REF!="",ISERROR(#REF!)),"",#REF!) -> #REF! | H5: xxxxxx | I5: =IF(#REF!="","",IFERROR(VLOOKUP(#REF!,Translate,2,FALSE),#REF!)) -> #REF! | J5: =IF(#REF!="","",IFERROR(VLOOKUP(#REF!,Translate,2,FALSE),#REF!)) -> #REF! | K5: =IF(#REF!="","",IFERROR(VLOOKUP(#REF!,Translate,2,FALSE),#REF!)) -> #REF! | L5: =IF(#REF!="","",IFERROR(VLOOKUP(#REF!,Translate,2,FALSE),#REF!)) -> #REF! | M5: =IF(#REF!="","",IFERROR(VLOOKUP(#REF!,Translate,2,FALSE),#REF!)) -> #REF! | N5: =IF(#REF!="","",IFERROR(VLOOKUP(#REF!,Translate,2,FALSE),#REF!)) -> #REF! | O5: =IF(#REF!="","",IFERROR(VLOOKUP(#REF!,Translate,2,FALSE),#REF!)) -> #REF! | P5: =IF(#REF!="","",IFERROR(VLOOKUP(#REF!,Translate,2,FALSE),#REF!)) -> #REF! | ... CL5: =IF(#REF!="","",IFERROR(VLOOKUP(#REF!,Translate,2,FALSE),#REF!)) -> #REF!
A6: =IF(OR(#REF!="",ISERROR(#REF!)),"",#REF!) -> #REF! | B6: =IF(OR(#REF!="",ISERROR(#REF!)),"",#REF!) -> #REF! | C6: =IF(OR(#REF!="",ISERROR(#REF!)),"",#REF!) -> #REF! | D6: =IF(OR(#REF!="",ISERROR(#REF!)),"",#REF!) -> #REF! | E6: =IF(OR(#REF!="",ISERROR(#REF!)),"",#REF!) -> #REF! | F6: =IF(C6="", "", IF(E6="", "Product name empty!", E6 & IF(K6<>"", " - Hotte aspirante (" & K6 & ")", "") & IF(AE6<>"", " - largeur " &AE6, "") & IF(R6<>"", " - " &R6, "") & IF(V6<>"", " - " &V6, ""))) -> #REF! | G6: =IF(OR(#REF!="",ISERROR(#REF!)),"",#REF!) -> #REF! | I6: =IF(#REF!="","",IFERROR(VLOOKUP(#REF!,Translate,2,FALSE),#REF!)) -> #REF! | J6: =IF(#REF!="","",IFERROR(VLOOKUP(#REF!,Translate,2,FALSE),#REF!)) -> #REF! | K6: =IF(#REF!="","",IFERROR(VLOOKUP(#REF!,Translate,2,FALSE),#REF!)) -> #REF! | L6: =IF(#REF!="","",IFERROR(VLOOKUP(#REF!,Translate,2,FALSE),#REF!)) -> #REF! | M6: =IF(#REF!="","",IFERROR(VLOOKUP(#REF!,Translate,2,FALSE),#REF!)) -> #REF! | N6: =IF(#REF!="","",IFERROR(VLOOKUP(#REF!,Translate,2,FALSE),#REF!)) -> #REF! | O6: =IF(#REF!="","",IFERROR(VLOOKUP(#REF!,Translate,2,FALSE),#REF!)) -> #REF! | P6: =IF(#REF!="","",IFERROR(VLOOKUP(#REF!,Translate,2,FALSE),#REF!)) -> #REF! | ... CL6: =IF(#REF!="","",IFERROR(VLOOKUP(#REF!,Translate,2,FALSE),#REF!)) -> #REF!
A7: =IF(OR(#REF!="",ISERROR(#REF!)),"",#REF!) -> #REF! | B7: =IF(OR(#REF!="",ISERROR(#REF!)),"",#REF!) -> #REF! | C7: =IF(OR(#REF!="",ISERROR(#REF!)),"",#REF!) -> #REF! | D7: =IF(OR(#REF!="",ISERROR(#REF!)),"",#REF!) -> #REF! | E7: =IF(OR(#REF!="",ISERROR(#REF!)),"",#REF!) -> #REF! | F7: =IF(C7="", "", IF(E7="", "Product name empty!", E7 & IF(K7<>"", " - Hotte aspirante (" & K7 & ")", "") & IF(AE7<>"", " - largeur " &AE7, "") & IF(R7<>"", " - " &R7, "") & IF(V7<>"", " - " &V7, ""))) -> #REF! | G7: =IF(OR(#REF!="",ISERROR(#REF!)),"",#REF!) -> #REF! | I7: =IF(#REF!="","",IFERROR(VLOOKUP(#REF!,Translate,2,FALSE),#REF!)) -> #REF! | J7: =IF(#REF!="","",IFERROR(VLOOKUP(#REF!,Translate,2,FALSE),#REF!)) -> #REF! | K7: =IF(#REF!="","",IFERROR(VLOOKUP(#REF!,Translate,2,FALSE),#REF!)) -> #REF! | L7: =IF(#REF!="","",IFERROR(VLOOKUP(#REF!,Translate,2,FALSE),#REF!)) -> #REF! | M7: =IF(#REF!="","",IFERROR(VLOOKUP(#REF!,Translate,2,FALSE),#REF!)) -> #REF! | N7: =IF(#REF!="","",IFERROR(VLOOKUP(#REF!,Translate,2,FALSE),#REF!)) -> #REF! | O7: =IF(#REF!="","",IFERROR(VLOOKUP(#REF!,Translate,2,FALSE),#REF!)) -> #REF! | P7: =IF(#REF!="","",IFERROR(VLOOKUP(#REF!,Translate,2,FALSE),#REF!)) -> #REF! | ... CL7: =IF(#REF!="","",IFERROR(VLOOKUP(#REF!,Translate,2,FALSE),#REF!)) -> #REF!
A8: =IF(OR(#REF!="",ISERROR(#REF!)),"",#REF!) -> #REF! | B8: =IF(OR(#REF!="",ISERROR(#REF!)),"",#REF!) -> #REF! | C8: =IF(OR(#REF!="",ISERROR(#REF!)),"",#REF!) -> #REF! | D8: =IF(OR(#REF!="",ISERROR(#REF!)),"",#REF!) -> #REF! | E8: =IF(OR(#REF!="",ISERROR(#REF!)),"",#REF!) -> #REF! | F8: =IF(C8="", "", IF(E8="", "Product name empty!", E8 & IF(K8<>"", " - Hotte aspirante (" & K8 & ")", "") & IF(AE8<>"", " - largeur " &AE8, "") & IF(R8<>"", " - " &R8, "") & IF(V8<>"", " - " &V8, ""))) -> #REF! | G8: =IF(OR(#REF!="",ISERROR(#REF!)),"",#REF!) -> #REF! | I8: =IF(#REF!="","",IFERROR(VLOOKUP(#REF!,Translate,2,FALSE),#REF!)) -> #REF! | J8: =IF(#REF!="","",IFERROR(VLOOKUP(#REF!,Translate,2,FALSE),#REF!)) -> #REF! | K8: =IF(#REF!="","",IFERROR(VLOOKUP(#REF!,Translate,2,FALSE),#REF!)) -> #REF! | L8: =IF(#REF!="","",IFERROR(VLOOKUP(#REF!,Translate,2,FALSE),#REF!)) -> #REF! | M8: =IF(#REF!="","",IFERROR(VLOOKUP(#REF!,Translate,2,FALSE),#REF!)) -> #REF! | N8: =IF(#REF!="","",IFERROR(VLOOKUP(#REF!,Translate,2,FALSE),#REF!)) -> #REF! | O8: =IF(#REF!="","",IFERROR(VLOOKUP(#REF!,Translate,2,FALSE),#REF!)) -> #REF! | P8: =IF(#REF!="","",IFERROR(VLOOKUP(#REF!,Translate,2,FALSE),#REF!)) -> #REF! | ... CL8: =IF(#REF!="","",IFERROR(VLOOKUP(#REF!,Translate,2,FALSE),#REF!)) -> #REF!
A9: =IF(OR(#REF!="",ISERROR(#REF!)),"",#REF!) -> #REF! | B9: =IF(OR(#REF!="",ISERROR(#REF!)),"",#REF!) -> #REF! | C9: =IF(OR(#REF!="",ISERROR(#REF!)),"",#REF!) -> #REF! | D9: =IF(OR(#REF!="",ISERROR(#REF!)),"",#REF!) -> #REF! | E9: =IF(OR(#REF!="",ISERROR(#REF!)),"",#REF!) -> #REF! | F9: =IF(C9="", "", IF(E9="", "Product name empty!", E9 & IF(K9<>"", " - Hotte aspirante (" & K9 & ")", "") & IF(AE9<>"", " - largeur " &AE9, "") & IF(R9<>"", " - " &R9, "") & IF(V9<>"", " - " &V9, ""))) -> #REF! | G9: =IF(OR(#REF!="",ISERROR(#REF!)),"",#REF!) -> #REF! | I9: =IF(#REF!="","",IFERROR(VLOOKUP(#REF!,Translate,2,FALSE),#REF!)) -> #REF! | J9: =IF(#REF!="","",IFERROR(VLOOKUP(#REF!,Translate,2,FALSE),#REF!)) -> #REF! | K9: =IF(#REF!="","",IFERROR(VLOOKUP(#REF!,Translate,2,FALSE),#REF!)) -> #REF! | L9: =IF(#REF!="","",IFERROR(VLOOKUP(#REF!,Translate,2,FALSE),#REF!)) -> #REF! | M9: =IF(#REF!="","",IFERROR(VLOOKUP(#REF!,Translate,2,FALSE),#REF!)) -> #REF! | N9: =IF(#REF!="","",IFERROR(VLOOKUP(#REF!,Translate,2,FALSE),#REF!)) -> #REF! | O9: =IF(#REF!="","",IFERROR(VLOOKUP(#REF!,Translate,2,FALSE),#REF!)) -> #REF! | P9: =IF(#REF!="","",IFERROR(VLOOKUP(#REF!,Translate,2,FALSE),#REF!)) -> #REF! | ... CL9: =IF(#REF!="","",IFERROR(VLOOKUP(#REF!,Translate,2,FALSE),#REF!)) -> #REF!
A10: =IF(OR(#REF!="",ISERROR(#REF!)),"",#REF!) -> #REF! | B10: =IF(OR(#REF!="",ISERROR(#REF!)),"",#REF!) -> #REF! | C10: =IF(OR(#REF!="",ISERROR(#REF!)),"",#REF!) -> #REF! | D10: =IF(OR(#REF!="",ISERROR(#REF!)),"",#REF!) -> #REF! | E10: =IF(OR(#REF!="",ISERROR(#REF!)),"",#REF!) -> #REF! | F10: =IF(C10="", "", IF(E10="", "Product name empty!", E10 & IF(K10<>"", " - Hotte aspirante (" & K10 & ")", "") & IF(AE10<>"", " - largeur " &AE10, "") & IF(R10<>"", " - " &R10, "") & IF(V10<>"", " - " &V10, ""))) -> #REF! | G10: =IF(OR(#REF!="",ISERROR(#REF!)),"",#REF!) -> #REF! | I10: =IF(#REF!="","",IFERROR(VLOOKUP(#REF!,Translate,2,FALSE),#REF!)) -> #REF! | J10: =IF(#REF!="","",IFERROR(VLOOKUP(#REF!,Translate,2,FALSE),#REF!)) -> #REF! | K10: =IF(#REF!="","",IFERROR(VLOOKUP(#REF!,Translate,2,FALSE),#REF!)) -> #REF! | L10: =IF(#REF!="","",IFERROR(VLOOKUP(#REF!,Translate,2,FALSE),#REF!)) -> #REF! | M10: =IF(#REF!="","",IFERROR(VLOOKUP(#REF!,Translate,2,FALSE),#REF!)) -> #REF! | N10: =IF(#REF!="","",IFERROR(VLOOKUP(#REF!,Translate,2,FALSE),#REF!)) -> #REF! | O10: =IF(#REF!="","",IFERROR(VLOOKUP(#REF!,Translate,2,FALSE),#REF!)) -> #REF! | P10: =IF(#REF!="","",IFERROR(VLOOKUP(#REF!,Translate,2,FALSE),#REF!)) -> #REF! | ... CL10: =IF(#REF!="","",IFERROR(VLOOKUP(#REF!,Translate,2,FALSE),#REF!)) -> #REF!
A11: =IF(OR(#REF!="",ISERROR(#REF!)),"",#REF!) -> #REF! | B11: =IF(OR(#REF!="",ISERROR(#REF!)),"",#REF!) -> #REF! | C11: =IF(OR(#REF!="",ISERROR(#REF!)),"",#REF!) -> #REF! | D11: =IF(OR(#REF!="",ISERROR(#REF!)),"",#REF!) -> #REF! | E11: =IF(OR(#REF!="",ISERROR(#REF!)),"",#REF!) -> #REF! | F11: =IF(C11="", "", IF(E11="", "Product name empty!", E11 & IF(K11<>"", " - Hotte aspirante (" & K11 & ")", "") & IF(AE11<>"", " - largeur " &AE11, "") & IF(R11<>"", " - " &R11, "") & IF(V11<>"", " - " &V11, ""))) -> #REF! | G11: =IF(OR(#REF!="",ISERROR(#REF!)),"",#REF!) -> #REF! | I11: =IF(#REF!="","",IFERROR(VLOOKUP(#REF!,Translate,2,FALSE),#REF!)) -> #REF! | J11: =IF(#REF!="","",IFERROR(VLOOKUP(#REF!,Translate,2,FALSE),#REF!)) -> #REF! | K11: =IF(#REF!="","",IFERROR(VLOOKUP(#REF!,Translate,2,FALSE),#REF!)) -> #REF! | L11: =IF(#REF!="","",IFERROR(VLOOKUP(#REF!,Translate,2,FALSE),#REF!)) -> #REF! | M11: =IF(#REF!="","",IFERROR(VLOOKUP(#REF!,Translate,2,FALSE),#REF!)) -> #REF! | N11: =IF(#REF!="","",IFERROR(VLOOKUP(#REF!,Translate,2,FALSE),#REF!)) -> #REF! | O11: =IF(#REF!="","",IFERROR(VLOOKUP(#REF!,Translate,2,FALSE),#REF!)) -> #REF! | P11: =IF(#REF!="","",IFERROR(VLOOKUP(#REF!,Translate,2,FALSE),#REF!)) -> #REF! | ... CL11: =IF(#REF!="","",IFERROR(VLOOKUP(#REF!,Translate,2,FALSE),#REF!)) -> #REF!
A12: =IF(OR(#REF!="",ISERROR(#REF!)),"",#REF!) -> #REF! | B12: =IF(OR(#REF!="",ISERROR(#REF!)),"",#REF!) -> #REF! | C12: =IF(OR(#REF!="",ISERROR(#REF!)),"",#REF!) -> #REF! | D12: =IF(OR(#REF!="",ISERROR(#REF!)),"",#REF!) -> #REF! | E12: =IF(OR(#REF!="",ISERROR(#REF!)),"",#REF!) -> #REF! | F12: =IF(C12="", "", IF(E12="", "Product name empty!", E12 & IF(K12<>"", " - Hotte aspirante (" & K12 & ")", "") & IF(AE12<>"", " - largeur " &AE12, "") & IF(R12<>"", " - " &R12, "") & IF(V12<>"", " - " &V12, ""))) -> #REF! | G12: =IF(OR(#REF!="",ISERROR(#REF!)),"",#REF!) -> #REF! | I12: =IF(#REF!="","",IFERROR(VLOOKUP(#REF!,Translate,2,FALSE),#REF!)) -> #REF! | J12: =IF(#REF!="","",IFERROR(VLOOKUP(#REF!,Translate,2,FALSE),#REF!)) -> #REF! | K12: =IF(#REF!="","",IFERROR(VLOOKUP(#REF!,Translate,2,FALSE),#REF!)) -> #REF! | L12: =IF(#REF!="","",IFERROR(VLOOKUP(#REF!,Translate,2,FALSE),#REF!)) -> #REF! | M12: =IF(#REF!="","",IFERROR(VLOOKUP(#REF!,Translate,2,FALSE),#REF!)) -> #REF! | N12: =IF(#REF!="","",IFERROR(VLOOKUP(#REF!,Translate,2,FALSE),#REF!)) -> #REF! | O12: =IF(#REF!="","",IFERROR(VLOOKUP(#REF!,Translate,2,FALSE),#REF!)) -> #REF! | P12: =IF(#REF!="","",IFERROR(VLOOKUP(#REF!,Translate,2,FALSE),#REF!)) -> #REF! | ... CL12: =IF(#REF!="","",IFERROR(VLOOKUP(#REF!,Translate,2,FALSE),#REF!)) -> #REF!
A13: =IF(OR(#REF!="",ISERROR(#REF!)),"",#REF!) -> #REF! | B13: =IF(OR(#REF!="",ISERROR(#REF!)),"",#REF!) -> #REF! | C13: =IF(OR(#REF!="",ISERROR(#REF!)),"",#REF!) -> #REF! | D13: =IF(OR(#REF!="",ISERROR(#REF!)),"",#REF!) -> #REF! | E13: =IF(OR(#REF!="",ISERROR(#REF!)),"",#REF!) -> #REF! | F13: =IF(C13="", "", IF(E13="", "Product name empty!", E13 & IF(K13<>"", " - Hotte aspirante (" & K13 & ")", "") & IF(AE13<>"", " - largeur " &AE13, "") & IF(R13<>"", " - " &R13, "") & IF(V13<>"", " - " &V13, ""))) -> #REF! | G13: =IF(OR(#REF!="",ISERROR(#REF!)),"",#REF!) -> #REF! | I13: =IF(#REF!="","",IFERROR(VLOOKUP(#REF!,Translate,2,FALSE),#REF!)) -> #REF! | J13: =IF(#REF!="","",IFERROR(VLOOKUP(#REF!,Translate,2,FALSE),#REF!)) -> #REF! | K13: =IF(#REF!="","",IFERROR(VLOOKUP(#REF!,Translate,2,FALSE),#REF!)) -> #REF! | L13: =IF(#REF!="","",IFERROR(VLOOKUP(#REF!,Translate,2,FALSE),#REF!)) -> #REF! | M13: =IF(#REF!="","",IFERROR(VLOOKUP(#REF!,Translate,2,FALSE),#REF!)) -> #REF! | N13: =IF(#REF!="","",IFERROR(VLOOKUP(#REF!,Translate,2,FALSE),#REF!)) -> #REF! | O13: =IF(#REF!="","",IFERROR(VLOOKUP(#REF!,Translate,2,FALSE),#REF!)) -> #REF! | P13: =IF(#REF!="","",IFERROR(VLOOKUP(#REF!,Translate,2,FALSE),#REF!)) -> #REF! | ... CL13: =IF(#REF!="","",IFERROR(VLOOKUP(#REF!,Translate,2,FALSE),#REF!)) -> #REF!
A14: =IF(OR(#REF!="",ISERROR(#REF!)),"",#REF!) -> #REF! | B14: =IF(OR(#REF!="",ISERROR(#REF!)),"",#REF!) -> #REF! | C14: =IF(OR(#REF!="",ISERROR(#REF!)),"",#REF!) -> #REF! | D14: =IF(OR(#REF!="",ISERROR(#REF!)),"",#REF!) -> #REF! | E14: =IF(OR(#REF!="",ISERROR(#REF!)),"",#REF!) -> #REF! | F14: =IF(C14="", "", IF(E14="", "Product name empty!", E14 & IF(K14<>"", " - Hotte aspirante (" & K14 & ")", "") & IF(AE14<>"", " - largeur " &AE14, "") & IF(R14<>"", " - " &R14, "") & IF(V14<>"", " - " &V14, ""))) -> #REF! | G14: =IF(OR(#REF!="",ISERROR(#REF!)),"",#REF!) -> #REF! | I14: =IF(#REF!="","",IFERROR(VLOOKUP(#REF!,Translate,2,FALSE),#REF!)) -> #REF! | J14: =IF(#REF!="","",IFERROR(VLOOKUP(#REF!,Translate,2,FALSE),#REF!)) -> #REF! | K14: =IF(#REF!="","",IFERROR(VLOOKUP(#REF!,Translate,2,FALSE),#REF!)) -> #REF! | L14: =IF(#REF!="","",IFERROR(VLOOKUP(#REF!,Translate,2,FALSE),#REF!)) -> #REF! | M14: =IF(#REF!="","",IFERROR(VLOOKUP(#REF!,Translate,2,FALSE),#REF!)) -> #REF! | N14: =IF(#REF!="","",IFERROR(VLOOKUP(#REF!,Translate,2,FALSE),#REF!)) -> #REF! | O14: =IF(#REF!="","",IFERROR(VLOOKUP(#REF!,Translate,2,FALSE),#REF!)) -> #REF! | P14: =IF(#REF!="","",IFERROR(VLOOKUP(#REF!,Translate,2,FALSE),#REF!)) -> #REF! | ... CL14: =IF(#REF!="","",IFERROR(VLOOKUP(#REF!,Translate,2,FALSE),#REF!)) -> #REF!
A15: =IF(OR(#REF!="",ISERROR(#REF!)),"",#REF!) -> #REF! | B15: =IF(OR(#REF!="",ISERROR(#REF!)),"",#REF!) -> #REF! | C15: =IF(OR(#REF!="",ISERROR(#REF!)),"",#REF!) -> #REF! | D15: =IF(OR(#REF!="",ISERROR(#REF!)),"",#REF!) -> #REF! | E15: =IF(OR(#REF!="",ISERROR(#REF!)),"",#REF!) -> #REF! | F15: =IF(C15="", "", IF(E15="", "Product name empty!", E15 & IF(K15<>"", " - Hotte aspirante (" & K15 & ")", "") & IF(AE15<>"", " - largeur " &AE15, "") & IF(R15<>"", " - " &R15, "") & IF(V15<>"", " - " &V15, ""))) -> #REF! | G15: =IF(OR(#REF!="",ISERROR(#REF!)),"",#REF!) -> #REF! | I15: =IF(#REF!="","",IFERROR(VLOOKUP(#REF!,Translate,2,FALSE),#REF!)) -> #REF! | J15: =IF(#REF!="","",IFERROR(VLOOKUP(#REF!,Translate,2,FALSE),#REF!)) -> #REF! | K15: =IF(#REF!="","",IFERROR(VLOOKUP(#REF!,Translate,2,FALSE),#REF!)) -> #REF! | L15: =IF(#REF!="","",IFERROR(VLOOKUP(#REF!,Translate,2,FALSE),#REF!)) -> #REF! | M15: =IF(#REF!="","",IFERROR(VLOOKUP(#REF!,Translate,2,FALSE),#REF!)) -> #REF! | N15: =IF(#REF!="","",IFERROR(VLOOKUP(#REF!,Translate,2,FALSE),#REF!)) -> #REF! | O15: =IF(#REF!="","",IFERROR(VLOOKUP(#REF!,Translate,2,FALSE),#REF!)) -> #REF! | P15: =IF(#REF!="","",IFERROR(VLOOKUP(#REF!,Translate,2,FALSE),#REF!)) -> #REF! | ... CL15: =IF(#REF!="","",IFERROR(VLOOKUP(#REF!,Translate,2,FALSE),#REF!)) -> #REF!
A16: =IF(OR(#REF!="",ISERROR(#REF!)),"",#REF!) -> #REF! | B16: =IF(OR(#REF!="",ISERROR(#REF!)),"",#REF!) -> #REF! | C16: =IF(OR(#REF!="",ISERROR(#REF!)),"",#REF!) -> #REF! | D16: =IF(OR(#REF!="",ISERROR(#REF!)),"",#REF!) -> #REF! | E16: =IF(OR(#REF!="",ISERROR(#REF!)),"",#REF!) -> #REF! | F16: =IF(C16="", "", IF(E16="", "Product name empty!", E16 & IF(K16<>"", " - Hotte aspirante (" & K16 & ")", "") & IF(AE16<>"", " - largeur " &AE16, "") & IF(R16<>"", " - " &R16, "") & IF(V16<>"", " - " &V16, ""))) -> #REF! | G16: =IF(OR(#REF!="",ISERROR(#REF!)),"",#REF!) -> #REF! | I16: =IF(#REF!="","",IFERROR(VLOOKUP(#REF!,Translate,2,FALSE),#REF!)) -> #REF! | J16: =IF(#REF!="","",IFERROR(VLOOKUP(#REF!,Translate,2,FALSE),#REF!)) -> #REF! | K16: =IF(#REF!="","",IFERROR(VLOOKUP(#REF!,Translate,2,FALSE),#REF!)) -> #REF! | L16: =IF(#REF!="","",IFERROR(VLOOKUP(#REF!,Translate,2,FALSE),#REF!)) -> #REF! | M16: =IF(#REF!="","",IFERROR(VLOOKUP(#REF!,Translate,2,FALSE),#REF!)) -> #REF! | N16: =IF(#REF!="","",IFERROR(VLOOKUP(#REF!,Translate,2,FALSE),#REF!)) -> #REF! | O16: =IF(#REF!="","",IFERROR(VLOOKUP(#REF!,Translate,2,FALSE),#REF!)) -> #REF! | P16: =IF(#REF!="","",IFERROR(VLOOKUP(#REF!,Translate,2,FALSE),#REF!)) -> #REF! | ... CL16: =IF(#REF!="","",IFERROR(VLOOKUP(#REF!,Translate,2,FALSE),#REF!)) -> #REF!
A17: =IF(OR(#REF!="",ISERROR(#REF!)),"",#REF!) -> #REF! | B17: =IF(OR(#REF!="",ISERROR(#REF!)),"",#REF!) -> #REF! | C17: =IF(OR(#REF!="",ISERROR(#REF!)),"",#REF!) -> #REF! | D17: =IF(OR(#REF!="",ISERROR(#REF!)),"",#REF!) -> #REF! | E17: =IF(OR(#REF!="",ISERROR(#REF!)),"",#REF!) -> #REF! | F17: =IF(C17="", "", IF(E17="", "Product name empty!", E17 & IF(K17<>"", " - Hotte aspirante (" & K17 & ")", "") & IF(AE17<>"", " - largeur " &AE17, "") & IF(R17<>"", " - " &R17, "") & IF(V17<>"", " - " &V17, ""))) -> #REF! | G17: =IF(OR(#REF!="",ISERROR(#REF!)),"",#REF!) -> #REF! | I17: =IF(#REF!="","",IFERROR(VLOOKUP(#REF!,Translate,2,FALSE),#REF!)) -> #REF! | J17: =IF(#REF!="","",IFERROR(VLOOKUP(#REF!,Translate,2,FALSE),#REF!)) -> #REF! | K17: =IF(#REF!="","",IFERROR(VLOOKUP(#REF!,Translate,2,FALSE),#REF!)) -> #REF! | L17: =IF(#REF!="","",IFERROR(VLOOKUP(#REF!,Translate,2,FALSE),#REF!)) -> #REF! | M17: =IF(#REF!="","",IFERROR(VLOOKUP(#REF!,Translate,2,FALSE),#REF!)) -> #REF! | N17: =IF(#REF!="","",IFERROR(VLOOKUP(#REF!,Translate,2,FALSE),#REF!)) -> #REF! | O17: =IF(#REF!="","",IFERROR(VLOOKUP(#REF!,Translate,2,FALSE),#REF!)) -> #REF! | P17: =IF(#REF!="","",IFERROR(VLOOKUP(#REF!,Translate,2,FALSE),#REF!)) -> #REF! | ... CL17: =IF(#REF!="","",IFERROR(VLOOKUP(#REF!,Translate,2,FALSE),#REF!)) -> #REF!
... A40: =IF(OR(#REF!="",ISERROR(#REF!)),"",#REF!) -> #REF! | B40: =IF(OR(#REF!="",ISERROR(#REF!)),"",#REF!) -> #REF! | C40: =IF(OR(#REF!="",ISERROR(#REF!)),"",#REF!) -> #REF! | D40: =IF(OR(#REF!="",ISERROR(#REF!)),"",#REF!) -> #REF! | E40: =IF(OR(#REF!="",ISERROR(#REF!)),"",#REF!) -> #REF! | F40: =IF(C40="", "", IF(E40="", "Product name empty!", E40 & IF(K40<>"", " - Hotte aspirante (" & K40 & ")", "") & IF(AE40<>"", " - largeur " &AE40, "") & IF(R40<>"", " - " &R40, "") & IF(V40<>"", " - " &V40, ""))) -> #REF! | G40: =IF(OR(#REF!="",ISERROR(#REF!)),"",#REF!) -> #REF! | I40: =IF(#REF!="","",IFERROR(VLOOKUP(#REF!,Translate,2,FALSE),#REF!)) -> #REF! | J40: =IF(#REF!="","",IFERROR(VLOOKUP(#REF!,Translate,2,FALSE),#REF!)) -> #REF! | K40: =IF(#REF!="","",IFERROR(VLOOKUP(#REF!,Translate,2,FALSE),#REF!)) -> #REF! | L40: =IF(#REF!="","",IFERROR(VLOOKUP(#REF!,Translate,2,FALSE),#REF!)) -> #REF! | M40: =IF(#REF!="","",IFERROR(VLOOKUP(#REF!,Translate,2,FALSE),#REF!)) -> #REF! | N40: =IF(#REF!="","",IFERROR(VLOOKUP(#REF!,Translate,2,FALSE),#REF!)) -> #REF! | O40: =IF(#REF!="","",IFERROR(VLOOKUP(#REF!,Translate,2,FALSE),#REF!)) -> #REF! | P40: =IF(#REF!="","",IFERROR(VLOOKUP(#REF!,Translate,2,FALSE),#REF!)) -> #REF! | ... CL40: =IF(#REF!="","",IFERROR(VLOOKUP(#REF!,Translate,2,FALSE),#REF!)) -> #REF!
D41: // | CC41: // | CD41: // | CE41: // | CF41: // | CG41: // | CH41: // | CI41: // | CJ41: // | CK41: // | CL41: //

Sheet Fornuizen_FR
A1: FET_FRA_1075 | H1: Additional information if required | I1: =VLOOKUP(I2,PROD_FEAT,4,FALSE) -> Text | J1: =VLOOKUP(J2,PROD_FEAT,4,FALSE) -> Text | K1: =VLOOKUP(K2,PROD_FEAT,4,FALSE) -> Text | L1: =VLOOKUP(L2,PROD_FEAT,4,FALSE) -> List Of Values | M1: =VLOOKUP(M2,PROD_FEAT,4,FALSE) -> List Of Values | N1: =VLOOKUP(N2,PROD_FEAT,4,FALSE) -> Ja/Nee | O1: =VLOOKUP(O2,PROD_FEAT,4,FALSE) -> List Of Values | P1: =VLOOKUP(P2,PROD_FEAT,4,FALSE) -> Text | ... DJ1: =VLOOKUP(DJ2,PROD_FEAT,4,FALSE) -> Text
A2: Wetransfer link or Brand portal | B2: <ID> | C2: Product EAN Masterdata | D2: Merk | E2: Product name | F2: ATTR_PROD_CustomerProductName | G2: ATTR_PROD_LongDesription | I2: PROD_FEAT_10990 | J2: PROD_FEAT_11367 | K2: PROD_FEAT_10812 | L2: PROD_FEAT_00003 | M2: PROD_FEAT_10714 | N2: PROD_FEAT_10858 | O2: PROD_FEAT_16630 | P2: PROD_FEAT_10219 | Q2: PROD_FEAT_16497 | R2: PROD_FEAT_10139 | S2: PROD_FEAT_90062 | T2: PROD_FEAT_91059 | U2: ATTR_PROD_ENERGY_EPREL_ID | V2: PROD_FEAT_18135 | W2: PROD_FEAT_10770 | X2: PROD_FEAT_91039 | Y2: PROD_FEAT_16111 | Z2: PROD_FEAT_16110 | AA2: PROD_FEAT_16112 | AB2: PROD_FEAT_16333 | AC2: PROD_FEAT_14701 | AD2: PROD_FEAT_14700 | AE2: PROD_FEAT_14702 | AF2: PROD_FEAT_14704 | AG2: PROD_FEAT_11470 | AH2: PROD_FEAT_16207 | AI2: PROD_FEAT_16208 | AJ2: ATTR_PROD_EUCNCode | AK2: PROD_FEAT_14389 | AL2: PROD_FEAT_14442 | AM2: PROD_FEAT_14384 | AN2: PROD_FEAT_12120 | AO2: PROD_FEAT_10170 | AP2: PROD_FEAT_16274 | AQ2: PROD_FEAT_10669 | AR2: PROD_FEAT_11205 | AS2: PROD_FEAT_13322 | AT2: PROD_FEAT_15756 | AU2: PROD_FEAT_14451 | AV2: PROD_FEAT_14595 | AW2: PROD_FEAT_15273 | AX2: PROD_FEAT_11369 | AY2: PROD_FEAT_16164 | AZ2: PROD_FEAT_14594 | BA2: PROD_FEAT_11968 | BB2: PROD_FEAT_15729 | BC2: PROD_FEAT_10333 | BD2: PROD_FEAT_11077 | BE2: PROD_FEAT_11685 | BF2: PROD_FEAT_11912 | BG2: PROD_FEAT_15229 | BH2: PROD_FEAT_11859 | BI2: PROD_FEAT_14482 | BJ2: PROD_FEAT_14330 | BK2: PROD_FEAT_13523 | BL2: PROD_FEAT_14374 | BM2: PROD_FEAT_14331 | BN2: PROD_FEAT_14332 | BO2: PROD_FEAT_14333 | BP2: PROD_FEAT_14334 | BQ2: PROD_FEAT_14335 | BR2: PROD_FEAT_14336 | BS2: PROD_FEAT_14473 | BT2: PROD_FEAT_14474 | BU2: PROD_FEAT_14475 | BV2: PROD_FEAT_14476 | BW2: PROD_FEAT_14477 | BX2: PROD_FEAT_14478 | BY2: PROD_FEAT_14486 | BZ2: PROD_FEAT_14487 | CA2: PROD_FEAT_14488 | CB2: PROD_FEAT_14489 | CC2: PROD_FEAT_14490 | CD2: PROD_FEAT_14491 | CE2: PROD_FEAT_13676 | CF2: PROD_FEAT_11350 | CG2: PROD_FEAT_13800 | CH2: PROD_FEAT_16908 | CI2: PROD_FEAT_14558 | CJ2: PROD_FEAT_16914 | CK2: PROD_FEAT_16943 | CL2: PROD_FEAT_15771 | CM2: PROD_FEAT_12484 | CN2: PROD_FEAT_15742 | CO2: PROD_FEAT_16866 | CP2: PROD_FEAT_16918 | CQ2: PROD_FEAT_16962 | CR2: PROD_FEAT_18889 | CS2: PROD_FEAT_13366 | CT2: PROD_FEAT_16743 | CU2: PROD_FEAT_16744 | CV2: PROD_FEAT_16747 | CW2: PROD_FEAT_16745 | CX2: PROD_FEAT_16617 | CY2: PROD_FEAT_16746 | CZ2: ATTR_PROD_CONFIDENTIAL_UNTIL | DA2: ATTR_PROD_MANU_OverrideContactDetails | DB2: ATTR_PROD_MANU_LegalName | DC2: ATTR_PROD_MANU_Email | DD2: ATTR_PROD_MANU_WebsiteURL | DE2: ATTR_PROD_MANU_EuEstablished | DF2: ATTR_PROD_MANU_AddressLine | DG2: ATTR_PROD_MANU_AddressCity | DH2: ATTR_PROD_MANU_AddressZipCode | DI2: ATTR_PROD_MANU_AddressCountry | DJ2: ATTR_PROD_MANU_AddressDetails
B3: Mediamarkt ID only | F3: Automatized | I3: =VLOOKUP(I2,PROD_FEAT,3,FALSE) -> Type de produit | J3: =VLOOKUP(J2,PROD_FEAT,3,FALSE) -> Type de plan de cuisson | K3: =VLOOKUP(K2,PROD_FEAT,3,FALSE) -> Couleur (selon le fabriquant) | L3: =VLOOKUP(L2,PROD_FEAT,3,FALSE) -> Couleur (Base) | M3: =VLOOKUP(M2,PROD_FEAT,3,FALSE) -> Type de construction | N3: =VLOOKUP(N2,PROD_FEAT,3,FALSE) -> Fonction gril | O3: =VLOOKUP(O2,PROD_FEAT,3,FALSE) -> Type de fonctionnement | P3: =VLOOKUP(P2,PROD_FEAT,3,FALSE) -> Nombre de zones de cuisson | ... DJ3: =VLOOKUP(DJ2,PROD_FEAT,3,FALSE) -> Manufacturer Address Additional Details
A4: Afbeeldingen | B4: <ID> | C4: EAN | D4: Merk | E4: Product name | F4: Customer-friendly Product Name | G4: Producttekst | I4: =VLOOKUP(I2,PROD_FEAT,2,FALSE) -> Producttype | J4: =VLOOKUP(J2,PROD_FEAT,2,FALSE) -> Soort kookplaat | K4: =VLOOKUP(K2,PROD_FEAT,2,FALSE) -> Kleur (door fabrikant) | L4: =VLOOKUP(L2,PROD_FEAT,2,FALSE) -> Kleur (basis) | M4: =VLOOKUP(M2,PROD_FEAT,2,FALSE) -> Installatietype | N4: =VLOOKUP(N2,PROD_FEAT,2,FALSE) -> Grillfunctie | O4: =VLOOKUP(O2,PROD_FEAT,2,FALSE) -> Energiebron | P4: =VLOOKUP(P2,PROD_FEAT,2,FALSE) -> Aantal kookzones | ... DJ4: =VLOOKUP(DJ2,PROD_FEAT,2,FALSE) -> Manufacturer Address Additional Details
A5: =IF(OR(#REF!="",ISERROR(#REF!)),"",#REF!) -> #REF! | B5: =IF(OR(#REF!="",ISERROR(#REF!)),"",#REF!) -> #REF! | C5: =IF(OR(#REF!="",ISERROR(#REF!)),"",#REF!) -> #REF! | D5: =IF(OR(#REF!="",ISERROR(#REF!)),"",#REF!) -> #REF! | E5: =IF(OR(#REF!="",ISERROR(#REF!)),"",#REF!) -> #REF! | F5: =IF(C5="","",IF(E5="","Product name empty!",E5 & IF(I5<>""," - "&I5,"")&IF(J5<>""," - "&J5&IF(AND(J5="induction",CG5<>"")," "&CG5,""),"")&IF(Z5<>""," - largeur "&Z5,""))) -> #REF! | G5: =IF(OR(#REF!="",ISERROR(#REF!)),"",#REF!) -> #REF! | H5: =IF(#REF!="","",IFERROR(VLOOKUP(#REF!,Translate,2,FALSE),#REF!)) -> #REF! | I5: =IF(#REF!="","",IFERROR(VLOOKUP(#REF!,Translate,2,FALSE),#REF!)) -> #REF! | J5: =IF(#REF!="","",IFERROR(VLOOKUP(#REF!,Translate,2,FALSE),#REF!)) -> #REF! | K5: =IF(#REF!="","",IFERROR(VLOOKUP(#REF!,Translate,2,FALSE),#REF!)) -> #REF! | L5: =IF(#REF!="","",IFERROR(VLOOKUP(#REF!,Translate,2,FALSE),#REF!)) -> #REF! | M5: =IF(#REF!="","",IFERROR(VLOOKUP(#REF!,Translate,2,FALSE),#REF!)) -> #REF! | N5: =IF(#REF!="","",IFERROR(VLOOKUP(#REF!,Translate,2,FALSE),#REF!)) -> #REF! | O5: =IF(#REF!="","",IFERROR(VLOOKUP(#REF!,Translate,2,FALSE),#REF!)) -> #REF! | ... DJ5: =IF(#REF!="","",IFERROR(VLOOKUP(#REF!,Translate,2,FALSE),#REF!)) -> #REF!
A6: =IF(OR(#REF!="",ISERROR(#REF!)),"",#REF!) -> #REF! | B6: =IF(OR(#REF!="",ISERROR(#REF!)),"",#REF!) -> #REF! | C6: =IF(OR(#REF!="",ISERROR(#REF!)),"",#REF!) -> #REF! | D6: =IF(OR(#REF!="",ISERROR(#REF!)),"",#REF!) -> #REF! | E6: =IF(OR(#REF!="",ISERROR(#REF!)),"",#REF!) -> #REF! | F6: =IF(C6="","",IF(E6="","Product name empty!",E6 & IF(I6<>""," - "&I6,"")&IF(J6<>""," - "&J6&IF(AND(J6="induction",CG6<>"")," "&CG6,""),"")&IF(Z6<>""," - largeur "&Z6,""))) -> #REF! | G6: =IF(OR(#REF!="",ISERROR(#REF!)),"",#REF!) -> #REF! | I6: =IF(#REF!="","",IFERROR(VLOOKUP(#REF!,Translate,2,FALSE),#REF!)) -> #REF! | J6: =IF(#REF!="","",IFERROR(VLOOKUP(#REF!,Translate,2,FALSE),#REF!)) -> #REF! | K6: =IF(#REF!="","",IFERROR(VLOOKUP(#REF!,Translate,2,FALSE),#REF!)) -> #REF! | L6: =IF(#REF!="","",IFERROR(VLOOKUP(#REF!,Translate,2,FALSE),#REF!)) -> #REF! | M6: =IF(#REF!="","",IFERROR(VLOOKUP(#REF!,Translate,2,FALSE),#REF!)) -> #REF! | N6: =IF(#REF!="","",IFERROR(VLOOKUP(#REF!,Translate,2,FALSE),#REF!)) -> #REF! | O6: =IF(#REF!="","",IFERROR(VLOOKUP(#REF!,Translate,2,FALSE),#REF!)) -> #REF! | P6: =IF(#REF!="","",IFERROR(VLOOKUP(#REF!,Translate,2,FALSE),#REF!)) -> #REF! | ... DJ6: =IF(#REF!="","",IFERROR(VLOOKUP(#REF!,Translate,2,FALSE),#REF!)) -> #REF!
A7: =IF(OR(#REF!="",ISERROR(#REF!)),"",#REF!) -> #REF! | B7: =IF(OR(#REF!="",ISERROR(#REF!)),"",#REF!) -> #REF! | C7: =IF(OR(#REF!="",ISERROR(#REF!)),"",#REF!) -> #REF! | D7: =IF(OR(#REF!="",ISERROR(#REF!)),"",#REF!) -> #REF! | E7: =IF(OR(#REF!="",ISERROR(#REF!)),"",#REF!) -> #REF! | F7: =IF(C7="","",IF(E7="","Product name empty!",E7 & IF(I7<>""," - "&I7,"")&IF(J7<>""," - "&J7&IF(AND(J7="induction",CG7<>"")," "&CG7,""),"")&IF(Z7<>""," - largeur "&Z7,""))) -> #REF! | G7: =IF(OR(#REF!="",ISERROR(#REF!)),"",#REF!) -> #REF! | I7: =IF(#REF!="","",IFERROR(VLOOKUP(#REF!,Translate,2,FALSE),#REF!)) -> #REF! | J7: =IF(#REF!="","",IFERROR(VLOOKUP(#REF!,Translate,2,FALSE),#REF!)) -> #REF! | K7: =IF(#REF!="","",IFERROR(VLOOKUP(#REF!,Translate,2,FALSE),#REF!)) -> #REF! | L7: =IF(#REF!="","",IFERROR(VLOOKUP(#REF!,Translate,2,FALSE),#REF!)) -> #REF! | M7: =IF(#REF!="","",IFERROR(VLOOKUP(#REF!,Translate,2,FALSE),#REF!)) -> #REF! | N7: =IF(#REF!="","",IFERROR(VLOOKUP(#REF!,Translate,2,FALSE),#REF!)) -> #REF! | O7: =IF(#REF!="","",IFERROR(VLOOKUP(#REF!,Translate,2,FALSE),#REF!)) -> #REF! | P7: =IF(#REF!="","",IFERROR(VLOOKUP(#REF!,Translate,2,FALSE),#REF!)) -> #REF! | ... DJ7: =IF(#REF!="","",IFERROR(VLOOKUP(#REF!,Translate,2,FALSE),#REF!)) -> #REF!
A8: =IF(OR(#REF!="",ISERROR(#REF!)),"",#REF!) -> #REF! | B8: =IF(OR(#REF!="",ISERROR(#REF!)),"",#REF!) -> #REF! | C8: =IF(OR(#REF!="",ISERROR(#REF!)),"",#REF!) -> #REF! | D8: =IF(OR(#REF!="",ISERROR(#REF!)),"",#REF!) -> #REF! | E8: =IF(OR(#REF!="",ISERROR(#REF!)),"",#REF!) -> #REF! | F8: =IF(C8="","",IF(E8="","Product name empty!",E8 & IF(I8<>""," - "&I8,"")&IF(J8<>""," - "&J8&IF(AND(J8="induction",CG8<>"")," "&CG8,""),"")&IF(Z8<>""," - largeur "&Z8,""))) -> #REF! | G8: =IF(OR(#REF!="",ISERROR(#REF!)),"",#REF!) -> #REF! | I8: =IF(#REF!="","",IFERROR(VLOOKUP(#REF!,Translate,2,FALSE),#REF!)) -> #REF! | J8: =IF(#REF!="","",IFERROR(VLOOKUP(#REF!,Translate,2,FALSE),#REF!)) -> #REF! | K8: =IF(#REF!="","",IFERROR(VLOOKUP(#REF!,Translate,2,FALSE),#REF!)) -> #REF! | L8: =IF(#REF!="","",IFERROR(VLOOKUP(#REF!,Translate,2,FALSE),#REF!)) -> #REF! | M8: =IF(#REF!="","",IFERROR(VLOOKUP(#REF!,Translate,2,FALSE),#REF!)) -> #REF! | N8: =IF(#REF!="","",IFERROR(VLOOKUP(#REF!,Translate,2,FALSE),#REF!)) -> #REF! | O8: =IF(#REF!="","",IFERROR(VLOOKUP(#REF!,Translate,2,FALSE),#REF!)) -> #REF! | P8: =IF(#REF!="","",IFERROR(VLOOKUP(#REF!,Translate,2,FALSE),#REF!)) -> #REF! | ... DJ8: =IF(#REF!="","",IFERROR(VLOOKUP(#REF!,Translate,2,FALSE),#REF!)) -> #REF!
A9: =IF(OR(#REF!="",ISERROR(#REF!)),"",#REF!) -> #REF! | B9: =IF(OR(#REF!="",ISERROR(#REF!)),"",#REF!) -> #REF! | C9: =IF(OR(#REF!="",ISERROR(#REF!)),"",#REF!) -> #REF! | D9: =IF(OR(#REF!="",ISERROR(#REF!)),"",#REF!) -> #REF! | E9: =IF(OR(#REF!="",ISERROR(#REF!)),"",#REF!) -> #REF! | F9: =IF(C9="","",IF(E9="","Product name empty!",E9 & IF(I9<>""," - "&I9,"")&IF(J9<>""," - "&J9&IF(AND(J9="induction",CG9<>"")," "&CG9,""),"")&IF(Z9<>""," - largeur "&Z9,""))) -> #REF! | G9: =IF(OR(#REF!="",ISERROR(#REF!)),"",#REF!) -> #REF! | I9: =IF(#REF!="","",IFERROR(VLOOKUP(#REF!,Translate,2,FALSE),#REF!)) -> #REF! | J9: =IF(#REF!="","",IFERROR(VLOOKUP(#REF!,Translate,2,FALSE),#REF!)) -> #REF! | K9: =IF(#REF!="","",IFERROR(VLOOKUP(#REF!,Translate,2,FALSE),#REF!)) -> #REF! | L9: =IF(#REF!="","",IFERROR(VLOOKUP(#REF!,Translate,2,FALSE),#REF!)) -> #REF! | M9: =IF(#REF!="","",IFERROR(VLOOKUP(#REF!,Translate,2,FALSE),#REF!)) -> #REF! | N9: =IF(#REF!="","",IFERROR(VLOOKUP(#REF!,Translate,2,FALSE),#REF!)) -> #REF! | O9: =IF(#REF!="","",IFERROR(VLOOKUP(#REF!,Translate,2,FALSE),#REF!)) -> #REF! | P9: =IF(#REF!="","",IFERROR(VLOOKUP(#REF!,Translate,2,FALSE),#REF!)) -> #REF! | ... DJ9: =IF(#REF!="","",IFERROR(VLOOKUP(#REF!,Translate,2,FALSE),#REF!)) -> #REF!
A10: =IF(OR(#REF!="",ISERROR(#REF!)),"",#REF!) -> #REF! | B10: =IF(OR(#REF!="",ISERROR(#REF!)),"",#REF!) -> #REF! | C10: =IF(OR(#REF!="",ISERROR(#REF!)),"",#REF!) -> #REF! | D10: =IF(OR(#REF!="",ISERROR(#REF!)),"",#REF!) -> #REF! | E10: =IF(OR(#REF!="",ISERROR(#REF!)),"",#REF!) -> #REF! | F10: =IF(C10="","",IF(E10="","Product name empty!",E10 & IF(I10<>""," - "&I10,"")&IF(J10<>""," - "&J10&IF(AND(J10="induction",CG10<>"")," "&CG10,""),"")&IF(Z10<>""," - largeur "&Z10,""))) -> #REF! | G10: =IF(OR(#REF!="",ISERROR(#REF!)),"",#REF!) -> #REF! | I10: =IF(#REF!="","",IFERROR(VLOOKUP(#REF!,Translate,2,FALSE),#REF!)) -> #REF! | J10: =IF(#REF!="","",IFERROR(VLOOKUP(#REF!,Translate,2,FALSE),#REF!)) -> #REF! | K10: =IF(#REF!="","",IFERROR(VLOOKUP(#REF!,Translate,2,FALSE),#REF!)) -> #REF! | L10: =IF(#REF!="","",IFERROR(VLOOKUP(#REF!,Translate,2,FALSE),#REF!)) -> #REF! | M10: =IF(#REF!="","",IFERROR(VLOOKUP(#REF!,Translate,2,FALSE),#REF!)) -> #REF! | N10: =IF(#REF!="","",IFERROR(VLOOKUP(#REF!,Translate,2,FALSE),#REF!)) -> #REF! | O10: =IF(#REF!="","",IFERROR(VLOOKUP(#REF!,Translate,2,FALSE),#REF!)) -> #REF! | P10: =IF(#REF!="","",IFERROR(VLOOKUP(#REF!,Translate,2,FALSE),#REF!)) -> #REF! | ... DJ10: =IF(#REF!="","",IFERROR(VLOOKUP(#REF!,Translate,2,FALSE),#REF!)) -> #REF!
A11: =IF(OR(#REF!="",ISERROR(#REF!)),"",#REF!) -> #REF! | B11: =IF(OR(#REF!="",ISERROR(#REF!)),"",#REF!) -> #REF! | C11: =IF(OR(#REF!="",ISERROR(#REF!)),"",#REF!) -> #REF! | D11: =IF(OR(#REF!="",ISERROR(#REF!)),"",#REF!) -> #REF! | E11: =IF(OR(#REF!="",ISERROR(#REF!)),"",#REF!) -> #REF! | F11: =IF(C11="","",IF(E11="","Product name empty!",E11 & IF(I11<>""," - "&I11,"")&IF(J11<>""," - "&J11&IF(AND(J11="induction",CG11<>"")," "&CG11,""),"")&IF(Z11<>""," - largeur "&Z11,""))) -> #REF! | G11: =IF(OR(#REF!="",ISERROR(#REF!)),"",#REF!) -> #REF! | I11: =IF(#REF!="","",IFERROR(VLOOKUP(#REF!,Translate,2,FALSE),#REF!)) -> #REF! | J11: =IF(#REF!="","",IFERROR(VLOOKUP(#REF!,Translate,2,FALSE),#REF!)) -> #REF! | K11: =IF(#REF!="","",IFERROR(VLOOKUP(#REF!,Translate,2,FALSE),#REF!)) -> #REF! | L11: =IF(#REF!="","",IFERROR(VLOOKUP(#REF!,Translate,2,FALSE),#REF!)) -> #REF! | M11: =IF(#REF!="","",IFERROR(VLOOKUP(#REF!,Translate,2,FALSE),#REF!)) -> #REF! | N11: =IF(#REF!="","",IFERROR(VLOOKUP(#REF!,Translate,2,FALSE),#REF!)) -> #REF! | O11: =IF(#REF!="","",IFERROR(VLOOKUP(#REF!,Translate,2,FALSE),#REF!)) -> #REF! | P11: =IF(#REF!="","",IFERROR(VLOOKUP(#REF!,Translate,2,FALSE),#REF!)) -> #REF! | ... DJ11: =IF(#REF!="","",IFERROR(VLOOKUP(#REF!,Translate,2,FALSE),#REF!)) -> #REF!
A12: =IF(OR(#REF!="",ISERROR(#REF!)),"",#REF!) -> #REF! | B12: =IF(OR(#REF!="",ISERROR(#REF!)),"",#REF!) -> #REF! | C12: =IF(OR(#REF!="",ISERROR(#REF!)),"",#REF!) -> #REF! | D12: =IF(OR(#REF!="",ISERROR(#REF!)),"",#REF!) -> #REF! | E12: =IF(OR(#REF!="",ISERROR(#REF!)),"",#REF!) -> #REF! | F12: =IF(C12="","",IF(E12="","Product name empty!",E12 & IF(I12<>""," - "&I12,"")&IF(J12<>""," - "&J12&IF(AND(J12="induction",CG12<>"")," "&CG12,""),"")&IF(Z12<>""," - largeur "&Z12,""))) -> #REF! | G12: =IF(OR(#REF!="",ISERROR(#REF!)),"",#REF!) -> #REF! | I12: =IF(#REF!="","",IFERROR(VLOOKUP(#REF!,Translate,2,FALSE),#REF!)) -> #REF! | J12: =IF(#REF!="","",IFERROR(VLOOKUP(#REF!,Translate,2,FALSE),#REF!)) -> #REF! | K12: =IF(#REF!="","",IFERROR(VLOOKUP(#REF!,Translate,2,FALSE),#REF!)) -> #REF! | L12: =IF(#REF!="","",IFERROR(VLOOKUP(#REF!,Translate,2,FALSE),#REF!)) -> #REF! | M12: =IF(#REF!="","",IFERROR(VLOOKUP(#REF!,Translate,2,FALSE),#REF!)) -> #REF! | N12: =IF(#REF!="","",IFERROR(VLOOKUP(#REF!,Translate,2,FALSE),#REF!)) -> #REF! | O12: =IF(#REF!="","",IFERROR(VLOOKUP(#REF!,Translate,2,FALSE),#REF!)) -> #REF! | P12: =IF(#REF!="","",IFERROR(VLOOKUP(#REF!,Translate,2,FALSE),#REF!)) -> #REF! | ... DJ12: =IF(#REF!="","",IFERROR(VLOOKUP(#REF!,Translate,2,FALSE),#REF!)) -> #REF!
A13: =IF(OR(#REF!="",ISERROR(#REF!)),"",#REF!) -> #REF! | B13: =IF(OR(#REF!="",ISERROR(#REF!)),"",#REF!) -> #REF! | C13: =IF(OR(#REF!="",ISERROR(#REF!)),"",#REF!) -> #REF! | D13: =IF(OR(#REF!="",ISERROR(#REF!)),"",#REF!) -> #REF! | E13: =IF(OR(#REF!="",ISERROR(#REF!)),"",#REF!) -> #REF! | F13: =IF(C13="","",IF(E13="","Product name empty!",E13 & IF(I13<>""," - "&I13,"")&IF(J13<>""," - "&J13&IF(AND(J13="induction",CG13<>"")," "&CG13,""),"")&IF(Z13<>""," - largeur "&Z13,""))) -> #REF! | G13: =IF(OR(#REF!="",ISERROR(#REF!)),"",#REF!) -> #REF! | I13: =IF(#REF!="","",IFERROR(VLOOKUP(#REF!,Translate,2,FALSE),#REF!)) -> #REF! | J13: =IF(#REF!="","",IFERROR(VLOOKUP(#REF!,Translate,2,FALSE),#REF!)) -> #REF! | K13: =IF(#REF!="","",IFERROR(VLOOKUP(#REF!,Translate,2,FALSE),#REF!)) -> #REF! | L13: =IF(#REF!="","",IFERROR(VLOOKUP(#REF!,Translate,2,FALSE),#REF!)) -> #REF! | M13: =IF(#REF!="","",IFERROR(VLOOKUP(#REF!,Translate,2,FALSE),#REF!)) -> #REF! | N13: =IF(#REF!="","",IFERROR(VLOOKUP(#REF!,Translate,2,FALSE),#REF!)) -> #REF! | O13: =IF(#REF!="","",IFERROR(VLOOKUP(#REF!,Translate,2,FALSE),#REF!)) -> #REF! | P13: =IF(#REF!="","",IFERROR(VLOOKUP(#REF!,Translate,2,FALSE),#REF!)) -> #REF! | ... DJ13: =IF(#REF!="","",IFERROR(VLOOKUP(#REF!,Translate,2,FALSE),#REF!)) -> #REF!
A14: =IF(OR(#REF!="",ISERROR(#REF!)),"",#REF!) -> #REF! | B14: =IF(OR(#REF!="",ISERROR(#REF!)),"",#REF!) -> #REF! | C14: =IF(OR(#REF!="",ISERROR(#REF!)),"",#REF!) -> #REF! | D14: =IF(OR(#REF!="",ISERROR(#REF!)),"",#REF!) -> #REF! | E14: =IF(OR(#REF!="",ISERROR(#REF!)),"",#REF!) -> #REF! | F14: =IF(C14="","",IF(E14="","Product name empty!",E14 & IF(I14<>""," - "&I14,"")&IF(J14<>""," - "&J14&IF(AND(J14="induction",CG14<>"")," "&CG14,""),"")&IF(Z14<>""," - largeur "&Z14,""))) -> #REF! | G14: =IF(OR(#REF!="",ISERROR(#REF!)),"",#REF!) -> #REF! | I14: =IF(#REF!="","",IFERROR(VLOOKUP(#REF!,Translate,2,FALSE),#REF!)) -> #REF! | J14: =IF(#REF!="","",IFERROR(VLOOKUP(#REF!,Translate,2,FALSE),#REF!)) -> #REF! | K14: =IF(#REF!="","",IFERROR(VLOOKUP(#REF!,Translate,2,FALSE),#REF!)) -> #REF! | L14: =IF(#REF!="","",IFERROR(VLOOKUP(#REF!,Translate,2,FALSE),#REF!)) -> #REF! | M14: =IF(#REF!="","",IFERROR(VLOOKUP(#REF!,Translate,2,FALSE),#REF!)) -> #REF! | N14: =IF(#REF!="","",IFERROR(VLOOKUP(#REF!,Translate,2,FALSE),#REF!)) -> #REF! | O14: =IF(#REF!="","",IFERROR(VLOOKUP(#REF!,Translate,2,FALSE),#REF!)) -> #REF! | P14: =IF(#REF!="","",IFERROR(VLOOKUP(#REF!,Translate,2,FALSE),#REF!)) -> #REF! | ... DJ14: =IF(#REF!="","",IFERROR(VLOOKUP(#REF!,Translate,2,FALSE),#REF!)) -> #REF!
A15: =IF(OR(#REF!="",ISERROR(#REF!)),"",#REF!) -> #REF! | B15: =IF(OR(#REF!="",ISERROR(#REF!)),"",#REF!) -> #REF! | C15: =IF(OR(#REF!="",ISERROR(#REF!)),"",#REF!) -> #REF! | D15: =IF(OR(#REF!="",ISERROR(#REF!)),"",#REF!) -> #REF! | E15: =IF(OR(#REF!="",ISERROR(#REF!)),"",#REF!) -> #REF! | F15: =IF(C15="","",IF(E15="","Product name empty!",E15 & IF(I15<>""," - "&I15,"")&IF(J15<>""," - "&J15&IF(AND(J15="induction",CG15<>"")," "&CG15,""),"")&IF(Z15<>""," - largeur "&Z15,""))) -> #REF! | G15: =IF(OR(#REF!="",ISERROR(#REF!)),"",#REF!) -> #REF! | I15: =IF(#REF!="","",IFERROR(VLOOKUP(#REF!,Translate,2,FALSE),#REF!)) -> #REF! | J15: =IF(#REF!="","",IFERROR(VLOOKUP(#REF!,Translate,2,FALSE),#REF!)) -> #REF! | K15: =IF(#REF!="","",IFERROR(VLOOKUP(#REF!,Translate,2,FALSE),#REF!)) -> #REF! | L15: =IF(#REF!="","",IFERROR(VLOOKUP(#REF!,Translate,2,FALSE),#REF!)) -> #REF! | M15: =IF(#REF!="","",IFERROR(VLOOKUP(#REF!,Translate,2,FALSE),#REF!)) -> #REF! | N15: =IF(#REF!="","",IFERROR(VLOOKUP(#REF!,Translate,2,FALSE),#REF!)) -> #REF! | O15: =IF(#REF!="","",IFERROR(VLOOKUP(#REF!,Translate,2,FALSE),#REF!)) -> #REF! | P15: =IF(#REF!="","",IFERROR(VLOOKUP(#REF!,Translate,2,FALSE),#REF!)) -> #REF! | ... DJ15: =IF(#REF!="","",IFERROR(VLOOKUP(#REF!,Translate,2,FALSE),#REF!)) -> #REF!
A16: =IF(OR(#REF!="",ISERROR(#REF!)),"",#REF!) -> #REF! | B16: =IF(OR(#REF!="",ISERROR(#REF!)),"",#REF!) -> #REF! | C16: =IF(OR(#REF!="",ISERROR(#REF!)),"",#REF!) -> #REF! | D16: =IF(OR(#REF!="",ISERROR(#REF!)),"",#REF!) -> #REF! | E16: =IF(OR(#REF!="",ISERROR(#REF!)),"",#REF!) -> #REF! | F16: =IF(C16="","",IF(E16="","Product name empty!",E16 & IF(I16<>""," - "&I16,"")&IF(J16<>""," - "&J16&IF(AND(J16="induction",CG16<>"")," "&CG16,""),"")&IF(Z16<>""," - largeur "&Z16,""))) -> #REF! | G16: =IF(OR(#REF!="",ISERROR(#REF!)),"",#REF!) -> #REF! | I16: =IF(#REF!="","",IFERROR(VLOOKUP(#REF!,Translate,2,FALSE),#REF!)) -> #REF! | J16: =IF(#REF!="","",IFERROR(VLOOKUP(#REF!,Translate,2,FALSE),#REF!)) -> #REF! | K16: =IF(#REF!="","",IFERROR(VLOOKUP(#REF!,Translate,2,FALSE),#REF!)) -> #REF! | L16: =IF(#REF!="","",IFERROR(VLOOKUP(#REF!,Translate,2,FALSE),#REF!)) -> #REF! | M16: =IF(#REF!="","",IFERROR(VLOOKUP(#REF!,Translate,2,FALSE),#REF!)) -> #REF! | N16: =IF(#REF!="","",IFERROR(VLOOKUP(#REF!,Translate,2,FALSE),#REF!)) -> #REF! | O16: =IF(#REF!="","",IFERROR(VLOOKUP(#REF!,Translate,2,FALSE),#REF!)) -> #REF! | P16: =IF(#REF!="","",IFERROR(VLOOKUP(#REF!,Translate,2,FALSE),#REF!)) -> #REF! | ... DJ16: =IF(#REF!="","",IFERROR(VLOOKUP(#REF!,Translate,2,FALSE),#REF!)) -> #REF!
A17: =IF(OR(#REF!="",ISERROR(#REF!)),"",#REF!) -> #REF! | B17: =IF(OR(#REF!="",ISERROR(#REF!)),"",#REF!) -> #REF! | C17: =IF(OR(#REF!="",ISERROR(#REF!)),"",#REF!) -> #REF! | D17: =IF(OR(#REF!="",ISERROR(#REF!)),"",#REF!) -> #REF! | E17: =IF(OR(#REF!="",ISERROR(#REF!)),"",#REF!) -> #REF! | F17: =IF(C17="","",IF(E17="","Product name empty!",E17 & IF(I17<>""," - "&I17,"")&IF(J17<>""," - "&J17&IF(AND(J17="induction",CG17<>"")," "&CG17,""),"")&IF(Z17<>""," - largeur "&Z17,""))) -> #REF! | G17: =IF(OR(#REF!="",ISERROR(#REF!)),"",#REF!) -> #REF! | I17: =IF(#REF!="","",IFERROR(VLOOKUP(#REF!,Translate,2,FALSE),#REF!)) -> #REF! | J17: =IF(#REF!="","",IFERROR(VLOOKUP(#REF!,Translate,2,FALSE),#REF!)) -> #REF! | K17: =IF(#REF!="","",IFERROR(VLOOKUP(#REF!,Translate,2,FALSE),#REF!)) -> #REF! | L17: =IF(#REF!="","",IFERROR(VLOOKUP(#REF!,Translate,2,FALSE),#REF!)) -> #REF! | M17: =IF(#REF!="","",IFERROR(VLOOKUP(#REF!,Translate,2,FALSE),#REF!)) -> #REF! | N17: =IF(#REF!="","",IFERROR(VLOOKUP(#REF!,Translate,2,FALSE),#REF!)) -> #REF! | O17: =IF(#REF!="","",IFERROR(VLOOKUP(#REF!,Translate,2,FALSE),#REF!)) -> #REF! | P17: =IF(#REF!="","",IFERROR(VLOOKUP(#REF!,Translate,2,FALSE),#REF!)) -> #REF! | ... DJ17: =IF(#REF!="","",IFERROR(VLOOKUP(#REF!,Translate,2,FALSE),#REF!)) -> #REF!
... A40: =IF(OR(#REF!="",ISERROR(#REF!)),"",#REF!) -> #REF! | B40: =IF(OR(#REF!="",ISERROR(#REF!)),"",#REF!) -> #REF! | C40: =IF(OR(#REF!="",ISERROR(#REF!)),"",#REF!) -> #REF! | D40: =IF(OR(#REF!="",ISERROR(#REF!)),"",#REF!) -> #REF! | E40: =IF(OR(#REF!="",ISERROR(#REF!)),"",#REF!) -> #REF! | F40: =IF(C40="","",IF(E40="","Product name empty!",E40 & IF(I40<>""," - "&I40,"")&IF(J40<>""," - "&J40&IF(AND(J40="induction",CG40<>"")," "&CG40,""),"")&IF(Z40<>""," - largeur "&Z40,""))) -> #REF! | G40: =IF(OR(#REF!="",ISERROR(#REF!)),"",#REF!) -> #REF! | I40: =IF(#REF!="","",IFERROR(VLOOKUP(#REF!,Translate,2,FALSE),#REF!)) -> #REF! | J40: =IF(#REF!="","",IFERROR(VLOOKUP(#REF!,Translate,2,FALSE),#REF!)) -> #REF! | K40: =IF(#REF!="","",IFERROR(VLOOKUP(#REF!,Translate,2,FALSE),#REF!)) -> #REF! | L40: =IF(#REF!="","",IFERROR(VLOOKUP(#REF!,Translate,2,FALSE),#REF!)) -> #REF! | M40: =IF(#REF!="","",IFERROR(VLOOKUP(#REF!,Translate,2,FALSE),#REF!)) -> #REF! | N40: =IF(#REF!="","",IFERROR(VLOOKUP(#REF!,Translate,2,FALSE),#REF!)) -> #REF! | O40: =IF(#REF!="","",IFERROR(VLOOKUP(#REF!,Translate,2,FALSE),#REF!)) -> #REF! | P40: =IF(#REF!="","",IFERROR(VLOOKUP(#REF!,Translate,2,FALSE),#REF!)) -> #REF! | ... DJ40: =IF(#REF!="","",IFERROR(VLOOKUP(#REF!,Translate,2,FALSE),#REF!)) -> #REF!
D41: // | DA41: // | DB41: // | DC41: // | DD41: // | DE41: // | DF41: // | DG41: // | DH41: // | DI41: // | DJ41: //

Sheet Koelkast
A1: FET_FRA_1035-1036-1183-1450-1451 | H1: Additional information if required | I1: =VLOOKUP(I2,PROD_FEAT,4,FALSE) -> Text | J1: =VLOOKUP(J2,PROD_FEAT,4,FALSE) -> Text | K1: =VLOOKUP(K2,PROD_FEAT,4,FALSE) -> List Of Values | L1: =VLOOKUP(L2,PROD_FEAT,4,FALSE) -> Text | M1: =VLOOKUP(M2,PROD_FEAT,4,FALSE) -> List Of Values | N1: =VLOOKUP(N2,PROD_FEAT,4,FALSE) -> Ja/Nee | O1: =VLOOKUP(O2,PROD_FEAT,4,FALSE) -> Text | P1: =VLOOKUP(P2,PROD_FEAT,4,FALSE) -> Number | ... DB1: =VLOOKUP(DB2,PROD_FEAT,4,FALSE) -> Text
A2: Wetransfer link or Brand portal | B2: <ID> | C2: Product EAN Masterdata | D2: Merk | E2: Product name | F2: ATTR_PROD_CustomerProductName | G2: Long Description | I2: PROD_FEAT_10990 | J2: PROD_FEAT_10401 | K2: PROD_FEAT_10714 | L2: PROD_FEAT_10812 | M2: PROD_FEAT_00003 | N2: PROD_FEAT_11172 | O2: PROD_FEAT_13482 | P2: PROD_FEAT_16241 | Q2: PROD_FEAT_12253 | R2: PROD_FEAT_12438 | S2: PROD_FEAT_91311 | T2: PROD_FEAT_91310 | U2: PROD_FEAT_16236 | V2: PROD_FEAT_11675 | W2: PROD_FEAT_15236 | X2: PROD_FEAT_13437 | Y2: ATTR_PROD_ENERGY_EPREL_ID | Z2: PROD_FEAT_91100 | AA2: PROD_FEAT_16111 | AB2: PROD_FEAT_16110 | AC2: PROD_FEAT_16112 | AD2: PROD_FEAT_16333 | AE2: PROD_FEAT_11011 | AF2: PROD_FEAT_14701 | AG2: PROD_FEAT_14700 | AH2: PROD_FEAT_14702 | AI2: PROD_FEAT_14704 | AJ2: PROD_FEAT_16743 | AK2: PROD_FEAT_16744 | AL2: PROD_FEAT_16747 | AM2: PROD_FEAT_16745 | AN2: PROD_FEAT_11470 | AO2: PROD_FEAT_16207 | AP2: PROD_FEAT_16208 | AQ2: ATTR_PROD_EUCNCode | AR2: PROD_FEAT_13366 | AS2: PROD_FEAT_10982 | AT2: PROD_FEAT_10649 | AU2: PROD_FEAT_12120 | AV2: PROD_FEAT_14384 | AW2: PROD_FEAT_10747 | AX2: PROD_FEAT_14540 | AY2: PROD_FEAT_91176 | AZ2: PROD_FEAT_16609 | BA2: PROD_FEAT_16234 | BB2: PROD_FEAT_11223 | BC2: PROD_FEAT_91155 | BD2: PROD_FEAT_16235 | BE2: PROD_FEAT_16233 | BF2: PROD_FEAT_16238 | BG2: PROD_FEAT_16242 | BH2: PROD_FEAT_10002 | BI2: PROD_FEAT_16232 | BJ2: PROD_FEAT_14552 | BK2: PROD_FEAT_15268 | BL2: PROD_FEAT_14554 | BM2: PROD_FEAT_14553 | BN2: PROD_FEAT_13960 | BO2: PROD_FEAT_11314 | BP2: PROD_FEAT_11421 | BQ2: PROD_FEAT_14510 | BR2: PROD_FEAT_14451 | BS2: PROD_FEAT_10141 | BT2: PROD_FEAT_14959 | BU2: PROD_FEAT_91160 | BV2: PROD_FEAT_91159 | BW2: PROD_FEAT_18889 | BX2: PROD_FEAT_91157 | BY2: PROD_FEAT_91158 | BZ2: PROD_FEAT_14558 | CA2: PROD_FEAT_14482 | CB2: PROD_FEAT_10794 | CC2: PROD_FEAT_10796 | CD2: PROD_FEAT_10795 | CE2: PROD_FEAT_14513 | CF2: PROD_FEAT_14515 | CG2: PROD_FEAT_16142 | CH2: PROD_FEAT_12484 | CI2: PROD_FEAT_15771 | CJ2: PROD_FEAT_15742 | CK2: PROD_FEAT_16914 | CL2: PROD_FEAT_16943 | CM2: PROD_FEAT_16962 | CN2: PROD_FEAT_16866 | CO2: PROD_FEAT_16918 | CP2: PROD_FEAT_16617 | CQ2: PROD_FEAT_16746 | CR2: ATTR_PROD_CONFIDENTIAL_UNTIL | CS2: ATTR_PROD_MANU_OverrideContactDetails | CT2: ATTR_PROD_MANU_LegalName | CU2: ATTR_PROD_MANU_Email | CV2: ATTR_PROD_MANU_WebsiteURL | CW2: ATTR_PROD_MANU_EuEstablished | CX2: ATTR_PROD_MANU_AddressLine | CY2: ATTR_PROD_MANU_AddressCity | CZ2: ATTR_PROD_MANU_AddressZipCode | DA2: ATTR_PROD_MANU_AddressCountry | DB2: ATTR_PROD_MANU_AddressDetails
B3: Mediamarkt ID only | F3: Automatized | I3: =VLOOKUP(I2,PROD_FEAT,3,FALSE) -> Type de produit | J3: =VLOOKUP(J2,PROD_FEAT,3,FALSE) -> Modèle | K3: =VLOOKUP(K2,PROD_FEAT,3,FALSE) -> Type de construction | L3: =VLOOKUP(L2,PROD_FEAT,3,FALSE) -> Couleur (selon le fabriquant) | M3: =VLOOKUP(M2,PROD_FEAT,3,FALSE) -> Couleur (Base) | N3: =VLOOKUP(N2,PROD_FEAT,3,FALSE) -> Éclairage intérieur | O3: =VLOOKUP(O2,PROD_FEAT,3,FALSE) -> Position du compartiment de congélation | P3: =VLOOKUP(P2,PROD_FEAT,3,FALSE) -> Nombre de portes | ... DB3: =VLOOKUP(DB2,PROD_FEAT,3,FALSE) -> Manufacturer Address Additional Details
A4: Afbeeldingen | B4: <ID> | C4: EAN | D4: Merk | E4: Product name | F4: Customer-friendly Product Name | G4: Producttekst | I4: =VLOOKUP(I2,PROD_FEAT,2,FALSE) -> Producttype | J4: =VLOOKUP(J2,PROD_FEAT,2,FALSE) -> Model | K4: =VLOOKUP(K2,PROD_FEAT,2,FALSE) -> Installatietype | L4: =VLOOKUP(L2,PROD_FEAT,2,FALSE) -> Kleur (door fabrikant) | M4: =VLOOKUP(M2,PROD_FEAT,2,FALSE) -> Kleur (basis) | N4: =VLOOKUP(N2,PROD_FEAT,2,FALSE) -> Binnenverlichting | O4: =VLOOKUP(O2,PROD_FEAT,2,FALSE) -> Plaats vriesvak | P4: =VLOOKUP(P2,PROD_FEAT,2,FALSE) -> Aantal deuren | ... DB4: =VLOOKUP(DB2,PROD_FEAT,2,FALSE) -> Manufacturer Address Additional Details
A5: Link | C5: 1234567895469 | D5: Dyson | E5: WCFRDTY125 | F5: =IF(C5="","",IF(E5="","Product name empty!",E5&IF(J5<>""," - "&IF(K5="inbouw","Inbouw ","")&J5,"")&IF(AND(K5<>"inbouw",AB5<>"")," - breedte "&AB5,"")&IF(AND(K5<>"inbouw",AA5<>"")," - hoogte "&AA5,"")&IF(AND(K5<>"inbouw",BC5<>"")," - inhoud "&BC5,"")&IF(V5="Ja"," - NoFrost","")&IF(AND(K5<>"vrijstaand",K5<>"inbouw"),IF(K5<>""," - "&K5,""),"")&IF(K5<>"vrijstaand",IF(CD5<>""," - Nishoogte "&CD5,""),""))) -> WCFRDTY125 - Koelkast met vriesvak - breedte 60 cm - hoogte 180 cm - inhoud 350 l - NoFrost | G5: Marketing text | H5: xxxxxx | I5: Koelkast | J5: Koelkast met vriesvak | K5: Vrijstaand | L5: Arctic white | M5: Blauw | N5: Ja | O5: Onderaan | P5: 1 | Q5: Links en rechts | R5: Signaal bij open deur | S5: 250 l | T5: 100 l | U5: 4 | V5: Ja | W5: Nee | X5: Nee | Y5: 12345 | Z5: B | AA5: 180 cm | AB5: 60 cm | AC5: 60 cm | AD5: 35 kg | AE5: 45 kg | AF5: 190 cm | AG5: 65 cm | AH5: 65 cm | AI5: 36 kg | AJ5: Onbekend | AK5: 5 jaar | AL5: 5 jaar na aankoop van het product | AM5: MediaMarkt kan niet garanderen dat de apps/software goed blijven functioneren tijdens de hele levensduur van het product. Dit is afhankelijk van het beleid van de fabrikant. | AN5: Koelkast / Netsnoer / Handleiding | AO5: 2 jaar | AP5: 1 jaar fabrikant garantie | AQ5: 2543/85 | AR5: Overige kenmerken | AS5: 2 | AT5: Nee | AU5: Mechanisch | AV5: Drukknop | AW5: Nee | AX5: Ja | AY5: Ja | AZ5: Nee | BA5: 3 | BB5: Nee | BC5: 350 l | BD5: 3 | BE5: 1 | BF5: 2 | BG5: 2 | BH5: Nee | BI5: 2 | BJ5: Nee | BK5: Nee | BL5: Digitaal | BM5: Analoog | BN5: Geventileerd koud | BO5: R600a | BP5: 10 h | BQ5: Links, omkeerbaar | BR5: Ja - alleen voorin | BS5: Nee | BT5: Nee | BU5: Subtropisch | BV5: 175 kWh/a | BW5: Nee | BX5: 48 dB(A) | BY5: B | BZ5: 120 cm | CA5: 1.8 m | CB5: 59 cm | CC5: 59 cm | CD5: 179 cm | CE5: 40 cm | CF5: 40 cm | CG5: 150 cm | CH5: Nee | CI5: Nee | CJ5: Nee | CK5: AI Ready | CL5: Prestatieoptimalisatie | CM5: Miele@Home | CN5: 8.7 | CO5: Google 2000 | CP5: 2025 | CQ5: 45658 | CR5: 2025-01-01 00:00:00 | CS5: true | CT5: Manufacturer Legal Name | CU5: manufacturer@email.com | CV5: Manufacturer Website URL | CW5: true | CX5: Manufacturer Address Line | CY5: Manufacturer City | CZ5: Manufacturer Zip Code | DA5: Nederland | DB5: Manufacturer Address Additional Details
A6: In Mail | C6: 8806096626924 | D6: LG | E6: GBBS322CEV | F6: =IF(C6="","",IF(E6="","Product name empty!",E6&IF(J6<>""," - "&IF(K6="inbouw","Inbouw ","")&J6,"")&IF(AND(K6<>"inbouw",AB6<>"")," - breedte "&AB6,"")&IF(AND(K6<>"inbouw",AA6<>"")," - hoogte "&AA6,"")&IF(AND(K6<>"inbouw",BC6<>"")," - inhoud "&BC6,"")&IF(V6="Ja"," - NoFrost","")&IF(AND(K6<>"vrijstaand",K6<>"inbouw"),IF(K6<>""," - "&K6,""),"")&IF(K6<>"vrijstaand",IF(CD6<>""," - Nishoogte "&CD6,""),""))) -> GBBS322CEV - Koel-vriescombinatie - breedte 597 - hoogte 2030 - inhoud 375l - NoFrost | G6: De LG GBB322CEV koel-vriescombinatie in stijlvol zwart combineert strak design met slimme technologie voor maximale versheid. Dankzij Door Cooling+™ wordt de hele koelkast snel en gelijkmatig gekoeld, terwijl Linear Cooling™ temperatuurschommelingen minimaliseert voor een constante smaak. De Fresh Converter™ laat je de ideale temperatuur instellen voor vlees, vis of groenten, en de Moist Balance Crisper™ houdt fruit en groenten langer knapperig door perfecte vochtregulatie. Met LG ThinQ™ WiFi bedien je de koelkast eenvoudig op afstand via je smartphone. | I6: Koel-vriescombinatie | J6: Koel-vriescombinatie | K6: Vrijstaand | L6: Essence Black Steel | M6: Zwart | N6: Ja | O6: Onderaan | P6: 2 | Q6: Aan te passen door technicus | R6: Ja | S6: 375 | T6: 113 | U6: 3 | V6: Ja | W6: Nee | X6: Nee | Y6: - | Z6: C | AA6: 2030 | AB6: 597 | AC6: 674 | AD6: 72 | AE6: 80 | AF6: 2104 | AG6: 645 | AH6: 741 | AI6: 80 | AJ6: Nee | AK6: 10 jaar | AL6: 10 | AM6: nvt | AN6: Koelkast / Netsnoer / Handleiding | AO6: 2 jaar | AP6: 10 jaar motor garantie | AQ6: 84181020 | AR6: 3 transperante lades | AS6: 3 | AT6: Ja | AU6: Mechanisch | AV6: knoppen | AW6: Nee | AX6: Ja | AY6: Ja | AZ6: Ja | BA6: 4 | BB6: Ja | BC6: 375l | BD6: 3
F7: =IF(C7="","",IF(E7="","Product name empty!",E7&IF(J7<>""," - "&IF(K7="inbouw","Inbouw ","")&J7,"")&IF(AND(K7<>"inbouw",AB7<>"")," - breedte "&AB7,"")&IF(AND(K7<>"inbouw",AA7<>"")," - hoogte "&AA7,"")&IF(AND(K7<>"inbouw",BC7<>"")," - inhoud "&BC7,"")&IF(V7="Ja"," - NoFrost","")&IF(AND(K7<>"vrijstaand",K7<>"inbouw"),IF(K7<>""," - "&K7,""),"")&IF(K7<>"vrijstaand",IF(CD7<>""," - Nishoogte "&CD7,""),""))) | AO7: 2 jaar
F8: =IF(C8="","",IF(E8="","Product name empty!",E8&IF(J8<>""," - "&IF(K8="inbouw","Inbouw ","")&J8,"")&IF(AND(K8<>"inbouw",AB8<>"")," - breedte "&AB8,"")&IF(AND(K8<>"inbouw",AA8<>"")," - hoogte "&AA8,"")&IF(AND(K8<>"inbouw",BC8<>"")," - inhoud "&BC8,"")&IF(V8="Ja"," - NoFrost","")&IF(AND(K8<>"vrijstaand",K8<>"inbouw"),IF(K8<>""," - "&K8,""),"")&IF(K8<>"vrijstaand",IF(CD8<>""," - Nishoogte "&CD8,""),""))) | AO8: 2 jaar
F9: =IF(C9="","",IF(E9="","Product name empty!",E9&IF(J9<>""," - "&IF(K9="inbouw","Inbouw ","")&J9,"")&IF(AND(K9<>"inbouw",AB9<>"")," - breedte "&AB9,"")&IF(AND(K9<>"inbouw",AA9<>"")," - hoogte "&AA9,"")&IF(AND(K9<>"inbouw",BC9<>"")," - inhoud "&BC9,"")&IF(V9="Ja"," - NoFrost","")&IF(AND(K9<>"vrijstaand",K9<>"inbouw"),IF(K9<>""," - "&K9,""),"")&IF(K9<>"vrijstaand",IF(CD9<>""," - Nishoogte "&CD9,""),""))) | AO9: 2 jaar
F10: =IF(C10="","",IF(E10="","Product name empty!",E10&IF(J10<>""," - "&IF(K10="inbouw","Inbouw ","")&J10,"")&IF(AND(K10<>"inbouw",AB10<>"")," - breedte "&AB10,"")&IF(AND(K10<>"inbouw",AA10<>"")," - hoogte "&AA10,"")&IF(AND(K10<>"inbouw",BC10<>"")," - inhoud "&BC10,"")&IF(V10="Ja"," - NoFrost","")&IF(AND(K10<>"vrijstaand",K10<>"inbouw"),IF(K10<>""," - "&K10,""),"")&IF(K10<>"vrijstaand",IF(CD10<>""," - Nishoogte "&CD10,""),""))) | AO10: 2 jaar
F11: =IF(C11="","",IF(E11="","Product name empty!",E11&IF(J11<>""," - "&IF(K11="inbouw","Inbouw ","")&J11,"")&IF(AND(K11<>"inbouw",AB11<>"")," - breedte "&AB11,"")&IF(AND(K11<>"inbouw",AA11<>"")," - hoogte "&AA11,"")&IF(AND(K11<>"inbouw",BC11<>"")," - inhoud "&BC11,"")&IF(V11="Ja"," - NoFrost","")&IF(AND(K11<>"vrijstaand",K11<>"inbouw"),IF(K11<>""," - "&K11,""),"")&IF(K11<>"vrijstaand",IF(CD11<>""," - Nishoogte "&CD11,""),""))) | AO11: 2 jaar
F12: =IF(C12="","",IF(E12="","Product name empty!",E12&IF(J12<>""," - "&IF(K12="inbouw","Inbouw ","")&J12,"")&IF(AND(K12<>"inbouw",AB12<>"")," - breedte "&AB12,"")&IF(AND(K12<>"inbouw",AA12<>"")," - hoogte "&AA12,"")&IF(AND(K12<>"inbouw",BC12<>"")," - inhoud "&BC12,"")&IF(V12="Ja"," - NoFrost","")&IF(AND(K12<>"vrijstaand",K12<>"inbouw"),IF(K12<>""," - "&K12,""),"")&IF(K12<>"vrijstaand",IF(CD12<>""," - Nishoogte "&CD12,""),""))) | AO12: 2 jaar
F13: =IF(C13="","",IF(E13="","Product name empty!",E13&IF(J13<>""," - "&IF(K13="inbouw","Inbouw ","")&J13,"")&IF(AND(K13<>"inbouw",AB13<>"")," - breedte "&AB13,"")&IF(AND(K13<>"inbouw",AA13<>"")," - hoogte "&AA13,"")&IF(AND(K13<>"inbouw",BC13<>"")," - inhoud "&BC13,"")&IF(V13="Ja"," - NoFrost","")&IF(AND(K13<>"vrijstaand",K13<>"inbouw"),IF(K13<>""," - "&K13,""),"")&IF(K13<>"vrijstaand",IF(CD13<>""," - Nishoogte "&CD13,""),""))) | AO13: 2 jaar
F14: =IF(C14="","",IF(E14="","Product name empty!",E14&IF(J14<>""," - "&IF(K14="inbouw","Inbouw ","")&J14,"")&IF(AND(K14<>"inbouw",AB14<>"")," - breedte "&AB14,"")&IF(AND(K14<>"inbouw",AA14<>"")," - hoogte "&AA14,"")&IF(AND(K14<>"inbouw",BC14<>"")," - inhoud "&BC14,"")&IF(V14="Ja"," - NoFrost","")&IF(AND(K14<>"vrijstaand",K14<>"inbouw"),IF(K14<>""," - "&K14,""),"")&IF(K14<>"vrijstaand",IF(CD14<>""," - Nishoogte "&CD14,""),""))) | AO14: 2 jaar
F15: =IF(C15="","",IF(E15="","Product name empty!",E15&IF(J15<>""," - "&IF(K15="inbouw","Inbouw ","")&J15,"")&IF(AND(K15<>"inbouw",AB15<>"")," - breedte "&AB15,"")&IF(AND(K15<>"inbouw",AA15<>"")," - hoogte "&AA15,"")&IF(AND(K15<>"inbouw",BC15<>"")," - inhoud "&BC15,"")&IF(V15="Ja"," - NoFrost","")&IF(AND(K15<>"vrijstaand",K15<>"inbouw"),IF(K15<>""," - "&K15,""),"")&IF(K15<>"vrijstaand",IF(CD15<>""," - Nishoogte "&CD15,""),""))) | AO15: 2 jaar
F16: =IF(C16="","",IF(E16="","Product name empty!",E16&IF(J16<>""," - "&IF(K16="inbouw","Inbouw ","")&J16,"")&IF(AND(K16<>"inbouw",AB16<>"")," - breedte "&AB16,"")&IF(AND(K16<>"inbouw",AA16<>"")," - hoogte "&AA16,"")&IF(AND(K16<>"inbouw",BC16<>"")," - inhoud "&BC16,"")&IF(V16="Ja"," - NoFrost","")&IF(AND(K16<>"vrijstaand",K16<>"inbouw"),IF(K16<>""," - "&K16,""),"")&IF(K16<>"vrijstaand",IF(CD16<>""," - Nishoogte "&CD16,""),""))) | AO16: 2 jaar
F17: =IF(C17="","",IF(E17="","Product name empty!",E17&IF(J17<>""," - "&IF(K17="inbouw","Inbouw ","")&J17,"")&IF(AND(K17<>"inbouw",AB17<>"")," - breedte "&AB17,"")&IF(AND(K17<>"inbouw",AA17<>"")," - hoogte "&AA17,"")&IF(AND(K17<>"inbouw",BC17<>"")," - inhoud "&BC17,"")&IF(V17="Ja"," - NoFrost","")&IF(AND(K17<>"vrijstaand",K17<>"inbouw"),IF(K17<>""," - "&K17,""),"")&IF(K17<>"vrijstaand",IF(CD17<>""," - Nishoogte "&CD17,""),""))) | AO17: 2 jaar
F18: =IF(C18="","",IF(E18="","Product name empty!",E18&IF(J18<>""," - "&IF(K18="inbouw","Inbouw ","")&J18,"")&IF(AND(K18<>"inbouw",AB18<>"")," - breedte "&AB18,"")&IF(AND(K18<>"inbouw",AA18<>"")," - hoogte "&AA18,"")&IF(AND(K18<>"inbouw",BC18<>"")," - inhoud "&BC18,"")&IF(V18="Ja"," - NoFrost","")&IF(AND(K18<>"vrijstaand",K18<>"inbouw"),IF(K18<>""," - "&K18,""),"")&IF(K18<>"vrijstaand",IF(CD18<>""," - Nishoogte "&CD18,""),""))) | AO18: 2 jaar
... F40: =IF(C40="","",IF(E40="","Product name empty!",E40&IF(J40<>""," - "&IF(K40="inbouw","Inbouw ","")&J40,"")&IF(AND(K40<>"inbouw",AB40<>"")," - breedte "&AB40,"")&IF(AND(K40<>"inbouw",AA40<>"")," - hoogte "&AA40,"")&IF(AND(K40<>"inbouw",BC40<>"")," - inhoud "&BC40,"")&IF(V40="Ja"," - NoFrost","")&IF(AND(K40<>"vrijstaand",K40<>"inbouw"),IF(K40<>""," - "&K40,""),"")&IF(K40<>"vrijstaand",IF(CD40<>""," - Nishoogte "&CD40,""),""))) | AO40: 2 jaar
A41: /// | B41: /// | C41: /// | D41: // | E41: /// | F41: /// | G41: /// | I41: /// | J41: /// | K41: /// | L41: /// | M41: /// | N41: /// | O41: /// | P41: /// | Q41: /// | R41: /// | S41: /// | T41: /// | U41: /// | V41: /// | W41: /// | X41: /// | Y41: /// | Z41: /// | AA41: /// | AB41: /// | AC41: /// | AD41: /// | AE41: /// | AF41: /// | AG41: /// | AH41: /// | AI41: /// | AJ41: /// | AK41: /// | AL41: /// | AM41: /// | AN41: /// | AO41: // | AP41: // | AR41: /// | AS41: /// | AT41: /// | AU41: /// | AV41: /// | AW41: /// | AX41: /// | AY41: /// | AZ41: /// | BA41: /// | BB41: /// | BC41: /// | BD41: /// | BE41: /// | BF41: /// | BG41: /// | BH41: /// | BI41: /// | BJ41: /// | BK41: /// | BL41: /// | BM41: /// | BN41: /// | BO41: /// | BP41: /// | BQ41: /// | BR41: /// | BS41: /// | BT41: /// | BU41: /// | BV41: /// | BW41: /// | BX41: /// | BY41: /// | BZ41: /// | CA41: /// | CB41: /// | CC41: /// | CD41: /// | CE41: /// | CF41: /// | CG41: /// | CH41: /// | CI41: /// | CJ41: /// | CK41: /// | CL41: /// | CM41: /// | CO41: /// | CP41: /// | CQ41: /// | CR41: /// | CS41: // | CT41: // | CU41: // | CV41: // | CW41: // | CX41: // | CY41: // | CZ41: // | DA41: // | DB41: //
A42: Take another empty specheet after this black row

Sheet Koelkast_FR
A1: FET_FRA_1035 | B1: FET_FRA_1036 | C1: FET_FRA_1183 | E1: FET_FRA_1450 | F1: FET_FRA_1451 | H1: Additional information if required | I1: =VLOOKUP(I2,PROD_FEAT,4,FALSE) -> Text | J1: =VLOOKUP(J2,PROD_FEAT,4,FALSE) -> Text | K1: =VLOOKUP(K2,PROD_FEAT,4,FALSE) -> List Of Values | L1: =VLOOKUP(L2,PROD_FEAT,4,FALSE) -> Text | M1: =VLOOKUP(M2,PROD_FEAT,4,FALSE) -> List Of Values | N1: =VLOOKUP(N2,PROD_FEAT,4,FALSE) -> Ja/Nee | O1: =VLOOKUP(O2,PROD_FEAT,4,FALSE) -> Text | P1: =VLOOKUP(P2,PROD_FEAT,4,FALSE) -> Number | ... DB1: =VLOOKUP(DB2,PROD_FEAT,4,FALSE) -> Text
B2: <ID> | C2: Product EAN Masterdata | D2: Merk | E2: Product name | F2: ATTR_PROD_CustomerProductName | G2: ATTR_PROD_LongDesription | I2: PROD_FEAT_10990 | J2: PROD_FEAT_10401 | K2: PROD_FEAT_10714 | L2: PROD_FEAT_10812 | M2: PROD_FEAT_00003 | N2: PROD_FEAT_11172 | O2: PROD_FEAT_13482 | P2: PROD_FEAT_16241 | Q2: PROD_FEAT_12253 | R2: PROD_FEAT_12438 | S2: PROD_FEAT_91311 | T2: PROD_FEAT_91310 | U2: PROD_FEAT_16236 | V2: PROD_FEAT_11675 | W2: PROD_FEAT_15236 | X2: PROD_FEAT_13437 | Y2: ATTR_PROD_ENERGY_EPREL_ID | Z2: PROD_FEAT_91100 | AA2: PROD_FEAT_16111 | AB2: PROD_FEAT_16110 | AC2: PROD_FEAT_16112 | AD2: PROD_FEAT_16333 | AE2: PROD_FEAT_11011 | AF2: PROD_FEAT_14701 | AG2: PROD_FEAT_14700 | AH2: PROD_FEAT_14702 | AI2: PROD_FEAT_14704 | AJ2: PROD_FEAT_16743 | AK2: PROD_FEAT_16744 | AL2: PROD_FEAT_16747 | AM2: PROD_FEAT_16745 | AN2: PROD_FEAT_11470 | AO2: PROD_FEAT_16207 | AP2: PROD_FEAT_16208 | AQ2: ATTR_PROD_EUCNCode | AR2: PROD_FEAT_13366 | AS2: PROD_FEAT_10982 | AT2: PROD_FEAT_10649 | AU2: PROD_FEAT_12120 | AV2: PROD_FEAT_14384 | AW2: PROD_FEAT_10747 | AX2: PROD_FEAT_14540 | AY2: PROD_FEAT_91176 | AZ2: PROD_FEAT_16609 | BA2: PROD_FEAT_16234 | BB2: PROD_FEAT_11223 | BC2: PROD_FEAT_91155 | BD2: PROD_FEAT_16235 | BE2: PROD_FEAT_16233 | BF2: PROD_FEAT_16238 | BG2: PROD_FEAT_16242 | BH2: PROD_FEAT_10002 | BI2: PROD_FEAT_16232 | BJ2: PROD_FEAT_14552 | BK2: PROD_FEAT_15268 | BL2: PROD_FEAT_14554 | BM2: PROD_FEAT_14553 | BN2: PROD_FEAT_13960 | BO2: PROD_FEAT_11314 | BP2: PROD_FEAT_11421 | BQ2: PROD_FEAT_14510 | BR2: PROD_FEAT_14451 | BS2: PROD_FEAT_10141 | BT2: PROD_FEAT_14959 | BU2: PROD_FEAT_91160 | BV2: PROD_FEAT_91159 | BW2: PROD_FEAT_18889 | BX2: PROD_FEAT_91157 | BY2: PROD_FEAT_91158 | BZ2: PROD_FEAT_14558 | CA2: PROD_FEAT_14482 | CB2: PROD_FEAT_10794 | CC2: PROD_FEAT_10796 | CD2: PROD_FEAT_10795 | CE2: PROD_FEAT_14513 | CF2: PROD_FEAT_14515 | CG2: PROD_FEAT_16142 | CH2: PROD_FEAT_12484 | CI2: PROD_FEAT_15771 | CJ2: PROD_FEAT_15742 | CK2: PROD_FEAT_16914 | CL2: PROD_FEAT_16943 | CM2: PROD_FEAT_16962 | CN2: PROD_FEAT_16866 | CO2: PROD_FEAT_16918 | CP2: PROD_FEAT_16617 | CQ2: PROD_FEAT_16746 | CR2: ATTR_PROD_CONFIDENTIAL_UNTIL | CS2: ATTR_PROD_MANU_OverrideContactDetails | CT2: ATTR_PROD_MANU_LegalName | CU2: ATTR_PROD_MANU_Email | CV2: ATTR_PROD_MANU_WebsiteURL | CW2: ATTR_PROD_MANU_EuEstablished | CX2: ATTR_PROD_MANU_AddressLine | CY2: ATTR_PROD_MANU_AddressCity | CZ2: ATTR_PROD_MANU_AddressZipCode | DA2: ATTR_PROD_MANU_AddressCountry | DB2: ATTR_PROD_MANU_AddressDetails
B3: Mediamarkt ID only | F3: Automatized | I3: =VLOOKUP(I2,PROD_FEAT,3,FALSE) -> Type de produit | J3: =VLOOKUP(J2,PROD_FEAT,3,FALSE) -> Modèle | K3: =VLOOKUP(K2,PROD_FEAT,3,FALSE) -> Type de construction | L3: =VLOOKUP(L2,PROD_FEAT,3,FALSE) -> Couleur (selon le fabriquant) | M3: =VLOOKUP(M2,PROD_FEAT,3,FALSE) -> Couleur (Base) | N3: =VLOOKUP(N2,PROD_FEAT,3,FALSE) -> Éclairage intérieur | O3: =VLOOKUP(O2,PROD_FEAT,3,FALSE) -> Position du compartiment de congélation | P3: =VLOOKUP(P2,PROD_FEAT,3,FALSE) -> Nombre de portes | ... DB3: =VLOOKUP(DB2,PROD_FEAT,3,FALSE) -> Manufacturer Address Additional Details
A4: Afbeeldingen | B4: <ID> | C4: EAN | D4: Merk | E4: Product name | F4: Customer-friendly Product Name | G4: Producttekst | I4: =VLOOKUP(I2,PROD_FEAT,2,FALSE) -> Producttype | J4: =VLOOKUP(J2,PROD_FEAT,2,FALSE) -> Model | K4: =VLOOKUP(K2,PROD_FEAT,2,FALSE) -> Installatietype | L4: =VLOOKUP(L2,PROD_FEAT,2,FALSE) -> Kleur (door fabrikant) | M4: =VLOOKUP(M2,PROD_FEAT,2,FALSE) -> Kleur (basis) | N4: =VLOOKUP(N2,PROD_FEAT,2,FALSE) -> Binnenverlichting | O4: =VLOOKUP(O2,PROD_FEAT,2,FALSE) -> Plaats vriesvak | P4: =VLOOKUP(P2,PROD_FEAT,2,FALSE) -> Aantal deuren | ... DB4: =VLOOKUP(DB2,PROD_FEAT,2,FALSE) -> Manufacturer Address Additional Details
A5: =IF(OR(Koelkast!A5="",ISERROR(Koelkast!A5)),"",Koelkast!A5) -> Link | B5: =IF(OR(Koelkast!B5="",ISERROR(Koelkast!B5)),"",Koelkast!B5) | C5: =IF(OR(Koelkast!C5="",ISERROR(Koelkast!C5)),"",Koelkast!C5) -> 1234567895469 | D5: =IF(OR(Koelkast!D5="",ISERROR(Koelkast!D5)),"",Koelkast!D5) -> Dyson | E5: =IF(OR(Koelkast!E5="",ISERROR(Koelkast!E5)),"",Koelkast!E5) -> WCFRDTY125 | F5: =IF(C5="","",IF(E5="","Product name empty!",E5 & IF(J5<>""," - "&J5,"") & IF(K5="encastrable"," encastrable","") & IF(AND(K5<>"encastrable",AB5<>"")," - largeur "&AB5,"") & IF(AND(K5<>"encastrable",AA5<>"")," - hauteur "&AA5,"") & IF(AND(K5<>"encastrable",BC5<>"")," - volume "&BC5,"") & IF(V5="Ja"," - NoFrost","") & IF(AND(K5<>"pose libre",K5<>"encastrable",K5<>"")," - "&K5,"") & IF(K5<>"pose libre",IF(CD5<>""," - hauteur de niche "&CD5,""),""))) -> WCFRDTY125 - Réfrigérateur avec compartiment congélateur - largeur 60 cm - hauteur 180 cm - volume 350 l | G5: =IF(OR(Koelkast!G5="",ISERROR(Koelkast!G5)),"",Koelkast!G5) -> Marketing text | H5: =IF(OR(Koelkast!H5="",ISERROR(Koelkast!H5)),"",Koelkast!H5) -> xxxxxx | I5: =IF(Koelkast!I5="","",IFERROR(VLOOKUP(Koelkast!I5,Translate,2,FALSE),Koelkast!I5)) -> Réfrigérateur | J5: =IF(Koelkast!J5="","",IFERROR(VLOOKUP(Koelkast!J5,Translate,2,FALSE),Koelkast!J5)) -> Réfrigérateur avec compartiment congélateur | K5: =IF(Koelkast!K5="","",IFERROR(VLOOKUP(Koelkast!K5,Translate,2,FALSE),Koelkast!K5)) -> Pose libre | L5: =IF(Koelkast!L5="","",IFERROR(VLOOKUP(Koelkast!L5,Translate,2,FALSE),Koelkast!L5)) -> Arctic white | M5: =IF(Koelkast!M5="","",IFERROR(VLOOKUP(Koelkast!M5,Translate,2,FALSE),Koelkast!M5)) -> Bleu | N5: =IF(Koelkast!N5="","",IFERROR(VLOOKUP(Koelkast!N5,Translate,2,FALSE),Koelkast!N5)) -> Oui | O5: =IF(Koelkast!O5="","",IFERROR(VLOOKUP(Koelkast!O5,Translate,2,FALSE),Koelkast!O5)) -> Onderaan | P5: =IF(Koelkast!P5="","",IFERROR(VLOOKUP(Koelkast!P5,Translate,2,FALSE),Koelkast!P5)) -> 1 | ... DB5: =IF(Koelkast!DB5="","",IFERROR(VLOOKUP(Koelkast!DB5,Translate,2,FALSE),Koelkast!DB5)) -> Manufacturer Address Additional Details
A6: =IF(OR(Koelkast!A6="",ISERROR(Koelkast!A6)),"",Koelkast!A6) -> In Mail | B6: =IF(OR(Koelkast!B6="",ISERROR(Koelkast!B6)),"",Koelkast!B6) | C6: =IF(OR(Koelkast!C6="",ISERROR(Koelkast!C6)),"",Koelkast!C6) -> 8806096626924 | D6: =IF(OR(Koelkast!D6="",ISERROR(Koelkast!D6)),"",Koelkast!D6) -> LG | E6: =IF(OR(Koelkast!E6="",ISERROR(Koelkast!E6)),"",Koelkast!E6) -> GBBS322CEV | F6: =IF(C6="","",IF(E6="","Product name empty!",E6 & IF(J6<>""," - "&J6,"") & IF(K6="encastrable"," encastrable","") & IF(AND(K6<>"encastrable",AB6<>"")," - largeur "&AB6,"") & IF(AND(K6<>"encastrable",AA6<>"")," - hauteur "&AA6,"") & IF(AND(K6<>"encastrable",BC6<>"")," - volume "&BC6,"") & IF(V6="Ja"," - NoFrost","") & IF(AND(K6<>"pose libre",K6<>"encastrable",K6<>"")," - "&K6,"") & IF(K6<>"pose libre",IF(CD6<>""," - hauteur de niche "&CD6,""),""))) -> GBBS322CEV - Frigo-congélateur - largeur 597 - hauteur 2030 - volume 375l | G6: =IF(OR(Koelkast!G6="",ISERROR(Koelkast!G6)),"",Koelkast!G6) -> De LG GBB322CEV koel-vriescombinatie in stijlvol zwart combineert strak design met slimme technologie voor maximale versheid. Dankzij Door Cooling+™ wordt de hele koelkast snel en gelijkmatig gekoeld, terwijl Linear Cooling™ temperatuurschommelingen minimaliseert voor een constante smaak. De Fresh Converter™ laat je de ideale temperatuur instellen voor vlees, vis of groenten, en de Moist Balance Crisper™ houdt fruit en groenten langer knapperig door perfecte vochtregulatie. Met LG ThinQ™ WiFi bedien je de koelkast eenvoudig op afstand via je smartphone. | H6: =IF(OR(Koelkast!H6="",ISERROR(Koelkast!H6)),"",Koelkast!H6) | I6: =IF(Koelkast!I6="","",IFERROR(VLOOKUP(Koelkast!I6,Translate,2,FALSE),Koelkast!I6)) -> Frigo-congélateur | J6: =IF(Koelkast!J6="","",IFERROR(VLOOKUP(Koelkast!J6,Translate,2,FALSE),Koelkast!J6)) -> Frigo-congélateur | K6: =IF(Koelkast!K6="","",IFERROR(VLOOKUP(Koelkast!K6,Translate,2,FALSE),Koelkast!K6)) -> Pose libre | L6: =IF(Koelkast!L6="","",IFERROR(VLOOKUP(Koelkast!L6,Translate,2,FALSE),Koelkast!L6)) -> Essence Black Steel | M6: =IF(Koelkast!M6="","",IFERROR(VLOOKUP(Koelkast!M6,Translate,2,FALSE),Koelkast!M6)) -> Noir | N6: =IF(Koelkast!N6="","",IFERROR(VLOOKUP(Koelkast!N6,Translate,2,FALSE),Koelkast!N6)) -> Oui | O6: =IF(Koelkast!O6="","",IFERROR(VLOOKUP(Koelkast!O6,Translate,2,FALSE),Koelkast!O6)) -> Onderaan | P6: =IF(Koelkast!P6="","",IFERROR(VLOOKUP(Koelkast!P6,Translate,2,FALSE),Koelkast!P6)) -> 2 | ... DB6: =IF(Koelkast!DB6="","",IFERROR(VLOOKUP(Koelkast!DB6,Translate,2,FALSE),Koelkast!DB6))
A7: =IF(OR(Koelkast!A7="",ISERROR(Koelkast!A7)),"",Koelkast!A7) | B7: =IF(OR(Koelkast!B7="",ISERROR(Koelkast!B7)),"",Koelkast!B7) | C7: =IF(OR(Koelkast!C7="",ISERROR(Koelkast!C7)),"",Koelkast!C7) | D7: =IF(OR(Koelkast!D7="",ISERROR(Koelkast!D7)),"",Koelkast!D7) | E7: =IF(OR(Koelkast!E7="",ISERROR(Koelkast!E7)),"",Koelkast!E7) | F7: =IF(C7="","",IF(E7="","Product name empty!",E7 & IF(J7<>""," - "&J7,"") & IF(K7="encastrable"," encastrable","") & IF(AND(K7<>"encastrable",AB7<>"")," - largeur "&AB7,"") & IF(AND(K7<>"encastrable",AA7<>"")," - hauteur "&AA7,"") & IF(AND(K7<>"encastrable",BC7<>"")," - volume "&BC7,"") & IF(V7="Ja"," - NoFrost","") & IF(AND(K7<>"pose libre",K7<>"encastrable",K7<>"")," - "&K7,"") & IF(K7<>"pose libre",IF(CD7<>""," - hauteur de niche "&CD7,""),""))) | G7: =IF(OR(Koelkast!G7="",ISERROR(Koelkast!G7)),"",Koelkast!G7) | H7: =IF(OR(Koelkast!H7="",ISERROR(Koelkast!H7)),"",Koelkast!H7) | I7: =IF(Koelkast!I7="","",IFERROR(VLOOKUP(Koelkast!I7,Translate,2,FALSE),Koelkast!I7)) | J7: =IF(Koelkast!J7="","",IFERROR(VLOOKUP(Koelkast!J7,Translate,2,FALSE),Koelkast!J7)) | K7: =IF(Koelkast!K7="","",IFERROR(VLOOKUP(Koelkast!K7,Translate,2,FALSE),Koelkast!K7)) | L7: =IF(Koelkast!L7="","",IFERROR(VLOOKUP(Koelkast!L7,Translate,2,FALSE),Koelkast!L7)) | M7: =IF(Koelkast!M7="","",IFERROR(VLOOKUP(Koelkast!M7,Translate,2,FALSE),Koelkast!M7)) | N7: =IF(Koelkast!N7="","",IFERROR(VLOOKUP(Koelkast!N7,Translate,2,FALSE),Koelkast!N7)) | O7: =IF(Koelkast!O7="","",IFERROR(VLOOKUP(Koelkast!O7,Translate,2,FALSE),Koelkast!O7)) | P7: =IF(Koelkast!P7="","",IFERROR(VLOOKUP(Koelkast!P7,Translate,2,FALSE),Koelkast!P7)) | ... DB7: =IF(Koelkast!DB7="","",IFERROR(VLOOKUP(Koelkast!DB7,Translate,2,FALSE),Koelkast!DB7))
A8: =IF(OR(Koelkast!A8="",ISERROR(Koelkast!A8)),"",Koelkast!A8) | B8: =IF(OR(Koelkast!B8="",ISERROR(Koelkast!B8)),"",Koelkast!B8) | C8: =IF(OR(Koelkast!C8="",ISERROR(Koelkast!C8)),"",Koelkast!C8) | D8: =IF(OR(Koelkast!D8="",ISERROR(Koelkast!D8)),"",Koelkast!D8) | E8: =IF(OR(Koelkast!E8="",ISERROR(Koelkast!E8)),"",Koelkast!E8) | F8: =IF(C8="","",IF(E8="","Product name empty!",E8 & IF(J8<>""," - "&J8,"") & IF(K8="encastrable"," encastrable","") & IF(AND(K8<>"encastrable",AB8<>"")," - largeur "&AB8,"") & IF(AND(K8<>"encastrable",AA8<>"")," - hauteur "&AA8,"") & IF(AND(K8<>"encastrable",BC8<>"")," - volume "&BC8,"") & IF(V8="Ja"," - NoFrost","") & IF(AND(K8<>"pose libre",K8<>"encastrable",K8<>"")," - "&K8,"") & IF(K8<>"pose libre",IF(CD8<>""," - hauteur de niche "&CD8,""),""))) | G8: =IF(OR(Koelkast!G8="",ISERROR(Koelkast!G8)),"",Koelkast!G8) | H8: =IF(OR(Koelkast!H8="",ISERROR(Koelkast!H8)),"",Koelkast!H8) | I8: =IF(Koelkast!I8="","",IFERROR(VLOOKUP(Koelkast!I8,Translate,2,FALSE),Koelkast!I8)) | J8: =IF(Koelkast!J8="","",IFERROR(VLOOKUP(Koelkast!J8,Translate,2,FALSE),Koelkast!J8)) | K8: =IF(Koelkast!K8="","",IFERROR(VLOOKUP(Koelkast!K8,Translate,2,FALSE),Koelkast!K8)) | L8: =IF(Koelkast!L8="","",IFERROR(VLOOKUP(Koelkast!L8,Translate,2,FALSE),Koelkast!L8)) | M8: =IF(Koelkast!M8="","",IFERROR(VLOOKUP(Koelkast!M8,Translate,2,FALSE),Koelkast!M8)) | N8: =IF(Koelkast!N8="","",IFERROR(VLOOKUP(Koelkast!N8,Translate,2,FALSE),Koelkast!N8)) | O8: =IF(Koelkast!O8="","",IFERROR(VLOOKUP(Koelkast!O8,Translate,2,FALSE),Koelkast!O8)) | P8: =IF(Koelkast!P8="","",IFERROR(VLOOKUP(Koelkast!P8,Translate,2,FALSE),Koelkast!P8)) | ... DB8: =IF(Koelkast!DB8="","",IFERROR(VLOOKUP(Koelkast!DB8,Translate,2,FALSE),Koelkast!DB8))
A9: =IF(OR(Koelkast!A9="",ISERROR(Koelkast!A9)),"",Koelkast!A9) | B9: =IF(OR(Koelkast!B9="",ISERROR(Koelkast!B9)),"",Koelkast!B9) | C9: =IF(OR(Koelkast!C9="",ISERROR(Koelkast!C9)),"",Koelkast!C9) | D9: =IF(OR(Koelkast!D9="",ISERROR(Koelkast!D9)),"",Koelkast!D9) | E9: =IF(OR(Koelkast!E9="",ISERROR(Koelkast!E9)),"",Koelkast!E9) | F9: =IF(C9="","",IF(E9="","Product name empty!",E9 & IF(J9<>""," - "&J9,"") & IF(K9="encastrable"," encastrable","") & IF(AND(K9<>"encastrable",AB9<>"")," - largeur "&AB9,"") & IF(AND(K9<>"encastrable",AA9<>"")," - hauteur "&AA9,"") & IF(AND(K9<>"encastrable",BC9<>"")," - volume "&BC9,"") & IF(V9="Ja"," - NoFrost","") & IF(AND(K9<>"pose libre",K9<>"encastrable",K9<>"")," - "&K9,"") & IF(K9<>"pose libre",IF(CD9<>""," - hauteur de niche "&CD9,""),""))) | G9: =IF(OR(Koelkast!G9="",ISERROR(Koelkast!G9)),"",Koelkast!G9) | H9: =IF(OR(Koelkast!H9="",ISERROR(Koelkast!H9)),"",Koelkast!H9) | I9: =IF(Koelkast!I9="","",IFERROR(VLOOKUP(Koelkast!I9,Translate,2,FALSE),Koelkast!I9)) | J9: =IF(Koelkast!J9="","",IFERROR(VLOOKUP(Koelkast!J9,Translate,2,FALSE),Koelkast!J9)) | K9: =IF(Koelkast!K9="","",IFERROR(VLOOKUP(Koelkast!K9,Translate,2,FALSE),Koelkast!K9)) | L9: =IF(Koelkast!L9="","",IFERROR(VLOOKUP(Koelkast!L9,Translate,2,FALSE),Koelkast!L9)) | M9: =IF(Koelkast!M9="","",IFERROR(VLOOKUP(Koelkast!M9,Translate,2,FALSE),Koelkast!M9)) | N9: =IF(Koelkast!N9="","",IFERROR(VLOOKUP(Koelkast!N9,Translate,2,FALSE),Koelkast!N9)) | O9: =IF(Koelkast!O9="","",IFERROR(VLOOKUP(Koelkast!O9,Translate,2,FALSE),Koelkast!O9)) | P9: =IF(Koelkast!P9="","",IFERROR(VLOOKUP(Koelkast!P9,Translate,2,FALSE),Koelkast!P9)) | ... DB9: =IF(Koelkast!DB9="","",IFERROR(VLOOKUP(Koelkast!DB9,Translate,2,FALSE),Koelkast!DB9))
A10: =IF(OR(Koelkast!A10="",ISERROR(Koelkast!A10)),"",Koelkast!A10) | B10: =IF(OR(Koelkast!B10="",ISERROR(Koelkast!B10)),"",Koelkast!B10) | C10: =IF(OR(Koelkast!C10="",ISERROR(Koelkast!C10)),"",Koelkast!C10) | D10: =IF(OR(Koelkast!D10="",ISERROR(Koelkast!D10)),"",Koelkast!D10) | E10: =IF(OR(Koelkast!E10="",ISERROR(Koelkast!E10)),"",Koelkast!E10) | F10: =IF(C10="","",IF(E10="","Product name empty!",E10 & IF(J10<>""," - "&J10,"") & IF(K10="encastrable"," encastrable","") & IF(AND(K10<>"encastrable",AB10<>"")," - largeur "&AB10,"") & IF(AND(K10<>"encastrable",AA10<>"")," - hauteur "&AA10,"") & IF(AND(K10<>"encastrable",BC10<>"")," - volume "&BC10,"") & IF(V10="Ja"," - NoFrost","") & IF(AND(K10<>"pose libre",K10<>"encastrable",K10<>"")," - "&K10,"") & IF(K10<>"pose libre",IF(CD10<>""," - hauteur de niche "&CD10,""),""))) | G10: =IF(OR(Koelkast!G10="",ISERROR(Koelkast!G10)),"",Koelkast!G10) | H10: =IF(OR(Koelkast!H10="",ISERROR(Koelkast!H10)),"",Koelkast!H10) | I10: =IF(Koelkast!I10="","",IFERROR(VLOOKUP(Koelkast!I10,Translate,2,FALSE),Koelkast!I10)) | J10: =IF(Koelkast!J10="","",IFERROR(VLOOKUP(Koelkast!J10,Translate,2,FALSE),Koelkast!J10)) | K10: =IF(Koelkast!K10="","",IFERROR(VLOOKUP(Koelkast!K10,Translate,2,FALSE),Koelkast!K10)) | L10: =IF(Koelkast!L10="","",IFERROR(VLOOKUP(Koelkast!L10,Translate,2,FALSE),Koelkast!L10)) | M10: =IF(Koelkast!M10="","",IFERROR(VLOOKUP(Koelkast!M10,Translate,2,FALSE),Koelkast!M10)) | N10: =IF(Koelkast!N10="","",IFERROR(VLOOKUP(Koelkast!N10,Translate,2,FALSE),Koelkast!N10)) | O10: =IF(Koelkast!O10="","",IFERROR(VLOOKUP(Koelkast!O10,Translate,2,FALSE),Koelkast!O10)) | P10: =IF(Koelkast!P10="","",IFERROR(VLOOKUP(Koelkast!P10,Translate,2,FALSE),Koelkast!P10)) | ... DB10: =IF(Koelkast!DB10="","",IFERROR(VLOOKUP(Koelkast!DB10,Translate,2,FALSE),Koelkast!DB10))
A11: =IF(OR(Koelkast!A11="",ISERROR(Koelkast!A11)),"",Koelkast!A11) | B11: =IF(OR(Koelkast!B11="",ISERROR(Koelkast!B11)),"",Koelkast!B11) | C11: =IF(OR(Koelkast!C11="",ISERROR(Koelkast!C11)),"",Koelkast!C11) | D11: =IF(OR(Koelkast!D11="",ISERROR(Koelkast!D11)),"",Koelkast!D11) | E11: =IF(OR(Koelkast!E11="",ISERROR(Koelkast!E11)),"",Koelkast!E11) | F11: =IF(C11="","",IF(E11="","Product name empty!",E11 & IF(J11<>""," - "&J11,"") & IF(K11="encastrable"," encastrable","") & IF(AND(K11<>"encastrable",AB11<>"")," - largeur "&AB11,"") & IF(AND(K11<>"encastrable",AA11<>"")," - hauteur "&AA11,"") & IF(AND(K11<>"encastrable",BC11<>"")," - volume "&BC11,"") & IF(V11="Ja"," - NoFrost","") & IF(AND(K11<>"pose libre",K11<>"encastrable",K11<>"")," - "&K11,"") & IF(K11<>"pose libre",IF(CD11<>""," - hauteur de niche "&CD11,""),""))) | G11: =IF(OR(Koelkast!G11="",ISERROR(Koelkast!G11)),"",Koelkast!G11) | H11: =IF(OR(Koelkast!H11="",ISERROR(Koelkast!H11)),"",Koelkast!H11) | I11: =IF(Koelkast!I11="","",IFERROR(VLOOKUP(Koelkast!I11,Translate,2,FALSE),Koelkast!I11)) | J11: =IF(Koelkast!J11="","",IFERROR(VLOOKUP(Koelkast!J11,Translate,2,FALSE),Koelkast!J11)) | K11: =IF(Koelkast!K11="","",IFERROR(VLOOKUP(Koelkast!K11,Translate,2,FALSE),Koelkast!K11)) | L11: =IF(Koelkast!L11="","",IFERROR(VLOOKUP(Koelkast!L11,Translate,2,FALSE),Koelkast!L11)) | M11: =IF(Koelkast!M11="","",IFERROR(VLOOKUP(Koelkast!M11,Translate,2,FALSE),Koelkast!M11)) | N11: =IF(Koelkast!N11="","",IFERROR(VLOOKUP(Koelkast!N11,Translate,2,FALSE),Koelkast!N11)) | O11: =IF(Koelkast!O11="","",IFERROR(VLOOKUP(Koelkast!O11,Translate,2,FALSE),Koelkast!O11)) | P11: =IF(Koelkast!P11="","",IFERROR(VLOOKUP(Koelkast!P11,Translate,2,FALSE),Koelkast!P11)) | ... DB11: =IF(Koelkast!DB11="","",IFERROR(VLOOKUP(Koelkast!DB11,Translate,2,FALSE),Koelkast!DB11))
A12: =IF(OR(Koelkast!A12="",ISERROR(Koelkast!A12)),"",Koelkast!A12) | B12: =IF(OR(Koelkast!B12="",ISERROR(Koelkast!B12)),"",Koelkast!B12) | C12: =IF(OR(Koelkast!C12="",ISERROR(Koelkast!C12)),"",Koelkast!C12) | D12: =IF(OR(Koelkast!D12="",ISERROR(Koelkast!D12)),"",Koelkast!D12) | E12: =IF(OR(Koelkast!E12="",ISERROR(Koelkast!E12)),"",Koelkast!E12) | F12: =IF(C12="","",IF(E12="","Product name empty!",E12 & IF(J12<>""," - "&J12,"") & IF(K12="encastrable"," encastrable","") & IF(AND(K12<>"encastrable",AB12<>"")," - largeur "&AB12,"") & IF(AND(K12<>"encastrable",AA12<>"")," - hauteur "&AA12,"") & IF(AND(K12<>"encastrable",BC12<>"")," - volume "&BC12,"") & IF(V12="Ja"," - NoFrost","") & IF(AND(K12<>"pose libre",K12<>"encastrable",K12<>"")," - "&K12,"") & IF(K12<>"pose libre",IF(CD12<>""," - hauteur de niche "&CD12,""),""))) | G12: =IF(OR(Koelkast!G12="",ISERROR(Koelkast!G12)),"",Koelkast!G12) | H12: =IF(OR(Koelkast!H12="",ISERROR(Koelkast!H12)),"",Koelkast!H12) | I12: =IF(Koelkast!I12="","",IFERROR(VLOOKUP(Koelkast!I12,Translate,2,FALSE),Koelkast!I12)) | J12: =IF(Koelkast!J12="","",IFERROR(VLOOKUP(Koelkast!J12,Translate,2,FALSE),Koelkast!J12)) | K12: =IF(Koelkast!K12="","",IFERROR(VLOOKUP(Koelkast!K12,Translate,2,FALSE),Koelkast!K12)) | L12: =IF(Koelkast!L12="","",IFERROR(VLOOKUP(Koelkast!L12,Translate,2,FALSE),Koelkast!L12)) | M12: =IF(Koelkast!M12="","",IFERROR(VLOOKUP(Koelkast!M12,Translate,2,FALSE),Koelkast!M12)) | N12: =IF(Koelkast!N12="","",IFERROR(VLOOKUP(Koelkast!N12,Translate,2,FALSE),Koelkast!N12)) | O12: =IF(Koelkast!O12="","",IFERROR(VLOOKUP(Koelkast!O12,Translate,2,FALSE),Koelkast!O12)) | P12: =IF(Koelkast!P12="","",IFERROR(VLOOKUP(Koelkast!P12,Translate,2,FALSE),Koelkast!P12)) | ... DB12: =IF(Koelkast!DB12="","",IFERROR(VLOOKUP(Koelkast!DB12,Translate,2,FALSE),Koelkast!DB12))
A13: =IF(OR(Koelkast!A13="",ISERROR(Koelkast!A13)),"",Koelkast!A13) | B13: =IF(OR(Koelkast!B13="",ISERROR(Koelkast!B13)),"",Koelkast!B13) | C13: =IF(OR(Koelkast!C13="",ISERROR(Koelkast!C13)),"",Koelkast!C13) | D13: =IF(OR(Koelkast!D13="",ISERROR(Koelkast!D13)),"",Koelkast!D13) | E13: =IF(OR(Koelkast!E13="",ISERROR(Koelkast!E13)),"",Koelkast!E13) | F13: =IF(C13="","",IF(E13="","Product name empty!",E13 & IF(J13<>""," - "&J13,"") & IF(K13="encastrable"," encastrable","") & IF(AND(K13<>"encastrable",AB13<>"")," - largeur "&AB13,"") & IF(AND(K13<>"encastrable",AA13<>"")," - hauteur "&AA13,"") & IF(AND(K13<>"encastrable",BC13<>"")," - volume "&BC13,"") & IF(V13="Ja"," - NoFrost","") & IF(AND(K13<>"pose libre",K13<>"encastrable",K13<>"")," - "&K13,"") & IF(K13<>"pose libre",IF(CD13<>""," - hauteur de niche "&CD13,""),""))) | G13: =IF(OR(Koelkast!G13="",ISERROR(Koelkast!G13)),"",Koelkast!G13) | H13: =IF(OR(Koelkast!H13="",ISERROR(Koelkast!H13)),"",Koelkast!H13) | I13: =IF(Koelkast!I13="","",IFERROR(VLOOKUP(Koelkast!I13,Translate,2,FALSE),Koelkast!I13)) | J13: =IF(Koelkast!J13="","",IFERROR(VLOOKUP(Koelkast!J13,Translate,2,FALSE),Koelkast!J13)) | K13: =IF(Koelkast!K13="","",IFERROR(VLOOKUP(Koelkast!K13,Translate,2,FALSE),Koelkast!K13)) | L13: =IF(Koelkast!L13="","",IFERROR(VLOOKUP(Koelkast!L13,Translate,2,FALSE),Koelkast!L13)) | M13: =IF(Koelkast!M13="","",IFERROR(VLOOKUP(Koelkast!M13,Translate,2,FALSE),Koelkast!M13)) | N13: =IF(Koelkast!N13="","",IFERROR(VLOOKUP(Koelkast!N13,Translate,2,FALSE),Koelkast!N13)) | O13: =IF(Koelkast!O13="","",IFERROR(VLOOKUP(Koelkast!O13,Translate,2,FALSE),Koelkast!O13)) | P13: =IF(Koelkast!P13="","",IFERROR(VLOOKUP(Koelkast!P13,Translate,2,FALSE),Koelkast!P13)) | ... DB13: =IF(Koelkast!DB13="","",IFERROR(VLOOKUP(Koelkast!DB13,Translate,2,FALSE),Koelkast!DB13))
A14: =IF(OR(Koelkast!A14="",ISERROR(Koelkast!A14)),"",Koelkast!A14) | B14: =IF(OR(Koelkast!B14="",ISERROR(Koelkast!B14)),"",Koelkast!B14) | C14: =IF(OR(Koelkast!C14="",ISERROR(Koelkast!C14)),"",Koelkast!C14) | D14: =IF(OR(Koelkast!D14="",ISERROR(Koelkast!D14)),"",Koelkast!D14) | E14: =IF(OR(Koelkast!E14="",ISERROR(Koelkast!E14)),"",Koelkast!E14) | F14: =IF(C14="","",IF(E14="","Product name empty!",E14 & IF(J14<>""," - "&J14,"") & IF(K14="encastrable"," encastrable","") & IF(AND(K14<>"encastrable",AB14<>"")," - largeur "&AB14,"") & IF(AND(K14<>"encastrable",AA14<>"")," - hauteur "&AA14,"") & IF(AND(K14<>"encastrable",BC14<>"")," - volume "&BC14,"") & IF(V14="Ja"," - NoFrost","") & IF(AND(K14<>"pose libre",K14<>"encastrable",K14<>"")," - "&K14,"") & IF(K14<>"pose libre",IF(CD14<>""," - hauteur de niche "&CD14,""),""))) | G14: =IF(OR(Koelkast!G14="",ISERROR(Koelkast!G14)),"",Koelkast!G14) | H14: =IF(OR(Koelkast!H14="",ISERROR(Koelkast!H14)),"",Koelkast!H14) | I14: =IF(Koelkast!I14="","",IFERROR(VLOOKUP(Koelkast!I14,Translate,2,FALSE),Koelkast!I14)) | J14: =IF(Koelkast!J14="","",IFERROR(VLOOKUP(Koelkast!J14,Translate,2,FALSE),Koelkast!J14)) | K14: =IF(Koelkast!K14="","",IFERROR(VLOOKUP(Koelkast!K14,Translate,2,FALSE),Koelkast!K14)) | L14: =IF(Koelkast!L14="","",IFERROR(VLOOKUP(Koelkast!L14,Translate,2,FALSE),Koelkast!L14)) | M14: =IF(Koelkast!M14="","",IFERROR(VLOOKUP(Koelkast!M14,Translate,2,FALSE),Koelkast!M14)) | N14: =IF(Koelkast!N14="","",IFERROR(VLOOKUP(Koelkast!N14,Translate,2,FALSE),Koelkast!N14)) | O14: =IF(Koelkast!O14="","",IFERROR(VLOOKUP(Koelkast!O14,Translate,2,FALSE),Koelkast!O14)) | P14: =IF(Koelkast!P14="","",IFERROR(VLOOKUP(Koelkast!P14,Translate,2,FALSE),Koelkast!P14)) | ... DB14: =IF(Koelkast!DB14="","",IFERROR(VLOOKUP(Koelkast!DB14,Translate,2,FALSE),Koelkast!DB14))
A15: =IF(OR(Koelkast!A15="",ISERROR(Koelkast!A15)),"",Koelkast!A15) | B15: =IF(OR(Koelkast!B15="",ISERROR(Koelkast!B15)),"",Koelkast!B15) | C15: =IF(OR(Koelkast!C15="",ISERROR(Koelkast!C15)),"",Koelkast!C15) | D15: =IF(OR(Koelkast!D15="",ISERROR(Koelkast!D15)),"",Koelkast!D15) | E15: =IF(OR(Koelkast!E15="",ISERROR(Koelkast!E15)),"",Koelkast!E15) | F15: =IF(C15="","",IF(E15="","Product name empty!",E15 & IF(J15<>""," - "&J15,"") & IF(K15="encastrable"," encastrable","") & IF(AND(K15<>"encastrable",AB15<>"")," - largeur "&AB15,"") & IF(AND(K15<>"encastrable",AA15<>"")," - hauteur "&AA15,"") & IF(AND(K15<>"encastrable",BC15<>"")," - volume "&BC15,"") & IF(V15="Ja"," - NoFrost","") & IF(AND(K15<>"pose libre",K15<>"encastrable",K15<>"")," - "&K15,"") & IF(K15<>"pose libre",IF(CD15<>""," - hauteur de niche "&CD15,""),""))) | G15: =IF(OR(Koelkast!G15="",ISERROR(Koelkast!G15)),"",Koelkast!G15) | H15: =IF(OR(Koelkast!H15="",ISERROR(Koelkast!H15)),"",Koelkast!H15) | I15: =IF(Koelkast!I15="","",IFERROR(VLOOKUP(Koelkast!I15,Translate,2,FALSE),Koelkast!I15)) | J15: =IF(Koelkast!J15="","",IFERROR(VLOOKUP(Koelkast!J15,Translate,2,FALSE),Koelkast!J15)) | K15: =IF(Koelkast!K15="","",IFERROR(VLOOKUP(Koelkast!K15,Translate,2,FALSE),Koelkast!K15)) | L15: =IF(Koelkast!L15="","",IFERROR(VLOOKUP(Koelkast!L15,Translate,2,FALSE),Koelkast!L15)) | M15: =IF(Koelkast!M15="","",IFERROR(VLOOKUP(Koelkast!M15,Translate,2,FALSE),Koelkast!M15)) | N15: =IF(Koelkast!N15="","",IFERROR(VLOOKUP(Koelkast!N15,Translate,2,FALSE),Koelkast!N15)) | O15: =IF(Koelkast!O15="","",IFERROR(VLOOKUP(Koelkast!O15,Translate,2,FALSE),Koelkast!O15)) | P15: =IF(Koelkast!P15="","",IFERROR(VLOOKUP(Koelkast!P15,Translate,2,FALSE),Koelkast!P15)) | ... DB15: =IF(Koelkast!DB15="","",IFERROR(VLOOKUP(Koelkast!DB15,Translate,2,FALSE),Koelkast!DB15))
A16: =IF(OR(Koelkast!A16="",ISERROR(Koelkast!A16)),"",Koelkast!A16) | B16: =IF(OR(Koelkast!B16="",ISERROR(Koelkast!B16)),"",Koelkast!B16) | C16: =IF(OR(Koelkast!C16="",ISERROR(Koelkast!C16)),"",Koelkast!C16) | D16: =IF(OR(Koelkast!D16="",ISERROR(Koelkast!D16)),"",Koelkast!D16) | E16: =IF(OR(Koelkast!E16="",ISERROR(Koelkast!E16)),"",Koelkast!E16) | F16: =IF(C16="","",IF(E16="","Product name empty!",E16 & IF(J16<>""," - "&J16,"") & IF(K16="encastrable"," encastrable","") & IF(AND(K16<>"encastrable",AB16<>"")," - largeur "&AB16,"") & IF(AND(K16<>"encastrable",AA16<>"")," - hauteur "&AA16,"") & IF(AND(K16<>"encastrable",BC16<>"")," - volume "&BC16,"") & IF(V16="Ja"," - NoFrost","") & IF(AND(K16<>"pose libre",K16<>"encastrable",K16<>"")," - "&K16,"") & IF(K16<>"pose libre",IF(CD16<>""," - hauteur de niche "&CD16,""),""))) | G16: =IF(OR(Koelkast!G16="",ISERROR(Koelkast!G16)),"",Koelkast!G16) | H16: =IF(OR(Koelkast!H16="",ISERROR(Koelkast!H16)),"",Koelkast!H16) | I16: =IF(Koelkast!I16="","",IFERROR(VLOOKUP(Koelkast!I16,Translate,2,FALSE),Koelkast!I16)) | J16: =IF(Koelkast!J16="","",IFERROR(VLOOKUP(Koelkast!J16,Translate,2,FALSE),Koelkast!J16)) | K16: =IF(Koelkast!K16="","",IFERROR(VLOOKUP(Koelkast!K16,Translate,2,FALSE),Koelkast!K16)) | L16: =IF(Koelkast!L16="","",IFERROR(VLOOKUP(Koelkast!L16,Translate,2,FALSE),Koelkast!L16)) | M16: =IF(Koelkast!M16="","",IFERROR(VLOOKUP(Koelkast!M16,Translate,2,FALSE),Koelkast!M16)) | N16: =IF(Koelkast!N16="","",IFERROR(VLOOKUP(Koelkast!N16,Translate,2,FALSE),Koelkast!N16)) | O16: =IF(Koelkast!O16="","",IFERROR(VLOOKUP(Koelkast!O16,Translate,2,FALSE),Koelkast!O16)) | P16: =IF(Koelkast!P16="","",IFERROR(VLOOKUP(Koelkast!P16,Translate,2,FALSE),Koelkast!P16)) | ... DB16: =IF(Koelkast!DB16="","",IFERROR(VLOOKUP(Koelkast!DB16,Translate,2,FALSE),Koelkast!DB16))
... A40: =IF(OR(Koelkast!A40="",ISERROR(Koelkast!A40)),"",Koelkast!A40) | B40: =IF(OR(Koelkast!B40="",ISERROR(Koelkast!B40)),"",Koelkast!B40) | C40: =IF(OR(Koelkast!C40="",ISERROR(Koelkast!C40)),"",Koelkast!C40) | D40: =IF(OR(Koelkast!D40="",ISERROR(Koelkast!D40)),"",Koelkast!D40) | E40: =IF(OR(Koelkast!E40="",ISERROR(Koelkast!E40)),"",Koelkast!E40) | F40: =IF(C40="","",IF(E40="","Product name empty!",E40 & IF(J40<>""," - "&J40,"") & IF(K40="encastrable"," encastrable","") & IF(AND(K40<>"encastrable",AB40<>"")," - largeur "&AB40,"") & IF(AND(K40<>"encastrable",AA40<>"")," - hauteur "&AA40,"") & IF(AND(K40<>"encastrable",BC40<>"")," - volume "&BC40,"") & IF(V40="Ja"," - NoFrost","") & IF(AND(K40<>"pose libre",K40<>"encastrable",K40<>"")," - "&K40,"") & IF(K40<>"pose libre",IF(CD40<>""," - hauteur de niche "&CD40,""),""))) | G40: =IF(OR(Koelkast!G40="",ISERROR(Koelkast!G40)),"",Koelkast!G40) | H40: =IF(OR(Koelkast!H40="",ISERROR(Koelkast!H40)),"",Koelkast!H40) | I40: =IF(Koelkast!I40="","",IFERROR(VLOOKUP(Koelkast!I40,Translate,2,FALSE),Koelkast!I40)) | J40: =IF(Koelkast!J40="","",IFERROR(VLOOKUP(Koelkast!J40,Translate,2,FALSE),Koelkast!J40)) | K40: =IF(Koelkast!K40="","",IFERROR(VLOOKUP(Koelkast!K40,Translate,2,FALSE),Koelkast!K40)) | L40: =IF(Koelkast!L40="","",IFERROR(VLOOKUP(Koelkast!L40,Translate,2,FALSE),Koelkast!L40)) | M40: =IF(Koelkast!M40="","",IFERROR(VLOOKUP(Koelkast!M40,Translate,2,FALSE),Koelkast!M40)) | N40: =IF(Koelkast!N40="","",IFERROR(VLOOKUP(Koelkast!N40,Translate,2,FALSE),Koelkast!N40)) | O40: =IF(Koelkast!O40="","",IFERROR(VLOOKUP(Koelkast!O40,Translate,2,FALSE),Koelkast!O40)) | P40: =IF(Koelkast!P40="","",IFERROR(VLOOKUP(Koelkast!P40,Translate,2,FALSE),Koelkast!P40)) | ... DB40: =IF(Koelkast!DB40="","",IFERROR(VLOOKUP(Koelkast!DB40,Translate,2,FALSE),Koelkast!DB40))
D41: // | CS41: // | CT41: // | CU41: // | CV41: // | CW41: // | CX41: // | CY41: // | CZ41: // | DA41: // | DB41: //

Sheet Kookplaten_FR
A1: FET_FRA_1007 | H1: Additional information if required | I1: =VLOOKUP(I2,PROD_FEAT,4,FALSE) -> Text | J1: =VLOOKUP(J2,PROD_FEAT,4,FALSE) -> Text | K1: =VLOOKUP(K2,PROD_FEAT,4,FALSE) -> List Of Values | L1: =VLOOKUP(L2,PROD_FEAT,4,FALSE) -> Text | M1: =VLOOKUP(M2,PROD_FEAT,4,FALSE) -> List Of Values | N1: =VLOOKUP(N2,PROD_FEAT,4,FALSE) -> Text | O1: =VLOOKUP(O2,PROD_FEAT,4,FALSE) -> Numeric Text | P1: =VLOOKUP(P2,PROD_FEAT,4,FALSE) -> Numeric Text | ... CM1: =VLOOKUP(CM2,PROD_FEAT,4,FALSE) -> Text
A2: Wetransfer link or Brand portal | B2: <ID> | C2: Product EAN Masterdata | D2: Merk | E2: Product name | F2: ATTR_PROD_CustomerProductName | G2: ATTR_PROD_LongDesription | I2: PROD_FEAT_10990 | J2: PROD_FEAT_11367 | K2: PROD_FEAT_10714 | L2: PROD_FEAT_10812 | M2: PROD_FEAT_00003 | N2: PROD_FEAT_10219 | O2: PROD_FEAT_14331 | P2: PROD_FEAT_14486 | Q2: PROD_FEAT_16497 | R2: PROD_FEAT_16111 | S2: PROD_FEAT_16110 | T2: PROD_FEAT_16112 | U2: PROD_FEAT_16333 | V2: PROD_FEAT_14701 | W2: PROD_FEAT_14700 | X2: PROD_FEAT_14702 | Y2: PROD_FEAT_14704 | Z2: PROD_FEAT_11470 | AA2: PROD_FEAT_16207 | AB2: PROD_FEAT_16208 | AC2: ATTR_PROD_EUCNCode | AD2: PROD_FEAT_14332 | AE2: PROD_FEAT_14333 | AF2: PROD_FEAT_14334 | AG2: PROD_FEAT_14335 | AH2: PROD_FEAT_14336 | AI2: PROD_FEAT_14473 | AJ2: PROD_FEAT_14474 | AK2: PROD_FEAT_14475 | AL2: PROD_FEAT_14476 | AM2: PROD_FEAT_14477 | AN2: PROD_FEAT_14478 | AO2: PROD_FEAT_14487 | AP2: PROD_FEAT_14488 | AQ2: PROD_FEAT_14489 | AR2: PROD_FEAT_14490 | AS2: PROD_FEAT_14491 | AT2: PROD_FEAT_14595 | AU2: PROD_FEAT_15729 | AV2: PROD_FEAT_11859 | AW2: PROD_FEAT_11912 | AX2: PROD_FEAT_14594 | AY2: PROD_FEAT_12120 | AZ2: PROD_FEAT_14384 | BA2: PROD_FEAT_15771 | BB2: PROD_FEAT_12484 | BC2: PROD_FEAT_15742 | BD2: PROD_FEAT_16914 | BE2: PROD_FEAT_16943 | BF2: PROD_FEAT_10139 | BG2: PROD_FEAT_13800 | BH2: PROD_FEAT_14442 | BI2: PROD_FEAT_14482 | BJ2: PROD_FEAT_11926 | BK2: PROD_FEAT_11350 | BL2: PROD_FEAT_13676 | BM2: PROD_FEAT_10986 | BN2: PROD_FEAT_14374 | BO2: PROD_FEAT_14513 | BP2: PROD_FEAT_14515 | BQ2: PROD_FEAT_16142 | BR2: PROD_FEAT_16962 | BS2: PROD_FEAT_18889 | BT2: PROD_FEAT_13366 | BU2: PROD_FEAT_16866 | BV2: PROD_FEAT_16743 | BW2: PROD_FEAT_16744 | BX2: PROD_FEAT_16918 | BY2: PROD_FEAT_16747 | BZ2: PROD_FEAT_16745 | CA2: PROD_FEAT_16617 | CB2: PROD_FEAT_16746 | CC2: ATTR_PROD_CONFIDENTIAL_UNTIL | CD2: ATTR_PROD_MANU_OverrideContactDetails | CE2: ATTR_PROD_MANU_LegalName | CF2: ATTR_PROD_MANU_Email | CG2: ATTR_PROD_MANU_WebsiteURL | CH2: ATTR_PROD_MANU_EuEstablished | CI2: ATTR_PROD_MANU_AddressLine | CJ2: ATTR_PROD_MANU_AddressCity | CK2: ATTR_PROD_MANU_AddressZipCode | CL2: ATTR_PROD_MANU_AddressCountry | CM2: ATTR_PROD_MANU_AddressDetails
B3: Mediamarkt ID only | F3: Automatized | I3: =VLOOKUP(I2,PROD_FEAT,3,FALSE) -> Type de produit | J3: =VLOOKUP(J2,PROD_FEAT,3,FALSE) -> Type de plan de cuisson | K3: =VLOOKUP(K2,PROD_FEAT,3,FALSE) -> Type de construction | L3: =VLOOKUP(L2,PROD_FEAT,3,FALSE) -> Couleur (selon le fabriquant) | M3: =VLOOKUP(M2,PROD_FEAT,3,FALSE) -> Couleur (Base) | N3: =VLOOKUP(N2,PROD_FEAT,3,FALSE) -> Nombre de zones de cuisson | O3: =VLOOKUP(O2,PROD_FEAT,3,FALSE) -> Dimensions de la 1ère zone de cuisson (cm) | P3: =VLOOKUP(P2,PROD_FEAT,3,FALSE) -> Puissance de la 1ère zone de cuisson | ... CM3: =VLOOKUP(CM2,PROD_FEAT,3,FALSE) -> Manufacturer Address Additional Details
A4: Afbeeldingen | B4: <ID> | C4: EAN | D4: Merk | E4: Product name | F4: Customer-friendly Product Name | G4: Producttekst | I4: =VLOOKUP(I2,PROD_FEAT,2,FALSE) -> Producttype | J4: =VLOOKUP(J2,PROD_FEAT,2,FALSE) -> Soort kookplaat | K4: =VLOOKUP(K2,PROD_FEAT,2,FALSE) -> Installatietype | L4: =VLOOKUP(L2,PROD_FEAT,2,FALSE) -> Kleur (door fabrikant) | M4: =VLOOKUP(M2,PROD_FEAT,2,FALSE) -> Kleur (basis) | N4: =VLOOKUP(N2,PROD_FEAT,2,FALSE) -> Aantal kookzones | O4: =VLOOKUP(O2,PROD_FEAT,2,FALSE) -> Afmetingen van de 1e kookzone (cm) | P4: =VLOOKUP(P2,PROD_FEAT,2,FALSE) -> Vermogen van de 1e kookzone | ... CM4: =VLOOKUP(CM2,PROD_FEAT,2,FALSE) -> Manufacturer Address Additional Details
A5: =IF(OR(#REF!="",ISERROR(#REF!)),"",#REF!) -> #REF! | B5: =IF(OR(#REF!="",ISERROR(#REF!)),"",#REF!) -> #REF! | C5: =IF(OR(#REF!="",ISERROR(#REF!)),"",#REF!) -> #REF! | D5: =IF(OR(#REF!="",ISERROR(#REF!)),"",#REF!) -> #REF! | E5: =IF(OR(#REF!="",ISERROR(#REF!)),"",#REF!) -> #REF! | F5: =IF(C5="","",IF(E5="","Product name empty!",E5&IF(I5<>""," - "&I5,"")&IF(K5<>""," - "&K5,"")&IF(J5<>""," - "&J5,"")&IF(J5="induction",IF(BG5<>""," - "&BG5,""),"")&IF(J5="Céramique",IF(BG5<>""," - "&BG5,""),"")&IF(AND(C5<>"",S5<>"")," - largeur "&S5,""))) -> #REF! | G5: =IF(OR(#REF!="",ISERROR(#REF!)),"",#REF!) -> #REF! | H5: =IF(OR(#REF!="",ISERROR(#REF!)),"",#REF!) -> #REF! | I5: =IF(#REF!="","",IFERROR(VLOOKUP(#REF!,Translate,2,FALSE),#REF!)) -> #REF! | J5: =IF(#REF!="","",IFERROR(VLOOKUP(#REF!,Translate,2,FALSE),#REF!)) -> #REF! | K5: =IF(#REF!="","",IFERROR(VLOOKUP(#REF!,Translate,2,FALSE),#REF!)) -> #REF! | L5: =IF(#REF!="","",IFERROR(VLOOKUP(#REF!,Translate,2,FALSE),#REF!)) -> #REF! | M5: =IF(#REF!="","",IFERROR(VLOOKUP(#REF!,Translate,2,FALSE),#REF!)) -> #REF! | N5: =IF(#REF!="","",IFERROR(VLOOKUP(#REF!,Translate,2,FALSE),#REF!)) -> #REF! | O5: =IF(#REF!="","",IFERROR(VLOOKUP(#REF!,Translate,2,FALSE),#REF!)) -> #REF! | P5: =IF(#REF!="","",IFERROR(VLOOKUP(#REF!,Translate,2,FALSE),#REF!)) -> #REF! | ... CM5: =IF(#REF!="","",IFERROR(VLOOKUP(#REF!,Translate,2,FALSE),#REF!)) -> #REF!
A6: =IF(OR(#REF!="",ISERROR(#REF!)),"",#REF!) -> #REF! | B6: =IF(OR(#REF!="",ISERROR(#REF!)),"",#REF!) -> #REF! | C6: =IF(OR(#REF!="",ISERROR(#REF!)),"",#REF!) -> #REF! | D6: =IF(OR(#REF!="",ISERROR(#REF!)),"",#REF!) -> #REF! | E6: =IF(OR(#REF!="",ISERROR(#REF!)),"",#REF!) -> #REF! | F6: =IF(C6="","",IF(E6="","Product name empty!",E6&IF(I6<>""," - "&I6,"")&IF(K6<>""," - "&K6,"")&IF(J6<>""," - "&J6,"")&IF(J6="induction",IF(BG6<>""," - "&BG6,""),"")&IF(J6="Céramique",IF(BG6<>""," - "&BG6,""),"")&IF(AND(C6<>"",S6<>"")," - largeur "&S6,""))) -> #REF! | G6: =IF(OR(#REF!="",ISERROR(#REF!)),"",#REF!) -> #REF! | H6: =IF(OR(#REF!="",ISERROR(#REF!)),"",#REF!) -> #REF! | I6: =IF(#REF!="","",IFERROR(VLOOKUP(#REF!,Translate,2,FALSE),#REF!)) -> #REF! | J6: =IF(#REF!="","",IFERROR(VLOOKUP(#REF!,Translate,2,FALSE),#REF!)) -> #REF! | K6: =IF(#REF!="","",IFERROR(VLOOKUP(#REF!,Translate,2,FALSE),#REF!)) -> #REF! | L6: =IF(#REF!="","",IFERROR(VLOOKUP(#REF!,Translate,2,FALSE),#REF!)) -> #REF! | M6: =IF(#REF!="","",IFERROR(VLOOKUP(#REF!,Translate,2,FALSE),#REF!)) -> #REF! | N6: =IF(#REF!="","",IFERROR(VLOOKUP(#REF!,Translate,2,FALSE),#REF!)) -> #REF! | O6: =IF(#REF!="","",IFERROR(VLOOKUP(#REF!,Translate,2,FALSE),#REF!)) -> #REF! | P6: =IF(#REF!="","",IFERROR(VLOOKUP(#REF!,Translate,2,FALSE),#REF!)) -> #REF! | ... AB6: =IF(#REF!="","",IFERROR(VLOOKUP(#REF!,Translate,2,FALSE),#REF!)) -> #REF! | AD6: =IF(#REF!="","",IFERROR(VLOOKUP(#REF!,Translate,2,FALSE),#REF!)) -> #REF! | AE6: =IF(#REF!="","",IFERROR(VLOOKUP(#REF!,Translate,2,FALSE),#REF!)) -> #REF! | AF6: =IF(#REF!="","",IFERROR(VLOOKUP(#REF!,Translate,2,FALSE),#REF!)) -> #REF! | AG6: =IF(#REF!="","",IFERROR(VLOOKUP(#REF!,Translate,2,FALSE),#REF!)) -> #REF! | AH6: =IF(#REF!="","",IFERROR(VLOOKUP(#REF!,Translate,2,FALSE),#REF!)) -> #REF! | AI6: =IF(#REF!="","",IFERROR(VLOOKUP(#REF!,Translate,2,FALSE),#REF!)) -> #REF! | AJ6: =IF(#REF!="","",IFERROR(VLOOKUP(#REF!,Translate,2,FALSE),#REF!)) -> #REF! | AK6: =IF(#REF!="","",IFERROR(VLOOKUP(#REF!,Translate,2,FALSE),#REF!)) -> #REF! | ... CM6: =IF(#REF!="","",IFERROR(VLOOKUP(#REF!,Translate,2,FALSE),#REF!)) -> #REF!
A7: =IF(OR(#REF!="",ISERROR(#REF!)),"",#REF!) -> #REF! | B7: =IF(OR(#REF!="",ISERROR(#REF!)),"",#REF!) -> #REF! | C7: =IF(OR(#REF!="",ISERROR(#REF!)),"",#REF!) -> #REF! | D7: =IF(OR(#REF!="",ISERROR(#REF!)),"",#REF!) -> #REF! | E7: =IF(OR(#REF!="",ISERROR(#REF!)),"",#REF!) -> #REF! | F7: =IF(C7="","",IF(E7="","Product name empty!",E7&IF(I7<>""," - "&I7,"")&IF(K7<>""," - "&K7,"")&IF(J7<>""," - "&J7,"")&IF(J7="induction",IF(BG7<>""," - "&BG7,""),"")&IF(J7="Céramique",IF(BG7<>""," - "&BG7,""),"")&IF(AND(C7<>"",S7<>"")," - largeur "&S7,""))) -> #REF! | G7: =IF(OR(#REF!="",ISERROR(#REF!)),"",#REF!) -> #REF! | H7: =IF(OR(#REF!="",ISERROR(#REF!)),"",#REF!) -> #REF! | I7: =IF(#REF!="","",IFERROR(VLOOKUP(#REF!,Translate,2,FALSE),#REF!)) -> #REF! | J7: =IF(#REF!="","",IFERROR(VLOOKUP(#REF!,Translate,2,FALSE),#REF!)) -> #REF! | K7: =IF(#REF!="","",IFERROR(VLOOKUP(#REF!,Translate,2,FALSE),#REF!)) -> #REF! | L7: =IF(#REF!="","",IFERROR(VLOOKUP(#REF!,Translate,2,FALSE),#REF!)) -> #REF! | M7: =IF(#REF!="","",IFERROR(VLOOKUP(#REF!,Translate,2,FALSE),#REF!)) -> #REF! | N7: =IF(#REF!="","",IFERROR(VLOOKUP(#REF!,Translate,2,FALSE),#REF!)) -> #REF! | O7: =IF(#REF!="","",IFERROR(VLOOKUP(#REF!,Translate,2,FALSE),#REF!)) -> #REF! | P7: =IF(#REF!="","",IFERROR(VLOOKUP(#REF!,Translate,2,FALSE),#REF!)) -> #REF! | ... AB7: =IF(#REF!="","",IFERROR(VLOOKUP(#REF!,Translate,2,FALSE),#REF!)) -> #REF! | AD7: =IF(#REF!="","",IFERROR(VLOOKUP(#REF!,Translate,2,FALSE),#REF!)) -> #REF! | AE7: =IF(#REF!="","",IFERROR(VLOOKUP(#REF!,Translate,2,FALSE),#REF!)) -> #REF! | AF7: =IF(#REF!="","",IFERROR(VLOOKUP(#REF!,Translate,2,FALSE),#REF!)) -> #REF! | AG7: =IF(#REF!="","",IFERROR(VLOOKUP(#REF!,Translate,2,FALSE),#REF!)) -> #REF! | AH7: =IF(#REF!="","",IFERROR(VLOOKUP(#REF!,Translate,2,FALSE),#REF!)) -> #REF! | AI7: =IF(#REF!="","",IFERROR(VLOOKUP(#REF!,Translate,2,FALSE),#REF!)) -> #REF! | AJ7: =IF(#REF!="","",IFERROR(VLOOKUP(#REF!,Translate,2,FALSE),#REF!)) -> #REF! | AK7: =IF(#REF!="","",IFERROR(VLOOKUP(#REF!,Translate,2,FALSE),#REF!)) -> #REF! | ... CM7: =IF(#REF!="","",IFERROR(VLOOKUP(#REF!,Translate,2,FALSE),#REF!)) -> #REF!
A8: =IF(OR(#REF!="",ISERROR(#REF!)),"",#REF!) -> #REF! | B8: =IF(OR(#REF!="",ISERROR(#REF!)),"",#REF!) -> #REF! | C8: =IF(OR(#REF!="",ISERROR(#REF!)),"",#REF!) -> #REF! | D8: =IF(OR(#REF!="",ISERROR(#REF!)),"",#REF!) -> #REF! | E8: =IF(OR(#REF!="",ISERROR(#REF!)),"",#REF!) -> #REF! | F8: =IF(C8="","",IF(E8="","Product name empty!",E8&IF(I8<>""," - "&I8,"")&IF(K8<>""," - "&K8,"")&IF(J8<>""," - "&J8,"")&IF(J8="induction",IF(BG8<>""," - "&BG8,""),"")&IF(J8="Céramique",IF(BG8<>""," - "&BG8,""),"")&IF(AND(C8<>"",S8<>"")," - largeur "&S8,""))) -> #REF! | G8: =IF(OR(#REF!="",ISERROR(#REF!)),"",#REF!) -> #REF! | H8: =IF(OR(#REF!="",ISERROR(#REF!)),"",#REF!) -> #REF! | I8: =IF(#REF!="","",IFERROR(VLOOKUP(#REF!,Translate,2,FALSE),#REF!)) -> #REF! | J8: =IF(#REF!="","",IFERROR(VLOOKUP(#REF!,Translate,2,FALSE),#REF!)) -> #REF! | K8: =IF(#REF!="","",IFERROR(VLOOKUP(#REF!,Translate,2,FALSE),#REF!)) -> #REF! | L8: =IF(#REF!="","",IFERROR(VLOOKUP(#REF!,Translate,2,FALSE),#REF!)) -> #REF! | M8: =IF(#REF!="","",IFERROR(VLOOKUP(#REF!,Translate,2,FALSE),#REF!)) -> #REF! | N8: =IF(#REF!="","",IFERROR(VLOOKUP(#REF!,Translate,2,FALSE),#REF!)) -> #REF! | O8: =IF(#REF!="","",IFERROR(VLOOKUP(#REF!,Translate,2,FALSE),#REF!)) -> #REF! | P8: =IF(#REF!="","",IFERROR(VLOOKUP(#REF!,Translate,2,FALSE),#REF!)) -> #REF! | ... AB8: =IF(#REF!="","",IFERROR(VLOOKUP(#REF!,Translate,2,FALSE),#REF!)) -> #REF! | AD8: =IF(#REF!="","",IFERROR(VLOOKUP(#REF!,Translate,2,FALSE),#REF!)) -> #REF! | AE8: =IF(#REF!="","",IFERROR(VLOOKUP(#REF!,Translate,2,FALSE),#REF!)) -> #REF! | AF8: =IF(#REF!="","",IFERROR(VLOOKUP(#REF!,Translate,2,FALSE),#REF!)) -> #REF! | AG8: =IF(#REF!="","",IFERROR(VLOOKUP(#REF!,Translate,2,FALSE),#REF!)) -> #REF! | AH8: =IF(#REF!="","",IFERROR(VLOOKUP(#REF!,Translate,2,FALSE),#REF!)) -> #REF! | AI8: =IF(#REF!="","",IFERROR(VLOOKUP(#REF!,Translate,2,FALSE),#REF!)) -> #REF! | AJ8: =IF(#REF!="","",IFERROR(VLOOKUP(#REF!,Translate,2,FALSE),#REF!)) -> #REF! | AK8: =IF(#REF!="","",IFERROR(VLOOKUP(#REF!,Translate,2,FALSE),#REF!)) -> #REF! | ... CM8: =IF(#REF!="","",IFERROR(VLOOKUP(#REF!,Translate,2,FALSE),#REF!)) -> #REF!
A9: =IF(OR(#REF!="",ISERROR(#REF!)),"",#REF!) -> #REF! | B9: =IF(OR(#REF!="",ISERROR(#REF!)),"",#REF!) -> #REF! | C9: =IF(OR(#REF!="",ISERROR(#REF!)),"",#REF!) -> #REF! | D9: =IF(OR(#REF!="",ISERROR(#REF!)),"",#REF!) -> #REF! | E9: =IF(OR(#REF!="",ISERROR(#REF!)),"",#REF!) -> #REF! | F9: =IF(C9="","",IF(E9="","Product name empty!",E9&IF(I9<>""," - "&I9,"")&IF(K9<>""," - "&K9,"")&IF(J9<>""," - "&J9,"")&IF(J9="induction",IF(BG9<>""," - "&BG9,""),"")&IF(J9="Céramique",IF(BG9<>""," - "&BG9,""),"")&IF(AND(C9<>"",S9<>"")," - largeur "&S9,""))) -> #REF! | G9: =IF(OR(#REF!="",ISERROR(#REF!)),"",#REF!) -> #REF! | H9: =IF(OR(#REF!="",ISERROR(#REF!)),"",#REF!) -> #REF! | I9: =IF(#REF!="","",IFERROR(VLOOKUP(#REF!,Translate,2,FALSE),#REF!)) -> #REF! | J9: =IF(#REF!="","",IFERROR(VLOOKUP(#REF!,Translate,2,FALSE),#REF!)) -> #REF! | K9: =IF(#REF!="","",IFERROR(VLOOKUP(#REF!,Translate,2,FALSE),#REF!)) -> #REF! | L9: =IF(#REF!="","",IFERROR(VLOOKUP(#REF!,Translate,2,FALSE),#REF!)) -> #REF! | M9: =IF(#REF!="","",IFERROR(VLOOKUP(#REF!,Translate,2,FALSE),#REF!)) -> #REF! | N9: =IF(#REF!="","",IFERROR(VLOOKUP(#REF!,Translate,2,FALSE),#REF!)) -> #REF! | O9: =IF(#REF!="","",IFERROR(VLOOKUP(#REF!,Translate,2,FALSE),#REF!)) -> #REF! | P9: =IF(#REF!="","",IFERROR(VLOOKUP(#REF!,Translate,2,FALSE),#REF!)) -> #REF! | ... AB9: =IF(#REF!="","",IFERROR(VLOOKUP(#REF!,Translate,2,FALSE),#REF!)) -> #REF! | AD9: =IF(#REF!="","",IFERROR(VLOOKUP(#REF!,Translate,2,FALSE),#REF!)) -> #REF! | AE9: =IF(#REF!="","",IFERROR(VLOOKUP(#REF!,Translate,2,FALSE),#REF!)) -> #REF! | AF9: =IF(#REF!="","",IFERROR(VLOOKUP(#REF!,Translate,2,FALSE),#REF!)) -> #REF! | AG9: =IF(#REF!="","",IFERROR(VLOOKUP(#REF!,Translate,2,FALSE),#REF!)) -> #REF! | AH9: =IF(#REF!="","",IFERROR(VLOOKUP(#REF!,Translate,2,FALSE),#REF!)) -> #REF! | AI9: =IF(#REF!="","",IFERROR(VLOOKUP(#REF!,Translate,2,FALSE),#REF!)) -> #REF! | AJ9: =IF(#REF!="","",IFERROR(VLOOKUP(#REF!,Translate,2,FALSE),#REF!)) -> #REF! | AK9: =IF(#REF!="","",IFERROR(VLOOKUP(#REF!,Translate,2,FALSE),#REF!)) -> #REF! | ... CM9: =IF(#REF!="","",IFERROR(VLOOKUP(#REF!,Translate,2,FALSE),#REF!)) -> #REF!
A10: =IF(OR(#REF!="",ISERROR(#REF!)),"",#REF!) -> #REF! | B10: =IF(OR(#REF!="",ISERROR(#REF!)),"",#REF!) -> #REF! | C10: =IF(OR(#REF!="",ISERROR(#REF!)),"",#REF!) -> #REF! | D10: =IF(OR(#REF!="",ISERROR(#REF!)),"",#REF!) -> #REF! | E10: =IF(OR(#REF!="",ISERROR(#REF!)),"",#REF!) -> #REF! | F10: =IF(C10="","",IF(E10="","Product name empty!",E10&IF(I10<>""," - "&I10,"")&IF(K10<>""," - "&K10,"")&IF(J10<>""," - "&J10,"")&IF(J10="induction",IF(BG10<>""," - "&BG10,""),"")&IF(J10="Céramique",IF(BG10<>""," - "&BG10,""),"")&IF(AND(C10<>"",S10<>"")," - largeur "&S10,""))) -> #REF! | G10: =IF(OR(#REF!="",ISERROR(#REF!)),"",#REF!) -> #REF! | H10: =IF(OR(#REF!="",ISERROR(#REF!)),"",#REF!) -> #REF! | I10: =IF(#REF!="","",IFERROR(VLOOKUP(#REF!,Translate,2,FALSE),#REF!)) -> #REF! | J10: =IF(#REF!="","",IFERROR(VLOOKUP(#REF!,Translate,2,FALSE),#REF!)) -> #REF! | K10: =IF(#REF!="","",IFERROR(VLOOKUP(#REF!,Translate,2,FALSE),#REF!)) -> #REF! | L10: =IF(#REF!="","",IFERROR(VLOOKUP(#REF!,Translate,2,FALSE),#REF!)) -> #REF! | M10: =IF(#REF!="","",IFERROR(VLOOKUP(#REF!,Translate,2,FALSE),#REF!)) -> #REF! | N10: =IF(#REF!="","",IFERROR(VLOOKUP(#REF!,Translate,2,FALSE),#REF!)) -> #REF! | O10: =IF(#REF!="","",IFERROR(VLOOKUP(#REF!,Translate,2,FALSE),#REF!)) -> #REF! | P10: =IF(#REF!="","",IFERROR(VLOOKUP(#REF!,Translate,2,FALSE),#REF!)) -> #REF! | ... AB10: =IF(#REF!="","",IFERROR(VLOOKUP(#REF!,Translate,2,FALSE),#REF!)) -> #REF! | AD10: =IF(#REF!="","",IFERROR(VLOOKUP(#REF!,Translate,2,FALSE),#REF!)) -> #REF! | AE10: =IF(#REF!="","",IFERROR(VLOOKUP(#REF!,Translate,2,FALSE),#REF!)) -> #REF! | AF10: =IF(#REF!="","",IFERROR(VLOOKUP(#REF!,Translate,2,FALSE),#REF!)) -> #REF! | AG10: =IF(#REF!="","",IFERROR(VLOOKUP(#REF!,Translate,2,FALSE),#REF!)) -> #REF! | AH10: =IF(#REF!="","",IFERROR(VLOOKUP(#REF!,Translate,2,FALSE),#REF!)) -> #REF! | AI10: =IF(#REF!="","",IFERROR(VLOOKUP(#REF!,Translate,2,FALSE),#REF!)) -> #REF! | AJ10: =IF(#REF!="","",IFERROR(VLOOKUP(#REF!,Translate,2,FALSE),#REF!)) -> #REF! | AK10: =IF(#REF!="","",IFERROR(VLOOKUP(#REF!,Translate,2,FALSE),#REF!)) -> #REF! | ... CM10: =IF(#REF!="","",IFERROR(VLOOKUP(#REF!,Translate,2,FALSE),#REF!)) -> #REF!
A11: =IF(OR(#REF!="",ISERROR(#REF!)),"",#REF!) -> #REF! | B11: =IF(OR(#REF!="",ISERROR(#REF!)),"",#REF!) -> #REF! | C11: =IF(OR(#REF!="",ISERROR(#REF!)),"",#REF!) -> #REF! | D11: =IF(OR(#REF!="",ISERROR(#REF!)),"",#REF!) -> #REF! | E11: =IF(OR(#REF!="",ISERROR(#REF!)),"",#REF!) -> #REF! | F11: =IF(C11="","",IF(E11="","Product name empty!",E11&IF(I11<>""," - "&I11,"")&IF(K11<>""," - "&K11,"")&IF(J11<>""," - "&J11,"")&IF(J11="induction",IF(BG11<>""," - "&BG11,""),"")&IF(J11="Céramique",IF(BG11<>""," - "&BG11,""),"")&IF(AND(C11<>"",S11<>"")," - largeur "&S11,""))) -> #REF! | G11: =IF(OR(#REF!="",ISERROR(#REF!)),"",#REF!) -> #REF! | H11: =IF(OR(#REF!="",ISERROR(#REF!)),"",#REF!) -> #REF! | I11: =IF(#REF!="","",IFERROR(VLOOKUP(#REF!,Translate,2,FALSE),#REF!)) -> #REF! | J11: =IF(#REF!="","",IFERROR(VLOOKUP(#REF!,Translate,2,FALSE),#REF!)) -> #REF! | K11: =IF(#REF!="","",IFERROR(VLOOKUP(#REF!,Translate,2,FALSE),#REF!)) -> #REF! | L11: =IF(#REF!="","",IFERROR(VLOOKUP(#REF!,Translate,2,FALSE),#REF!)) -> #REF! | M11: =IF(#REF!="","",IFERROR(VLOOKUP(#REF!,Translate,2,FALSE),#REF!)) -> #REF! | N11: =IF(#REF!="","",IFERROR(VLOOKUP(#REF!,Translate,2,FALSE),#REF!)) -> #REF! | O11: =IF(#REF!="","",IFERROR(VLOOKUP(#REF!,Translate,2,FALSE),#REF!)) -> #REF! | P11: =IF(#REF!="","",IFERROR(VLOOKUP(#REF!,Translate,2,FALSE),#REF!)) -> #REF! | ... AB11: =IF(#REF!="","",IFERROR(VLOOKUP(#REF!,Translate,2,FALSE),#REF!)) -> #REF! | AD11: =IF(#REF!="","",IFERROR(VLOOKUP(#REF!,Translate,2,FALSE),#REF!)) -> #REF! | AE11: =IF(#REF!="","",IFERROR(VLOOKUP(#REF!,Translate,2,FALSE),#REF!)) -> #REF! | AF11: =IF(#REF!="","",IFERROR(VLOOKUP(#REF!,Translate,2,FALSE),#REF!)) -> #REF! | AG11: =IF(#REF!="","",IFERROR(VLOOKUP(#REF!,Translate,2,FALSE),#REF!)) -> #REF! | AH11: =IF(#REF!="","",IFERROR(VLOOKUP(#REF!,Translate,2,FALSE),#REF!)) -> #REF! | AI11: =IF(#REF!="","",IFERROR(VLOOKUP(#REF!,Translate,2,FALSE),#REF!)) -> #REF! | AJ11: =IF(#REF!="","",IFERROR(VLOOKUP(#REF!,Translate,2,FALSE),#REF!)) -> #REF! | AK11: =IF(#REF!="","",IFERROR(VLOOKUP(#REF!,Translate,2,FALSE),#REF!)) -> #REF! | ... CM11: =IF(#REF!="","",IFERROR(VLOOKUP(#REF!,Translate,2,FALSE),#REF!)) -> #REF!
A12: =IF(OR(#REF!="",ISERROR(#REF!)),"",#REF!) -> #REF! | B12: =IF(OR(#REF!="",ISERROR(#REF!)),"",#REF!) -> #REF! | C12: =IF(OR(#REF!="",ISERROR(#REF!)),"",#REF!) -> #REF! | D12: =IF(OR(#REF!="",ISERROR(#REF!)),"",#REF!) -> #REF! | E12: =IF(OR(#REF!="",ISERROR(#REF!)),"",#REF!) -> #REF! | F12: =IF(C12="","",IF(E12="","Product name empty!",E12&IF(I12<>""," - "&I12,"")&IF(K12<>""," - "&K12,"")&IF(J12<>""," - "&J12,"")&IF(J12="induction",IF(BG12<>""," - "&BG12,""),"")&IF(J12="Céramique",IF(BG12<>""," - "&BG12,""),"")&IF(AND(C12<>"",S12<>"")," - largeur "&S12,""))) -> #REF! | G12: =IF(OR(#REF!="",ISERROR(#REF!)),"",#REF!) -> #REF! | H12: =IF(OR(#REF!="",ISERROR(#REF!)),"",#REF!) -> #REF! | I12: =IF(#REF!="","",IFERROR(VLOOKUP(#REF!,Translate,2,FALSE),#REF!)) -> #REF! | J12: =IF(#REF!="","",IFERROR(VLOOKUP(#REF!,Translate,2,FALSE),#REF!)) -> #REF! | K12: =IF(#REF!="","",IFERROR(VLOOKUP(#REF!,Translate,2,FALSE),#REF!)) -> #REF! | L12: =IF(#REF!="","",IFERROR(VLOOKUP(#REF!,Translate,2,FALSE),#REF!)) -> #REF! | M12: =IF(#REF!="","",IFERROR(VLOOKUP(#REF!,Translate,2,FALSE),#REF!)) -> #REF! | N12: =IF(#REF!="","",IFERROR(VLOOKUP(#REF!,Translate,2,FALSE),#REF!)) -> #REF! | O12: =IF(#REF!="","",IFERROR(VLOOKUP(#REF!,Translate,2,FALSE),#REF!)) -> #REF! | P12: =IF(#REF!="","",IFERROR(VLOOKUP(#REF!,Translate,2,FALSE),#REF!)) -> #REF! | ... AB12: =IF(#REF!="","",IFERROR(VLOOKUP(#REF!,Translate,2,FALSE),#REF!)) -> #REF! | AD12: =IF(#REF!="","",IFERROR(VLOOKUP(#REF!,Translate,2,FALSE),#REF!)) -> #REF! | AE12: =IF(#REF!="","",IFERROR(VLOOKUP(#REF!,Translate,2,FALSE),#REF!)) -> #REF! | AF12: =IF(#REF!="","",IFERROR(VLOOKUP(#REF!,Translate,2,FALSE),#REF!)) -> #REF! | AG12: =IF(#REF!="","",IFERROR(VLOOKUP(#REF!,Translate,2,FALSE),#REF!)) -> #REF! | AH12: =IF(#REF!="","",IFERROR(VLOOKUP(#REF!,Translate,2,FALSE),#REF!)) -> #REF! | AI12: =IF(#REF!="","",IFERROR(VLOOKUP(#REF!,Translate,2,FALSE),#REF!)) -> #REF! | AJ12: =IF(#REF!="","",IFERROR(VLOOKUP(#REF!,Translate,2,FALSE),#REF!)) -> #REF! | AK12: =IF(#REF!="","",IFERROR(VLOOKUP(#REF!,Translate,2,FALSE),#REF!)) -> #REF! | ... CM12: =IF(#REF!="","",IFERROR(VLOOKUP(#REF!,Translate,2,FALSE),#REF!)) -> #REF!
A13: =IF(OR(#REF!="",ISERROR(#REF!)),"",#REF!) -> #REF! | B13: =IF(OR(#REF!="",ISERROR(#REF!)),"",#REF!) -> #REF! | C13: =IF(OR(#REF!="",ISERROR(#REF!)),"",#REF!) -> #REF! | D13: =IF(OR(#REF!="",ISERROR(#REF!)),"",#REF!) -> #REF! | E13: =IF(OR(#REF!="",ISERROR(#REF!)),"",#REF!) -> #REF! | F13: =IF(C13="","",IF(E13="","Product name empty!",E13&IF(I13<>""," - "&I13,"")&IF(K13<>""," - "&K13,"")&IF(J13<>""," - "&J13,"")&IF(J13="induction",IF(BG13<>""," - "&BG13,""),"")&IF(J13="Céramique",IF(BG13<>""," - "&BG13,""),"")&IF(AND(C13<>"",S13<>"")," - largeur "&S13,""))) -> #REF! | G13: =IF(OR(#REF!="",ISERROR(#REF!)),"",#REF!) -> #REF! | H13: =IF(OR(#REF!="",ISERROR(#REF!)),"",#REF!) -> #REF! | I13: =IF(#REF!="","",IFERROR(VLOOKUP(#REF!,Translate,2,FALSE),#REF!)) -> #REF! | J13: =IF(#REF!="","",IFERROR(VLOOKUP(#REF!,Translate,2,FALSE),#REF!)) -> #REF! | K13: =IF(#REF!="","",IFERROR(VLOOKUP(#REF!,Translate,2,FALSE),#REF!)) -> #REF! | L13: =IF(#REF!="","",IFERROR(VLOOKUP(#REF!,Translate,2,FALSE),#REF!)) -> #REF! | M13: =IF(#REF!="","",IFERROR(VLOOKUP(#REF!,Translate,2,FALSE),#REF!)) -> #REF! | N13: =IF(#REF!="","",IFERROR(VLOOKUP(#REF!,Translate,2,FALSE),#REF!)) -> #REF! | O13: =IF(#REF!="","",IFERROR(VLOOKUP(#REF!,Translate,2,FALSE),#REF!)) -> #REF! | P13: =IF(#REF!="","",IFERROR(VLOOKUP(#REF!,Translate,2,FALSE),#REF!)) -> #REF! | ... AB13: =IF(#REF!="","",IFERROR(VLOOKUP(#REF!,Translate,2,FALSE),#REF!)) -> #REF! | AD13: =IF(#REF!="","",IFERROR(VLOOKUP(#REF!,Translate,2,FALSE),#REF!)) -> #REF! | AE13: =IF(#REF!="","",IFERROR(VLOOKUP(#REF!,Translate,2,FALSE),#REF!)) -> #REF! | AF13: =IF(#REF!="","",IFERROR(VLOOKUP(#REF!,Translate,2,FALSE),#REF!)) -> #REF! | AG13: =IF(#REF!="","",IFERROR(VLOOKUP(#REF!,Translate,2,FALSE),#REF!)) -> #REF! | AH13: =IF(#REF!="","",IFERROR(VLOOKUP(#REF!,Translate,2,FALSE),#REF!)) -> #REF! | AI13: =IF(#REF!="","",IFERROR(VLOOKUP(#REF!,Translate,2,FALSE),#REF!)) -> #REF! | AJ13: =IF(#REF!="","",IFERROR(VLOOKUP(#REF!,Translate,2,FALSE),#REF!)) -> #REF! | AK13: =IF(#REF!="","",IFERROR(VLOOKUP(#REF!,Translate,2,FALSE),#REF!)) -> #REF! | ... CM13: =IF(#REF!="","",IFERROR(VLOOKUP(#REF!,Translate,2,FALSE),#REF!)) -> #REF!
A14: =IF(OR(#REF!="",ISERROR(#REF!)),"",#REF!) -> #REF! | B14: =IF(OR(#REF!="",ISERROR(#REF!)),"",#REF!) -> #REF! | C14: =IF(OR(#REF!="",ISERROR(#REF!)),"",#REF!) -> #REF! | D14: =IF(OR(#REF!="",ISERROR(#REF!)),"",#REF!) -> #REF! | E14: =IF(OR(#REF!="",ISERROR(#REF!)),"",#REF!) -> #REF! | F14: =IF(C14="","",IF(E14="","Product name empty!",E14&IF(I14<>""," - "&I14,"")&IF(K14<>""," - "&K14,"")&IF(J14<>""," - "&J14,"")&IF(J14="induction",IF(BG14<>""," - "&BG14,""),"")&IF(J14="Céramique",IF(BG14<>""," - "&BG14,""),"")&IF(AND(C14<>"",S14<>"")," - largeur "&S14,""))) -> #REF! | G14: =IF(OR(#REF!="",ISERROR(#REF!)),"",#REF!) -> #REF! | H14: =IF(OR(#REF!="",ISERROR(#REF!)),"",#REF!) -> #REF! | I14: =IF(#REF!="","",IFERROR(VLOOKUP(#REF!,Translate,2,FALSE),#REF!)) -> #REF! | J14: =IF(#REF!="","",IFERROR(VLOOKUP(#REF!,Translate,2,FALSE),#REF!)) -> #REF! | K14: =IF(#REF!="","",IFERROR(VLOOKUP(#REF!,Translate,2,FALSE),#REF!)) -> #REF! | L14: =IF(#REF!="","",IFERROR(VLOOKUP(#REF!,Translate,2,FALSE),#REF!)) -> #REF! | M14: =IF(#REF!="","",IFERROR(VLOOKUP(#REF!,Translate,2,FALSE),#REF!)) -> #REF! | N14: =IF(#REF!="","",IFERROR(VLOOKUP(#REF!,Translate,2,FALSE),#REF!)) -> #REF! | O14: =IF(#REF!="","",IFERROR(VLOOKUP(#REF!,Translate,2,FALSE),#REF!)) -> #REF! | P14: =IF(#REF!="","",IFERROR(VLOOKUP(#REF!,Translate,2,FALSE),#REF!)) -> #REF! | ... AB14: =IF(#REF!="","",IFERROR(VLOOKUP(#REF!,Translate,2,FALSE),#REF!)) -> #REF! | AD14: =IF(#REF!="","",IFERROR(VLOOKUP(#REF!,Translate,2,FALSE),#REF!)) -> #REF! | AE14: =IF(#REF!="","",IFERROR(VLOOKUP(#REF!,Translate,2,FALSE),#REF!)) -> #REF! | AF14: =IF(#REF!="","",IFERROR(VLOOKUP(#REF!,Translate,2,FALSE),#REF!)) -> #REF! | AG14: =IF(#REF!="","",IFERROR(VLOOKUP(#REF!,Translate,2,FALSE),#REF!)) -> #REF! | AH14: =IF(#REF!="","",IFERROR(VLOOKUP(#REF!,Translate,2,FALSE),#REF!)) -> #REF! | AI14: =IF(#REF!="","",IFERROR(VLOOKUP(#REF!,Translate,2,FALSE),#REF!)) -> #REF! | AJ14: =IF(#REF!="","",IFERROR(VLOOKUP(#REF!,Translate,2,FALSE),#REF!)) -> #REF! | AK14: =IF(#REF!="","",IFERROR(VLOOKUP(#REF!,Translate,2,FALSE),#REF!)) -> #REF! | ... CM14: =IF(#REF!="","",IFERROR(VLOOKUP(#REF!,Translate,2,FALSE),#REF!)) -> #REF!
A15: =IF(OR(#REF!="",ISERROR(#REF!)),"",#REF!) -> #REF! | B15: =IF(OR(#REF!="",ISERROR(#REF!)),"",#REF!) -> #REF! | C15: =IF(OR(#REF!="",ISERROR(#REF!)),"",#REF!) -> #REF! | D15: =IF(OR(#REF!="",ISERROR(#REF!)),"",#REF!) -> #REF! | E15: =IF(OR(#REF!="",ISERROR(#REF!)),"",#REF!) -> #REF! | F15: =IF(C15="","",IF(E15="","Product name empty!",E15&IF(I15<>""," - "&I15,"")&IF(K15<>""," - "&K15,"")&IF(J15<>""," - "&J15,"")&IF(J15="induction",IF(BG15<>""," - "&BG15,""),"")&IF(J15="Céramique",IF(BG15<>""," - "&BG15,""),"")&IF(AND(C15<>"",S15<>"")," - largeur "&S15,""))) -> #REF! | G15: =IF(OR(#REF!="",ISERROR(#REF!)),"",#REF!) -> #REF! | H15: =IF(OR(#REF!="",ISERROR(#REF!)),"",#REF!) -> #REF! | I15: =IF(#REF!="","",IFERROR(VLOOKUP(#REF!,Translate,2,FALSE),#REF!)) -> #REF! | J15: =IF(#REF!="","",IFERROR(VLOOKUP(#REF!,Translate,2,FALSE),#REF!)) -> #REF! | K15: =IF(#REF!="","",IFERROR(VLOOKUP(#REF!,Translate,2,FALSE),#REF!)) -> #REF! | L15: =IF(#REF!="","",IFERROR(VLOOKUP(#REF!,Translate,2,FALSE),#REF!)) -> #REF! | M15: =IF(#REF!="","",IFERROR(VLOOKUP(#REF!,Translate,2,FALSE),#REF!)) -> #REF! | N15: =IF(#REF!="","",IFERROR(VLOOKUP(#REF!,Translate,2,FALSE),#REF!)) -> #REF! | O15: =IF(#REF!="","",IFERROR(VLOOKUP(#REF!,Translate,2,FALSE),#REF!)) -> #REF! | P15: =IF(#REF!="","",IFERROR(VLOOKUP(#REF!,Translate,2,FALSE),#REF!)) -> #REF! | ... CM15: =IF(#REF!="","",IFERROR(VLOOKUP(#REF!,Translate,2,FALSE),#REF!)) -> #REF!
A16: =IF(OR(#REF!="",ISERROR(#REF!)),"",#REF!) -> #REF! | B16: =IF(OR(#REF!="",ISERROR(#REF!)),"",#REF!) -> #REF! | C16: =IF(OR(#REF!="",ISERROR(#REF!)),"",#REF!) -> #REF! | D16: =IF(OR(#REF!="",ISERROR(#REF!)),"",#REF!) -> #REF! | E16: =IF(OR(#REF!="",ISERROR(#REF!)),"",#REF!) -> #REF! | F16: =IF(C16="","",IF(E16="","Product name empty!",E16&IF(I16<>""," - "&I16,"")&IF(K16<>""," - "&K16,"")&IF(J16<>""," - "&J16,"")&IF(J16="induction",IF(BG16<>""," - "&BG16,""),"")&IF(J16="Céramique",IF(BG16<>""," - "&BG16,""),"")&IF(AND(C16<>"",S16<>"")," - largeur "&S16,""))) -> #REF! | G16: =IF(OR(#REF!="",ISERROR(#REF!)),"",#REF!) -> #REF! | H16: =IF(OR(#REF!="",ISERROR(#REF!)),"",#REF!) -> #REF! | I16: =IF(#REF!="","",IFERROR(VLOOKUP(#REF!,Translate,2,FALSE),#REF!)) -> #REF! | J16: =IF(#REF!="","",IFERROR(VLOOKUP(#REF!,Translate,2,FALSE),#REF!)) -> #REF! | K16: =IF(#REF!="","",IFERROR(VLOOKUP(#REF!,Translate,2,FALSE),#REF!)) -> #REF! | L16: =IF(#REF!="","",IFERROR(VLOOKUP(#REF!,Translate,2,FALSE),#REF!)) -> #REF! | M16: =IF(#REF!="","",IFERROR(VLOOKUP(#REF!,Translate,2,FALSE),#REF!)) -> #REF! | N16: =IF(#REF!="","",IFERROR(VLOOKUP(#REF!,Translate,2,FALSE),#REF!)) -> #REF! | O16: =IF(#REF!="","",IFERROR(VLOOKUP(#REF!,Translate,2,FALSE),#REF!)) -> #REF! | P16: =IF(#REF!="","",IFERROR(VLOOKUP(#REF!,Translate,2,FALSE),#REF!)) -> #REF! | ... CM16: =IF(#REF!="","",IFERROR(VLOOKUP(#REF!,Translate,2,FALSE),#REF!)) -> #REF!
A17: =IF(OR(#REF!="",ISERROR(#REF!)),"",#REF!) -> #REF! | B17: =IF(OR(#REF!="",ISERROR(#REF!)),"",#REF!) -> #REF! | C17: =IF(OR(#REF!="",ISERROR(#REF!)),"",#REF!) -> #REF! | D17: =IF(OR(#REF!="",ISERROR(#REF!)),"",#REF!) -> #REF! | E17: =IF(OR(#REF!="",ISERROR(#REF!)),"",#REF!) -> #REF! | F17: =IF(C17="","",IF(E17="","Product name empty!",E17&IF(I17<>""," - "&I17,"")&IF(K17<>""," - "&K17,"")&IF(J17<>""," - "&J17,"")&IF(J17="induction",IF(BG17<>""," - "&BG17,""),"")&IF(J17="Céramique",IF(BG17<>""," - "&BG17,""),"")&IF(AND(C17<>"",S17<>"")," - largeur "&S17,""))) -> #REF! | G17: =IF(OR(#REF!="",ISERROR(#REF!)),"",#REF!) -> #REF! | H17: =IF(OR(#REF!="",ISERROR(#REF!)),"",#REF!) -> #REF! | I17: =IF(#REF!="","",IFERROR(VLOOKUP(#REF!,Translate,2,FALSE),#REF!)) -> #REF! | J17: =IF(#REF!="","",IFERROR(VLOOKUP(#REF!,Translate,2,FALSE),#REF!)) -> #REF! | K17: =IF(#REF!="","",IFERROR(VLOOKUP(#REF!,Translate,2,FALSE),#REF!)) -> #REF! | L17: =IF(#REF!="","",IFERROR(VLOOKUP(#REF!,Translate,2,FALSE),#REF!)) -> #REF! | M17: =IF(#REF!="","",IFERROR(VLOOKUP(#REF!,Translate,2,FALSE),#REF!)) -> #REF! | N17: =IF(#REF!="","",IFERROR(VLOOKUP(#REF!,Translate,2,FALSE),#REF!)) -> #REF! | O17: =IF(#REF!="","",IFERROR(VLOOKUP(#REF!,Translate,2,FALSE),#REF!)) -> #REF! | P17: =IF(#REF!="","",IFERROR(VLOOKUP(#REF!,Translate,2,FALSE),#REF!)) -> #REF! | ... CM17: =IF(#REF!="","",IFERROR(VLOOKUP(#REF!,Translate,2,FALSE),#REF!)) -> #REF!
A18: =IF(OR(#REF!="",ISERROR(#REF!)),"",#REF!) -> #REF! | B18: =IF(OR(#REF!="",ISERROR(#REF!)),"",#REF!) -> #REF! | C18: =IF(OR(#REF!="",ISERROR(#REF!)),"",#REF!) -> #REF! | D18: =IF(OR(#REF!="",ISERROR(#REF!)),"",#REF!) -> #REF! | E18: =IF(OR(#REF!="",ISERROR(#REF!)),"",#REF!) -> #REF! | F18: =IF(C18="","",IF(E18="","Product name empty!",E18&IF(I18<>""," - "&I18,"")&IF(K18<>""," - "&K18,"")&IF(J18<>""," - "&J18,"")&IF(J18="induction",IF(BG18<>""," - "&BG18,""),"")&IF(J18="Céramique",IF(BG18<>""," - "&BG18,""),"")&IF(AND(C18<>"",S18<>"")," - largeur "&S18,""))) -> #REF! | G18: =IF(OR(#REF!="",ISERROR(#REF!)),"",#REF!) -> #REF! | H18: =IF(OR(#REF!="",ISERROR(#REF!)),"",#REF!) -> #REF! | I18: =IF(#REF!="","",IFERROR(VLOOKUP(#REF!,Translate,2,FALSE),#REF!)) -> #REF! | J18: =IF(#REF!="","",IFERROR(VLOOKUP(#REF!,Translate,2,FALSE),#REF!)) -> #REF! | K18: =IF(#REF!="","",IFERROR(VLOOKUP(#REF!,Translate,2,FALSE),#REF!)) -> #REF! | L18: =IF(#REF!="","",IFERROR(VLOOKUP(#REF!,Translate,2,FALSE),#REF!)) -> #REF! | M18: =IF(#REF!="","",IFERROR(VLOOKUP(#REF!,Translate,2,FALSE),#REF!)) -> #REF! | N18: =IF(#REF!="","",IFERROR(VLOOKUP(#REF!,Translate,2,FALSE),#REF!)) -> #REF! | O18: =IF(#REF!="","",IFERROR(VLOOKUP(#REF!,Translate,2,FALSE),#REF!)) -> #REF! | P18: =IF(#REF!="","",IFERROR(VLOOKUP(#REF!,Translate,2,FALSE),#REF!)) -> #REF! | ... CM18: =IF(#REF!="","",IFERROR(VLOOKUP(#REF!,Translate,2,FALSE),#REF!)) -> #REF!
A19: =IF(OR(#REF!="",ISERROR(#REF!)),"",#REF!) -> #REF! | B19: =IF(OR(#REF!="",ISERROR(#REF!)),"",#REF!) -> #REF! | C19: =IF(OR(#REF!="",ISERROR(#REF!)),"",#REF!) -> #REF! | D19: =IF(OR(#REF!="",ISERROR(#REF!)),"",#REF!) -> #REF! | E19: =IF(OR(#REF!="",ISERROR(#REF!)),"",#REF!) -> #REF! | F19: =IF(C19="","",IF(E19="","Product name empty!",E19&IF(I19<>""," - "&I19,"")&IF(K19<>""," - "&K19,"")&IF(J19<>""," - "&J19,"")&IF(J19="induction",IF(BG19<>""," - "&BG19,""),"")&IF(J19="Céramique",IF(BG19<>""," - "&BG19,""),"")&IF(AND(C19<>"",S19<>"")," - largeur "&S19,""))) -> #REF! | G19: =IF(OR(#REF!="",ISERROR(#REF!)),"",#REF!) -> #REF! | H19: =IF(OR(#REF!="",ISERROR(#REF!)),"",#REF!) -> #REF! | I19: =IF(#REF!="","",IFERROR(VLOOKUP(#REF!,Translate,2,FALSE),#REF!)) -> #REF! | J19: =IF(#REF!="","",IFERROR(VLOOKUP(#REF!,Translate,2,FALSE),#REF!)) -> #REF! | K19: =IF(#REF!="","",IFERROR(VLOOKUP(#REF!,Translate,2,FALSE),#REF!)) -> #REF! | L19: =IF(#REF!="","",IFERROR(VLOOKUP(#REF!,Translate,2,FALSE),#REF!)) -> #REF! | M19: =IF(#REF!="","",IFERROR(VLOOKUP(#REF!,Translate,2,FALSE),#REF!)) -> #REF! | N19: =IF(#REF!="","",IFERROR(VLOOKUP(#REF!,Translate,2,FALSE),#REF!)) -> #REF! | O19: =IF(#REF!="","",IFERROR(VLOOKUP(#REF!,Translate,2,FALSE),#REF!)) -> #REF! | P19: =IF(#REF!="","",IFERROR(VLOOKUP(#REF!,Translate,2,FALSE),#REF!)) -> #REF! | ... CM19: =IF(#REF!="","",IFERROR(VLOOKUP(#REF!,Translate,2,FALSE),#REF!)) -> #REF!
A20: =IF(OR(#REF!="",ISERROR(#REF!)),"",#REF!) -> #REF! | B20: =IF(OR(#REF!="",ISERROR(#REF!)),"",#REF!) -> #REF! | C20: =IF(OR(#REF!="",ISERROR(#REF!)),"",#REF!) -> #REF! | D20: =IF(OR(#REF!="",ISERROR(#REF!)),"",#REF!) -> #REF! | E20: =IF(OR(#REF!="",ISERROR(#REF!)),"",#REF!) -> #REF! | F20: =IF(C20="","",IF(E20="","Product name empty!",E20&IF(I20<>""," - "&I20,"")&IF(K20<>""," - "&K20,"")&IF(J20<>""," - "&J20,"")&IF(J20="induction",IF(BG20<>""," - "&BG20,""),"")&IF(J20="Céramique",IF(BG20<>""," - "&BG20,""),"")&IF(AND(C20<>"",S20<>"")," - largeur "&S20,""))) -> #REF! | G20: =IF(OR(#REF!="",ISERROR(#REF!)),"",#REF!) -> #REF! | H20: =IF(OR(#REF!="",ISERROR(#REF!)),"",#REF!) -> #REF! | I20: =IF(#REF!="","",IFERROR(VLOOKUP(#REF!,Translate,2,FALSE),#REF!)) -> #REF! | J20: =IF(#REF!="","",IFERROR(VLOOKUP(#REF!,Translate,2,FALSE),#REF!)) -> #REF! | K20: =IF(#REF!="","",IFERROR(VLOOKUP(#REF!,Translate,2,FALSE),#REF!)) -> #REF! | L20: =IF(#REF!="","",IFERROR(VLOOKUP(#REF!,Translate,2,FALSE),#REF!)) -> #REF! | M20: =IF(#REF!="","",IFERROR(VLOOKUP(#REF!,Translate,2,FALSE),#REF!)) -> #REF! | N20: =IF(#REF!="","",IFERROR(VLOOKUP(#REF!,Translate,2,FALSE),#REF!)) -> #REF! | O20: =IF(#REF!="","",IFERROR(VLOOKUP(#REF!,Translate,2,FALSE),#REF!)) -> #REF! | P20: =IF(#REF!="","",IFERROR(VLOOKUP(#REF!,Translate,2,FALSE),#REF!)) -> #REF! | ... CM20: =IF(#REF!="","",IFERROR(VLOOKUP(#REF!,Translate,2,FALSE),#REF!)) -> #REF!
A21: =IF(OR(#REF!="",ISERROR(#REF!)),"",#REF!) -> #REF! | B21: =IF(OR(#REF!="",ISERROR(#REF!)),"",#REF!) -> #REF! | C21: =IF(OR(#REF!="",ISERROR(#REF!)),"",#REF!) -> #REF! | D21: =IF(OR(#REF!="",ISERROR(#REF!)),"",#REF!) -> #REF! | E21: =IF(OR(#REF!="",ISERROR(#REF!)),"",#REF!) -> #REF! | F21: =IF(C21="","",IF(E21="","Product name empty!",E21&IF(I21<>""," - "&I21,"")&IF(K21<>""," - "&K21,"")&IF(J21<>""," - "&J21,"")&IF(J21="induction",IF(BG21<>""," - "&BG21,""),"")&IF(J21="Céramique",IF(BG21<>""," - "&BG21,""),"")&IF(AND(C21<>"",S21<>"")," - largeur "&S21,""))) -> #REF! | G21: =IF(OR(#REF!="",ISERROR(#REF!)),"",#REF!) -> #REF! | H21: =IF(OR(#REF!="",ISERROR(#REF!)),"",#REF!) -> #REF! | I21: =IF(#REF!="","",IFERROR(VLOOKUP(#REF!,Translate,2,FALSE),#REF!)) -> #REF! | J21: =IF(#REF!="","",IFERROR(VLOOKUP(#REF!,Translate,2,FALSE),#REF!)) -> #REF! | K21: =IF(#REF!="","",IFERROR(VLOOKUP(#REF!,Translate,2,FALSE),#REF!)) -> #REF! | L21: =IF(#REF!="","",IFERROR(VLOOKUP(#REF!,Translate,2,FALSE),#REF!)) -> #REF! | M21: =IF(#REF!="","",IFERROR(VLOOKUP(#REF!,Translate,2,FALSE),#REF!)) -> #REF! | N21: =IF(#REF!="","",IFERROR(VLOOKUP(#REF!,Translate,2,FALSE),#REF!)) -> #REF! | O21: =IF(#REF!="","",IFERROR(VLOOKUP(#REF!,Translate,2,FALSE),#REF!)) -> #REF! | P21: =IF(#REF!="","",IFERROR(VLOOKUP(#REF!,Translate,2,FALSE),#REF!)) -> #REF! | ... CM21: =IF(#REF!="","",IFERROR(VLOOKUP(#REF!,Translate,2,FALSE),#REF!)) -> #REF!
A22: =IF(OR(#REF!="",ISERROR(#REF!)),"",#REF!) -> #REF! | B22: =IF(OR(#REF!="",ISERROR(#REF!)),"",#REF!) -> #REF! | C22: =IF(OR(#REF!="",ISERROR(#REF!)),"",#REF!) -> #REF! | D22: =IF(OR(#REF!="",ISERROR(#REF!)),"",#REF!) -> #REF! | E22: =IF(OR(#REF!="",ISERROR(#REF!)),"",#REF!) -> #REF! | F22: =IF(C22="","",IF(E22="","Product name empty!",E22&IF(I22<>""," - "&I22,"")&IF(K22<>""," - "&K22,"")&IF(J22<>""," - "&J22,"")&IF(J22="induction",IF(BG22<>""," - "&BG22,""),"")&IF(J22="Céramique",IF(BG22<>""," - "&BG22,""),"")&IF(AND(C22<>"",S22<>"")," - largeur "&S22,""))) -> #REF! | G22: =IF(OR(#REF!="",ISERROR(#REF!)),"",#REF!) -> #REF! | H22: =IF(OR(#REF!="",ISERROR(#REF!)),"",#REF!) -> #REF! | I22: =IF(#REF!="","",IFERROR(VLOOKUP(#REF!,Translate,2,FALSE),#REF!)) -> #REF! | J22: =IF(#REF!="","",IFERROR(VLOOKUP(#REF!,Translate,2,FALSE),#REF!)) -> #REF! | K22: =IF(#REF!="","",IFERROR(VLOOKUP(#REF!,Translate,2,FALSE),#REF!)) -> #REF! | L22: =IF(#REF!="","",IFERROR(VLOOKUP(#REF!,Translate,2,FALSE),#REF!)) -> #REF! | M22: =IF(#REF!="","",IFERROR(VLOOKUP(#REF!,Translate,2,FALSE),#REF!)) -> #REF! | N22: =IF(#REF!="","",IFERROR(VLOOKUP(#REF!,Translate,2,FALSE),#REF!)) -> #REF! | O22: =IF(#REF!="","",IFERROR(VLOOKUP(#REF!,Translate,2,FALSE),#REF!)) -> #REF! | P22: =IF(#REF!="","",IFERROR(VLOOKUP(#REF!,Translate,2,FALSE),#REF!)) -> #REF! | ... CM22: =IF(#REF!="","",IFERROR(VLOOKUP(#REF!,Translate,2,FALSE),#REF!)) -> #REF!
A23: =IF(OR(#REF!="",ISERROR(#REF!)),"",#REF!) -> #REF! | B23: =IF(OR(#REF!="",ISERROR(#REF!)),"",#REF!) -> #REF! | C23: =IF(OR(#REF!="",ISERROR(#REF!)),"",#REF!) -> #REF! | D23: =IF(OR(#REF!="",ISERROR(#REF!)),"",#REF!) -> #REF! | E23: =IF(OR(#REF!="",ISERROR(#REF!)),"",#REF!) -> #REF! | F23: =IF(C23="","",IF(E23="","Product name empty!",E23&IF(I23<>""," - "&I23,"")&IF(K23<>""," - "&K23,"")&IF(J23<>""," - "&J23,"")&IF(J23="induction",IF(BG23<>""," - "&BG23,""),"")&IF(J23="Céramique",IF(BG23<>""," - "&BG23,""),"")&IF(AND(C23<>"",S23<>"")," - largeur "&S23,""))) -> #REF! | G23: =IF(OR(#REF!="",ISERROR(#REF!)),"",#REF!) -> #REF! | H23: =IF(OR(#REF!="",ISERROR(#REF!)),"",#REF!) -> #REF! | I23: =IF(#REF!="","",IFERROR(VLOOKUP(#REF!,Translate,2,FALSE),#REF!)) -> #REF! | J23: =IF(#REF!="","",IFERROR(VLOOKUP(#REF!,Translate,2,FALSE),#REF!)) -> #REF! | K23: =IF(#REF!="","",IFERROR(VLOOKUP(#REF!,Translate,2,FALSE),#REF!)) -> #REF! | L23: =IF(#REF!="","",IFERROR(VLOOKUP(#REF!,Translate,2,FALSE),#REF!)) -> #REF! | M23: =IF(#REF!="","",IFERROR(VLOOKUP(#REF!,Translate,2,FALSE),#REF!)) -> #REF! | N23: =IF(#REF!="","",IFERROR(VLOOKUP(#REF!,Translate,2,FALSE),#REF!)) -> #REF! | O23: =IF(#REF!="","",IFERROR(VLOOKUP(#REF!,Translate,2,FALSE),#REF!)) -> #REF! | P23: =IF(#REF!="","",IFERROR(VLOOKUP(#REF!,Translate,2,FALSE),#REF!)) -> #REF! | ... CM23: =IF(#REF!="","",IFERROR(VLOOKUP(#REF!,Translate,2,FALSE),#REF!)) -> #REF!
A24: =IF(OR(#REF!="",ISERROR(#REF!)),"",#REF!) -> #REF! | B24: =IF(OR(#REF!="",ISERROR(#REF!)),"",#REF!) -> #REF! | C24: =IF(OR(#REF!="",ISERROR(#REF!)),"",#REF!) -> #REF! | D24: =IF(OR(#REF!="",ISERROR(#REF!)),"",#REF!) -> #REF! | E24: =IF(OR(#REF!="",ISERROR(#REF!)),"",#REF!) -> #REF! | F24: =IF(C24="","",IF(E24="","Product name empty!",E24&IF(I24<>""," - "&I24,"")&IF(K24<>""," - "&K24,"")&IF(J24<>""," - "&J24,"")&IF(J24="induction",IF(BG24<>""," - "&BG24,""),"")&IF(J24="Céramique",IF(BG24<>""," - "&BG24,""),"")&IF(AND(C24<>"",S24<>"")," - largeur "&S24,""))) -> #REF! | G24: =IF(OR(#REF!="",ISERROR(#REF!)),"",#REF!) -> #REF! | H24: =IF(OR(#REF!="",ISERROR(#REF!)),"",#REF!) -> #REF! | I24: =IF(#REF!="","",IFERROR(VLOOKUP(#REF!,Translate,2,FALSE),#REF!)) -> #REF! | J24: =IF(#REF!="","",IFERROR(VLOOKUP(#REF!,Translate,2,FALSE),#REF!)) -> #REF! | K24: =IF(#REF!="","",IFERROR(VLOOKUP(#REF!,Translate,2,FALSE),#REF!)) -> #REF! | L24: =IF(#REF!="","",IFERROR(VLOOKUP(#REF!,Translate,2,FALSE),#REF!)) -> #REF! | M24: =IF(#REF!="","",IFERROR(VLOOKUP(#REF!,Translate,2,FALSE),#REF!)) -> #REF! | N24: =IF(#REF!="","",IFERROR(VLOOKUP(#REF!,Translate,2,FALSE),#REF!)) -> #REF! | O24: =IF(#REF!="","",IFERROR(VLOOKUP(#REF!,Translate,2,FALSE),#REF!)) -> #REF! | P24: =IF(#REF!="","",IFERROR(VLOOKUP(#REF!,Translate,2,FALSE),#REF!)) -> #REF! | ... CM24: =IF(#REF!="","",IFERROR(VLOOKUP(#REF!,Translate,2,FALSE),#REF!)) -> #REF!
A25: =IF(OR(#REF!="",ISERROR(#REF!)),"",#REF!) -> #REF! | B25: =IF(OR(#REF!="",ISERROR(#REF!)),"",#REF!) -> #REF! | C25: =IF(OR(#REF!="",ISERROR(#REF!)),"",#REF!) -> #REF! | D25: =IF(OR(#REF!="",ISERROR(#REF!)),"",#REF!) -> #REF! | E25: =IF(OR(#REF!="",ISERROR(#REF!)),"",#REF!) -> #REF! | F25: =IF(C25="","",IF(E25="","Product name empty!",E25&IF(I25<>""," - "&I25,"")&IF(K25<>""," - "&K25,"")&IF(J25<>""," - "&J25,"")&IF(J25="induction",IF(BG25<>""," - "&BG25,""),"")&IF(J25="Céramique",IF(BG25<>""," - "&BG25,""),"")&IF(AND(C25<>"",S25<>"")," - largeur "&S25,""))) -> #REF! | G25: =IF(OR(#REF!="",ISERROR(#REF!)),"",#REF!) -> #REF! | H25: =IF(OR(#REF!="",ISERROR(#REF!)),"",#REF!) -> #REF! | I25: =IF(#REF!="","",IFERROR(VLOOKUP(#REF!,Translate,2,FALSE),#REF!)) -> #REF! | J25: =IF(#REF!="","",IFERROR(VLOOKUP(#REF!,Translate,2,FALSE),#REF!)) -> #REF! | K25: =IF(#REF!="","",IFERROR(VLOOKUP(#REF!,Translate,2,FALSE),#REF!)) -> #REF! | L25: =IF(#REF!="","",IFERROR(VLOOKUP(#REF!,Translate,2,FALSE),#REF!)) -> #REF! | M25: =IF(#REF!="","",IFERROR(VLOOKUP(#REF!,Translate,2,FALSE),#REF!)) -> #REF! | N25: =IF(#REF!="","",IFERROR(VLOOKUP(#REF!,Translate,2,FALSE),#REF!)) -> #REF! | O25: =IF(#REF!="","",IFERROR(VLOOKUP(#REF!,Translate,2,FALSE),#REF!)) -> #REF! | P25: =IF(#REF!="","",IFERROR(VLOOKUP(#REF!,Translate,2,FALSE),#REF!)) -> #REF! | ... CM25: =IF(#REF!="","",IFERROR(VLOOKUP(#REF!,Translate,2,FALSE),#REF!)) -> #REF!
A26: =IF(OR(#REF!="",ISERROR(#REF!)),"",#REF!) -> #REF! | B26: =IF(OR(#REF!="",ISERROR(#REF!)),"",#REF!) -> #REF! | C26: =IF(OR(#REF!="",ISERROR(#REF!)),"",#REF!) -> #REF! | D26: =IF(OR(#REF!="",ISERROR(#REF!)),"",#REF!) -> #REF! | E26: =IF(OR(#REF!="",ISERROR(#REF!)),"",#REF!) -> #REF! | F26: =IF(C26="","",IF(E26="","Product name empty!",E26&IF(I26<>""," - "&I26,"")&IF(K26<>""," - "&K26,"")&IF(J26<>""," - "&J26,"")&IF(J26="induction",IF(BG26<>""," - "&BG26,""),"")&IF(J26="Céramique",IF(BG26<>""," - "&BG26,""),"")&IF(AND(C26<>"",S26<>"")," - largeur "&S26,""))) -> #REF! | G26: =IF(OR(#REF!="",ISERROR(#REF!)),"",#REF!) -> #REF! | H26: =IF(OR(#REF!="",ISERROR(#REF!)),"",#REF!) -> #REF! | I26: =IF(#REF!="","",IFERROR(VLOOKUP(#REF!,Translate,2,FALSE),#REF!)) -> #REF! | J26: =IF(#REF!="","",IFERROR(VLOOKUP(#REF!,Translate,2,FALSE),#REF!)) -> #REF! | K26: =IF(#REF!="","",IFERROR(VLOOKUP(#REF!,Translate,2,FALSE),#REF!)) -> #REF! | L26: =IF(#REF!="","",IFERROR(VLOOKUP(#REF!,Translate,2,FALSE),#REF!)) -> #REF! | M26: =IF(#REF!="","",IFERROR(VLOOKUP(#REF!,Translate,2,FALSE),#REF!)) -> #REF! | N26: =IF(#REF!="","",IFERROR(VLOOKUP(#REF!,Translate,2,FALSE),#REF!)) -> #REF! | O26: =IF(#REF!="","",IFERROR(VLOOKUP(#REF!,Translate,2,FALSE),#REF!)) -> #REF! | P26: =IF(#REF!="","",IFERROR(VLOOKUP(#REF!,Translate,2,FALSE),#REF!)) -> #REF! | ... CM26: =IF(#REF!="","",IFERROR(VLOOKUP(#REF!,Translate,2,FALSE),#REF!)) -> #REF!
... A40: =IF(OR(#REF!="",ISERROR(#REF!)),"",#REF!) -> #REF! | B40: =IF(OR(#REF!="",ISERROR(#REF!)),"",#REF!) -> #REF! | C40: =IF(OR(#REF!="",ISERROR(#REF!)),"",#REF!) -> #REF! | D40: =IF(OR(#REF!="",ISERROR(#REF!)),"",#REF!) -> #REF! | E40: =IF(OR(#REF!="",ISERROR(#REF!)),"",#REF!) -> #REF! | F40: =IF(C40="","",IF(E40="","Product name empty!",E40&IF(I40<>""," - "&I40,"")&IF(K40<>""," - "&K40,"")&IF(J40<>""," - "&J40,"")&IF(J40="induction",IF(BG40<>""," - "&BG40,""),"")&IF(J40="Céramique",IF(BG40<>""," - "&BG40,""),"")&IF(AND(C40<>"",S40<>"")," - largeur "&S40,""))) -> #REF! | G40: =IF(OR(#REF!="",ISERROR(#REF!)),"",#REF!) -> #REF! | H40: =IF(OR(#REF!="",ISERROR(#REF!)),"",#REF!) -> #REF! | I40: =IF(#REF!="","",IFERROR(VLOOKUP(#REF!,Translate,2,FALSE),#REF!)) -> #REF! | J40: =IF(#REF!="","",IFERROR(VLOOKUP(#REF!,Translate,2,FALSE),#REF!)) -> #REF! | K40: =IF(#REF!="","",IFERROR(VLOOKUP(#REF!,Translate,2,FALSE),#REF!)) -> #REF! | L40: =IF(#REF!="","",IFERROR(VLOOKUP(#REF!,Translate,2,FALSE),#REF!)) -> #REF! | M40: =IF(#REF!="","",IFERROR(VLOOKUP(#REF!,Translate,2,FALSE),#REF!)) -> #REF! | N40: =IF(#REF!="","",IFERROR(VLOOKUP(#REF!,Translate,2,FALSE),#REF!)) -> #REF! | O40: =IF(#REF!="","",IFERROR(VLOOKUP(#REF!,Translate,2,FALSE),#REF!)) -> #REF! | P40: =IF(#REF!="","",IFERROR(VLOOKUP(#REF!,Translate,2,FALSE),#REF!)) -> #REF! | ... CM40: =IF(#REF!="","",IFERROR(VLOOKUP(#REF!,Translate,2,FALSE),#REF!)) -> #REF!
D41: // | CD41: // | CE41: // | CF41: // | CG41: // | CH41: // | CI41: // | CJ41: // | CK41: // | CL41: // | CM41: //

Sheet Magnetron_FR
A1: FET_FRA_1078 | H1: Additional information if required | I1: =VLOOKUP(I2,PROD_FEAT,4,FALSE) -> Text | J1: =VLOOKUP(J2,PROD_FEAT,4,FALSE) -> List Of Values | K1: =VLOOKUP(K2,PROD_FEAT,4,FALSE) -> Text | L1: =VLOOKUP(L2,PROD_FEAT,4,FALSE) -> List Of Values | M1: =VLOOKUP(M2,PROD_FEAT,4,FALSE) -> Text | N1: =VLOOKUP(N2,PROD_FEAT,4,FALSE) -> Ja/Nee | O1: =VLOOKUP(O2,PROD_FEAT,4,FALSE) -> Ja/Nee | P1: =VLOOKUP(P2,PROD_FEAT,4,FALSE) -> Number | ... CK1: =VLOOKUP(CK2,PROD_FEAT,4,FALSE) -> Text
A2: Wetransfer link or Brand portal | B2: <ID> | C2: Product EAN Masterdata | D2: Merk | E2: Product name | F2: ATTR_PROD_CustomerProductName | G2: ATTR_PROD_LongDesription | I2: PROD_FEAT_10990 | J2: PROD_FEAT_13470 | K2: PROD_FEAT_10812 | L2: PROD_FEAT_00003 | M2: PROD_FEAT_11455 | N2: PROD_FEAT_10858 | O2: PROD_FEAT_11077 | P2: PROD_FEAT_16246 | Q2: PROD_FEAT_16495 | R2: PROD_FEAT_16280 | S2: PROD_FEAT_13865 | T2: PROD_FEAT_90062 | U2: PROD_FEAT_15743 | V2: PROD_FEAT_16110 | W2: PROD_FEAT_16111 | X2: PROD_FEAT_16112 | Y2: PROD_FEAT_16333 | Z2: PROD_FEAT_11011 | AA2: PROD_FEAT_14700 | AB2: PROD_FEAT_14701 | AC2: PROD_FEAT_14702 | AD2: PROD_FEAT_14704 | AE2: PROD_FEAT_11470 | AF2: PROD_FEAT_16207 | AG2: PROD_FEAT_16208 | AH2: ATTR_PROD_EUCNCode | AI2: PROD_FEAT_12120 | AJ2: PROD_FEAT_14384 | AK2: PROD_FEAT_16136 | AL2: PROD_FEAT_15273 | AM2: PROD_FEAT_11779 | AN2: PROD_FEAT_16274 | AO2: PROD_FEAT_16275 | AP2: PROD_FEAT_11685 | AQ2: PROD_FEAT_10576 | AR2: PROD_FEAT_15229 | AS2: PROD_FEAT_10333 | AT2: PROD_FEAT_10901 | AU2: PROD_FEAT_15176 | AV2: PROD_FEAT_14976 | AW2: PROD_FEAT_12253 | AX2: PROD_FEAT_11968 | AY2: PROD_FEAT_12588 | AZ2: PROD_FEAT_14482 | BA2: PROD_FEAT_14558 | BB2: PROD_FEAT_10794 | BC2: PROD_FEAT_10796 | BD2: PROD_FEAT_10795 | BE2: PROD_FEAT_14513 | BF2: PROD_FEAT_14515 | BG2: PROD_FEAT_16142 | BH2: PROD_FEAT_11178 | BI2: PROD_FEAT_10986 | BJ2: PROD_FEAT_14923 | BK2: PROD_FEAT_11350 | BL2: PROD_FEAT_15771 | BM2: PROD_FEAT_12484 | BN2: PROD_FEAT_16914 | BO2: PROD_FEAT_16943 | BP2: PROD_FEAT_16918 | BQ2: PROD_FEAT_16962 | BR2: PROD_FEAT_18889 | BS2: PROD_FEAT_13366 | BT2: PROD_FEAT_16866 | BU2: PROD_FEAT_16743 | BV2: PROD_FEAT_16744 | BW2: PROD_FEAT_16747 | BX2: PROD_FEAT_16745 | BY2: PROD_FEAT_16617 | BZ2: PROD_FEAT_16746 | CA2: ATTR_PROD_CONFIDENTIAL_UNTIL | CB2: ATTR_PROD_MANU_OverrideContactDetails | CC2: ATTR_PROD_MANU_LegalName | CD2: ATTR_PROD_MANU_Email | CE2: ATTR_PROD_MANU_WebsiteURL | CF2: ATTR_PROD_MANU_EuEstablished | CG2: ATTR_PROD_MANU_AddressLine | CH2: ATTR_PROD_MANU_AddressCity | CI2: ATTR_PROD_MANU_AddressZipCode | CJ2: ATTR_PROD_MANU_AddressCountry | CK2: ATTR_PROD_MANU_AddressDetails
B3: Mediamarkt ID only | F3: Automatized | I3: =VLOOKUP(I2,PROD_FEAT,3,FALSE) -> Type de produit | J3: =VLOOKUP(J2,PROD_FEAT,3,FALSE) -> Modèle | K3: =VLOOKUP(K2,PROD_FEAT,3,FALSE) -> Couleur (selon le fabriquant) | L3: =VLOOKUP(L2,PROD_FEAT,3,FALSE) -> Couleur (Base) | M3: =VLOOKUP(M2,PROD_FEAT,3,FALSE) -> Niveaux de puissance | N3: =VLOOKUP(N2,PROD_FEAT,3,FALSE) -> Fonction gril | O3: =VLOOKUP(O2,PROD_FEAT,3,FALSE) -> Fonction air chaud | P3: =VLOOKUP(P2,PROD_FEAT,3,FALSE) -> Puissance maximale | ... CK3: =VLOOKUP(CK2,PROD_FEAT,3,FALSE) -> Manufacturer Address Additional Details
A4: Afbeeldingen | B4: <ID> | C4: EAN | D4: Merk | E4: Product name | F4: Customer-friendly Product Name | G4: Producttekst | I4: =VLOOKUP(I2,PROD_FEAT,2,FALSE) -> Producttype | J4: =VLOOKUP(J2,PROD_FEAT,2,FALSE) -> Model | K4: =VLOOKUP(K2,PROD_FEAT,2,FALSE) -> Kleur (door fabrikant) | L4: =VLOOKUP(L2,PROD_FEAT,2,FALSE) -> Kleur (basis) | M4: =VLOOKUP(M2,PROD_FEAT,2,FALSE) -> Aantal standen | N4: =VLOOKUP(N2,PROD_FEAT,2,FALSE) -> Grillfunctie | O4: =VLOOKUP(O2,PROD_FEAT,2,FALSE) -> Heteluchtfunctie | P4: =VLOOKUP(P2,PROD_FEAT,2,FALSE) -> Maximaal vermogen | ... CK4: =VLOOKUP(CK2,PROD_FEAT,2,FALSE) -> Manufacturer Address Additional Details
A5: =IF(OR(#REF!="",ISERROR(#REF!)),"",#REF!) -> #REF! | B5: =IF(OR(#REF!="",ISERROR(#REF!)),"",#REF!) -> #REF! | C5: =IF(OR(#REF!="",ISERROR(#REF!)),"",#REF!) -> #REF! | D5: =IF(OR(#REF!="",ISERROR(#REF!)),"",#REF!) -> #REF! | E5: =IF(OR(#REF!="",ISERROR(#REF!)),"",#REF!) -> #REF! | F5: =IF(C5="","",IF(E5="","Product name empty!",E5 & " - " & IF(I5<>"",I5,"") & IF(J5="encastrable"," - encastrable","") & IF(BD5<>"",IF(J5="encastrable"," - hauteur de niche " & BD5,""),"") & IF(Q5<>""," - " & Q5,"") & IF(R5<>""," - volume " & R5,""))) -> #REF! | G5: =IF(OR(#REF!="",ISERROR(#REF!)),"",#REF!) -> #REF! | H5: =IF(OR(#REF!="",ISERROR(#REF!)),"",#REF!) -> #REF! | I5: =IF(#REF!="","",IFERROR(VLOOKUP(#REF!,Translate,2,FALSE),#REF!)) -> #REF! | J5: =IF(#REF!="","",IFERROR(VLOOKUP(#REF!,Translate,2,FALSE),#REF!)) -> #REF! | K5: =IF(#REF!="","",IFERROR(VLOOKUP(#REF!,Translate,2,FALSE),#REF!)) -> #REF! | L5: =IF(#REF!="","",IFERROR(VLOOKUP(#REF!,Translate,2,FALSE),#REF!)) -> #REF! | M5: =IF(#REF!="","",IFERROR(VLOOKUP(#REF!,Translate,2,FALSE),#REF!)) -> #REF! | N5: =IF(#REF!="","",IFERROR(VLOOKUP(#REF!,Translate,2,FALSE),#REF!)) -> #REF! | O5: =IF(#REF!="","",IFERROR(VLOOKUP(#REF!,Translate,2,FALSE),#REF!)) -> #REF! | P5: =IF(#REF!="","",IFERROR(VLOOKUP(#REF!,Translate,2,FALSE),#REF!)) -> #REF! | ... CK5: =IF(#REF!="","",IFERROR(VLOOKUP(#REF!,Translate,2,FALSE),#REF!)) -> #REF!
A6: =IF(OR(#REF!="",ISERROR(#REF!)),"",#REF!) -> #REF! | B6: =IF(OR(#REF!="",ISERROR(#REF!)),"",#REF!) -> #REF! | C6: =IF(OR(#REF!="",ISERROR(#REF!)),"",#REF!) -> #REF! | D6: =IF(OR(#REF!="",ISERROR(#REF!)),"",#REF!) -> #REF! | E6: =IF(OR(#REF!="",ISERROR(#REF!)),"",#REF!) -> #REF! | F6: =IF(C6="","",IF(E6="","Product name empty!",E6 & " - " & IF(I6<>"",I6,"") & IF(J6="encastrable"," - encastrable","") & IF(BD6<>"",IF(J6="encastrable"," - hauteur de niche " & BD6,""),"") & IF(Q6<>""," - " & Q6,"") & IF(R6<>""," - volume " & R6,""))) -> #REF! | G6: =IF(OR(#REF!="",ISERROR(#REF!)),"",#REF!) -> #REF! | H6: =IF(OR(#REF!="",ISERROR(#REF!)),"",#REF!) -> #REF! | I6: =IF(#REF!="","",IFERROR(VLOOKUP(#REF!,Translate,2,FALSE),#REF!)) -> #REF! | J6: =IF(#REF!="","",IFERROR(VLOOKUP(#REF!,Translate,2,FALSE),#REF!)) -> #REF! | K6: =IF(#REF!="","",IFERROR(VLOOKUP(#REF!,Translate,2,FALSE),#REF!)) -> #REF! | L6: =IF(#REF!="","",IFERROR(VLOOKUP(#REF!,Translate,2,FALSE),#REF!)) -> #REF! | M6: =IF(#REF!="","",IFERROR(VLOOKUP(#REF!,Translate,2,FALSE),#REF!)) -> #REF! | N6: =IF(#REF!="","",IFERROR(VLOOKUP(#REF!,Translate,2,FALSE),#REF!)) -> #REF! | O6: =IF(#REF!="","",IFERROR(VLOOKUP(#REF!,Translate,2,FALSE),#REF!)) -> #REF! | P6: =IF(#REF!="","",IFERROR(VLOOKUP(#REF!,Translate,2,FALSE),#REF!)) -> #REF! | ... CK6: =IF(#REF!="","",IFERROR(VLOOKUP(#REF!,Translate,2,FALSE),#REF!)) -> #REF!
A7: =IF(OR(#REF!="",ISERROR(#REF!)),"",#REF!) -> #REF! | B7: =IF(OR(#REF!="",ISERROR(#REF!)),"",#REF!) -> #REF! | C7: =IF(OR(#REF!="",ISERROR(#REF!)),"",#REF!) -> #REF! | D7: =IF(OR(#REF!="",ISERROR(#REF!)),"",#REF!) -> #REF! | E7: =IF(OR(#REF!="",ISERROR(#REF!)),"",#REF!) -> #REF! | F7: =IF(C7="","",IF(E7="","Product name empty!",E7 & " - " & IF(I7<>"",I7,"") & IF(J7="encastrable"," - encastrable","") & IF(BD7<>"",IF(J7="encastrable"," - hauteur de niche " & BD7,""),"") & IF(Q7<>""," - " & Q7,"") & IF(R7<>""," - volume " & R7,""))) -> #REF! | G7: =IF(OR(#REF!="",ISERROR(#REF!)),"",#REF!) -> #REF! | H7: =IF(OR(#REF!="",ISERROR(#REF!)),"",#REF!) -> #REF! | I7: =IF(#REF!="","",IFERROR(VLOOKUP(#REF!,Translate,2,FALSE),#REF!)) -> #REF! | J7: =IF(#REF!="","",IFERROR(VLOOKUP(#REF!,Translate,2,FALSE),#REF!)) -> #REF! | K7: =IF(#REF!="","",IFERROR(VLOOKUP(#REF!,Translate,2,FALSE),#REF!)) -> #REF! | L7: =IF(#REF!="","",IFERROR(VLOOKUP(#REF!,Translate,2,FALSE),#REF!)) -> #REF! | M7: =IF(#REF!="","",IFERROR(VLOOKUP(#REF!,Translate,2,FALSE),#REF!)) -> #REF! | N7: =IF(#REF!="","",IFERROR(VLOOKUP(#REF!,Translate,2,FALSE),#REF!)) -> #REF! | O7: =IF(#REF!="","",IFERROR(VLOOKUP(#REF!,Translate,2,FALSE),#REF!)) -> #REF! | P7: =IF(#REF!="","",IFERROR(VLOOKUP(#REF!,Translate,2,FALSE),#REF!)) -> #REF! | ... CK7: =IF(#REF!="","",IFERROR(VLOOKUP(#REF!,Translate,2,FALSE),#REF!)) -> #REF!
A8: =IF(OR(#REF!="",ISERROR(#REF!)),"",#REF!) -> #REF! | B8: =IF(OR(#REF!="",ISERROR(#REF!)),"",#REF!) -> #REF! | C8: =IF(OR(#REF!="",ISERROR(#REF!)),"",#REF!) -> #REF! | D8: =IF(OR(#REF!="",ISERROR(#REF!)),"",#REF!) -> #REF! | E8: =IF(OR(#REF!="",ISERROR(#REF!)),"",#REF!) -> #REF! | F8: =IF(C8="","",IF(E8="","Product name empty!",E8 & " - " & IF(I8<>"",I8,"") & IF(J8="encastrable"," - encastrable","") & IF(BD8<>"",IF(J8="encastrable"," - hauteur de niche " & BD8,""),"") & IF(Q8<>""," - " & Q8,"") & IF(R8<>""," - volume " & R8,""))) -> #REF! | G8: =IF(OR(#REF!="",ISERROR(#REF!)),"",#REF!) -> #REF! | H8: =IF(OR(#REF!="",ISERROR(#REF!)),"",#REF!) -> #REF! | I8: =IF(#REF!="","",IFERROR(VLOOKUP(#REF!,Translate,2,FALSE),#REF!)) -> #REF! | J8: =IF(#REF!="","",IFERROR(VLOOKUP(#REF!,Translate,2,FALSE),#REF!)) -> #REF! | K8: =IF(#REF!="","",IFERROR(VLOOKUP(#REF!,Translate,2,FALSE),#REF!)) -> #REF! | L8: =IF(#REF!="","",IFERROR(VLOOKUP(#REF!,Translate,2,FALSE),#REF!)) -> #REF! | M8: =IF(#REF!="","",IFERROR(VLOOKUP(#REF!,Translate,2,FALSE),#REF!)) -> #REF! | N8: =IF(#REF!="","",IFERROR(VLOOKUP(#REF!,Translate,2,FALSE),#REF!)) -> #REF! | O8: =IF(#REF!="","",IFERROR(VLOOKUP(#REF!,Translate,2,FALSE),#REF!)) -> #REF! | P8: =IF(#REF!="","",IFERROR(VLOOKUP(#REF!,Translate,2,FALSE),#REF!)) -> #REF! | ... CK8: =IF(#REF!="","",IFERROR(VLOOKUP(#REF!,Translate,2,FALSE),#REF!)) -> #REF!
A9: =IF(OR(#REF!="",ISERROR(#REF!)),"",#REF!) -> #REF! | B9: =IF(OR(#REF!="",ISERROR(#REF!)),"",#REF!) -> #REF! | C9: =IF(OR(#REF!="",ISERROR(#REF!)),"",#REF!) -> #REF! | D9: =IF(OR(#REF!="",ISERROR(#REF!)),"",#REF!) -> #REF! | E9: =IF(OR(#REF!="",ISERROR(#REF!)),"",#REF!) -> #REF! | F9: =IF(C9="","",IF(E9="","Product name empty!",E9 & " - " & IF(I9<>"",I9,"") & IF(J9="encastrable"," - encastrable","") & IF(BD9<>"",IF(J9="encastrable"," - hauteur de niche " & BD9,""),"") & IF(Q9<>""," - " & Q9,"") & IF(R9<>""," - volume " & R9,""))) -> #REF! | G9: =IF(OR(#REF!="",ISERROR(#REF!)),"",#REF!) -> #REF! | H9: =IF(OR(#REF!="",ISERROR(#REF!)),"",#REF!) -> #REF! | I9: =IF(#REF!="","",IFERROR(VLOOKUP(#REF!,Translate,2,FALSE),#REF!)) -> #REF! | J9: =IF(#REF!="","",IFERROR(VLOOKUP(#REF!,Translate,2,FALSE),#REF!)) -> #REF! | K9: =IF(#REF!="","",IFERROR(VLOOKUP(#REF!,Translate,2,FALSE),#REF!)) -> #REF! | L9: =IF(#REF!="","",IFERROR(VLOOKUP(#REF!,Translate,2,FALSE),#REF!)) -> #REF! | M9: =IF(#REF!="","",IFERROR(VLOOKUP(#REF!,Translate,2,FALSE),#REF!)) -> #REF! | N9: =IF(#REF!="","",IFERROR(VLOOKUP(#REF!,Translate,2,FALSE),#REF!)) -> #REF! | O9: =IF(#REF!="","",IFERROR(VLOOKUP(#REF!,Translate,2,FALSE),#REF!)) -> #REF! | P9: =IF(#REF!="","",IFERROR(VLOOKUP(#REF!,Translate,2,FALSE),#REF!)) -> #REF! | ... CK9: =IF(#REF!="","",IFERROR(VLOOKUP(#REF!,Translate,2,FALSE),#REF!)) -> #REF!
A10: =IF(OR(#REF!="",ISERROR(#REF!)),"",#REF!) -> #REF! | B10: =IF(OR(#REF!="",ISERROR(#REF!)),"",#REF!) -> #REF! | C10: =IF(OR(#REF!="",ISERROR(#REF!)),"",#REF!) -> #REF! | D10: =IF(OR(#REF!="",ISERROR(#REF!)),"",#REF!) -> #REF! | E10: =IF(OR(#REF!="",ISERROR(#REF!)),"",#REF!) -> #REF! | F10: =IF(C10="","",IF(E10="","Product name empty!",E10 & " - " & IF(I10<>"",I10,"") & IF(J10="encastrable"," - encastrable","") & IF(BD10<>"",IF(J10="encastrable"," - hauteur de niche " & BD10,""),"") & IF(Q10<>""," - " & Q10,"") & IF(R10<>""," - volume " & R10,""))) -> #REF! | G10: =IF(OR(#REF!="",ISERROR(#REF!)),"",#REF!) -> #REF! | H10: =IF(OR(#REF!="",ISERROR(#REF!)),"",#REF!) -> #REF! | I10: =IF(#REF!="","",IFERROR(VLOOKUP(#REF!,Translate,2,FALSE),#REF!)) -> #REF! | J10: =IF(#REF!="","",IFERROR(VLOOKUP(#REF!,Translate,2,FALSE),#REF!)) -> #REF! | K10: =IF(#REF!="","",IFERROR(VLOOKUP(#REF!,Translate,2,FALSE),#REF!)) -> #REF! | L10: =IF(#REF!="","",IFERROR(VLOOKUP(#REF!,Translate,2,FALSE),#REF!)) -> #REF! | M10: =IF(#REF!="","",IFERROR(VLOOKUP(#REF!,Translate,2,FALSE),#REF!)) -> #REF! | N10: =IF(#REF!="","",IFERROR(VLOOKUP(#REF!,Translate,2,FALSE),#REF!)) -> #REF! | O10: =IF(#REF!="","",IFERROR(VLOOKUP(#REF!,Translate,2,FALSE),#REF!)) -> #REF! | P10: =IF(#REF!="","",IFERROR(VLOOKUP(#REF!,Translate,2,FALSE),#REF!)) -> #REF! | ... CK10: =IF(#REF!="","",IFERROR(VLOOKUP(#REF!,Translate,2,FALSE),#REF!)) -> #REF!
A11: =IF(OR(#REF!="",ISERROR(#REF!)),"",#REF!) -> #REF! | B11: =IF(OR(#REF!="",ISERROR(#REF!)),"",#REF!) -> #REF! | C11: =IF(OR(#REF!="",ISERROR(#REF!)),"",#REF!) -> #REF! | D11: =IF(OR(#REF!="",ISERROR(#REF!)),"",#REF!) -> #REF! | E11: =IF(OR(#REF!="",ISERROR(#REF!)),"",#REF!) -> #REF! | F11: =IF(C11="","",IF(E11="","Product name empty!",E11 & " - " & IF(I11<>"",I11,"") & IF(J11="encastrable"," - encastrable","") & IF(BD11<>"",IF(J11="encastrable"," - hauteur de niche " & BD11,""),"") & IF(Q11<>""," - " & Q11,"") & IF(R11<>""," - volume " & R11,""))) -> #REF! | G11: =IF(OR(#REF!="",ISERROR(#REF!)),"",#REF!) -> #REF! | H11: =IF(OR(#REF!="",ISERROR(#REF!)),"",#REF!) -> #REF! | I11: =IF(#REF!="","",IFERROR(VLOOKUP(#REF!,Translate,2,FALSE),#REF!)) -> #REF! | J11: =IF(#REF!="","",IFERROR(VLOOKUP(#REF!,Translate,2,FALSE),#REF!)) -> #REF! | K11: =IF(#REF!="","",IFERROR(VLOOKUP(#REF!,Translate,2,FALSE),#REF!)) -> #REF! | L11: =IF(#REF!="","",IFERROR(VLOOKUP(#REF!,Translate,2,FALSE),#REF!)) -> #REF! | M11: =IF(#REF!="","",IFERROR(VLOOKUP(#REF!,Translate,2,FALSE),#REF!)) -> #REF! | N11: =IF(#REF!="","",IFERROR(VLOOKUP(#REF!,Translate,2,FALSE),#REF!)) -> #REF! | O11: =IF(#REF!="","",IFERROR(VLOOKUP(#REF!,Translate,2,FALSE),#REF!)) -> #REF! | P11: =IF(#REF!="","",IFERROR(VLOOKUP(#REF!,Translate,2,FALSE),#REF!)) -> #REF! | ... CK11: =IF(#REF!="","",IFERROR(VLOOKUP(#REF!,Translate,2,FALSE),#REF!)) -> #REF!
A12: =IF(OR(#REF!="",ISERROR(#REF!)),"",#REF!) -> #REF! | B12: =IF(OR(#REF!="",ISERROR(#REF!)),"",#REF!) -> #REF! | C12: =IF(OR(#REF!="",ISERROR(#REF!)),"",#REF!) -> #REF! | D12: =IF(OR(#REF!="",ISERROR(#REF!)),"",#REF!) -> #REF! | E12: =IF(OR(#REF!="",ISERROR(#REF!)),"",#REF!) -> #REF! | F12: =IF(C12="","",IF(E12="","Product name empty!",E12 & " - " & IF(I12<>"",I12,"") & IF(J12="encastrable"," - encastrable","") & IF(BD12<>"",IF(J12="encastrable"," - hauteur de niche " & BD12,""),"") & IF(Q12<>""," - " & Q12,"") & IF(R12<>""," - volume " & R12,""))) -> #REF! | G12: =IF(OR(#REF!="",ISERROR(#REF!)),"",#REF!) -> #REF! | H12: =IF(OR(#REF!="",ISERROR(#REF!)),"",#REF!) -> #REF! | I12: =IF(#REF!="","",IFERROR(VLOOKUP(#REF!,Translate,2,FALSE),#REF!)) -> #REF! | J12: =IF(#REF!="","",IFERROR(VLOOKUP(#REF!,Translate,2,FALSE),#REF!)) -> #REF! | K12: =IF(#REF!="","",IFERROR(VLOOKUP(#REF!,Translate,2,FALSE),#REF!)) -> #REF! | L12: =IF(#REF!="","",IFERROR(VLOOKUP(#REF!,Translate,2,FALSE),#REF!)) -> #REF! | M12: =IF(#REF!="","",IFERROR(VLOOKUP(#REF!,Translate,2,FALSE),#REF!)) -> #REF! | N12: =IF(#REF!="","",IFERROR(VLOOKUP(#REF!,Translate,2,FALSE),#REF!)) -> #REF! | O12: =IF(#REF!="","",IFERROR(VLOOKUP(#REF!,Translate,2,FALSE),#REF!)) -> #REF! | P12: =IF(#REF!="","",IFERROR(VLOOKUP(#REF!,Translate,2,FALSE),#REF!)) -> #REF! | ... CK12: =IF(#REF!="","",IFERROR(VLOOKUP(#REF!,Translate,2,FALSE),#REF!)) -> #REF!
A13: =IF(OR(#REF!="",ISERROR(#REF!)),"",#REF!) -> #REF! | B13: =IF(OR(#REF!="",ISERROR(#REF!)),"",#REF!) -> #REF! | C13: =IF(OR(#REF!="",ISERROR(#REF!)),"",#REF!) -> #REF! | D13: =IF(OR(#REF!="",ISERROR(#REF!)),"",#REF!) -> #REF! | E13: =IF(OR(#REF!="",ISERROR(#REF!)),"",#REF!) -> #REF! | F13: =IF(C13="","",IF(E13="","Product name empty!",E13 & " - " & IF(I13<>"",I13,"") & IF(J13="encastrable"," - encastrable","") & IF(BD13<>"",IF(J13="encastrable"," - hauteur de niche " & BD13,""),"") & IF(Q13<>""," - " & Q13,"") & IF(R13<>""," - volume " & R13,""))) -> #REF! | G13: =IF(OR(#REF!="",ISERROR(#REF!)),"",#REF!) -> #REF! | H13: =IF(OR(#REF!="",ISERROR(#REF!)),"",#REF!) -> #REF! | I13: =IF(#REF!="","",IFERROR(VLOOKUP(#REF!,Translate,2,FALSE),#REF!)) -> #REF! | J13: =IF(#REF!="","",IFERROR(VLOOKUP(#REF!,Translate,2,FALSE),#REF!)) -> #REF! | K13: =IF(#REF!="","",IFERROR(VLOOKUP(#REF!,Translate,2,FALSE),#REF!)) -> #REF! | L13: =IF(#REF!="","",IFERROR(VLOOKUP(#REF!,Translate,2,FALSE),#REF!)) -> #REF! | M13: =IF(#REF!="","",IFERROR(VLOOKUP(#REF!,Translate,2,FALSE),#REF!)) -> #REF! | N13: =IF(#REF!="","",IFERROR(VLOOKUP(#REF!,Translate,2,FALSE),#REF!)) -> #REF! | O13: =IF(#REF!="","",IFERROR(VLOOKUP(#REF!,Translate,2,FALSE),#REF!)) -> #REF! | P13: =IF(#REF!="","",IFERROR(VLOOKUP(#REF!,Translate,2,FALSE),#REF!)) -> #REF! | ... CK13: =IF(#REF!="","",IFERROR(VLOOKUP(#REF!,Translate,2,FALSE),#REF!)) -> #REF!
A14: =IF(OR(#REF!="",ISERROR(#REF!)),"",#REF!) -> #REF! | B14: =IF(OR(#REF!="",ISERROR(#REF!)),"",#REF!) -> #REF! | C14: =IF(OR(#REF!="",ISERROR(#REF!)),"",#REF!) -> #REF! | D14: =IF(OR(#REF!="",ISERROR(#REF!)),"",#REF!) -> #REF! | E14: =IF(OR(#REF!="",ISERROR(#REF!)),"",#REF!) -> #REF! | F14: =IF(C14="","",IF(E14="","Product name empty!",E14 & " - " & IF(I14<>"",I14,"") & IF(J14="encastrable"," - encastrable","") & IF(BD14<>"",IF(J14="encastrable"," - hauteur de niche " & BD14,""),"") & IF(Q14<>""," - " & Q14,"") & IF(R14<>""," - volume " & R14,""))) -> #REF! | G14: =IF(OR(#REF!="",ISERROR(#REF!)),"",#REF!) -> #REF! | H14: =IF(OR(#REF!="",ISERROR(#REF!)),"",#REF!) -> #REF! | I14: =IF(#REF!="","",IFERROR(VLOOKUP(#REF!,Translate,2,FALSE),#REF!)) -> #REF! | J14: =IF(#REF!="","",IFERROR(VLOOKUP(#REF!,Translate,2,FALSE),#REF!)) -> #REF! | K14: =IF(#REF!="","",IFERROR(VLOOKUP(#REF!,Translate,2,FALSE),#REF!)) -> #REF! | L14: =IF(#REF!="","",IFERROR(VLOOKUP(#REF!,Translate,2,FALSE),#REF!)) -> #REF! | M14: =IF(#REF!="","",IFERROR(VLOOKUP(#REF!,Translate,2,FALSE),#REF!)) -> #REF! | N14: =IF(#REF!="","",IFERROR(VLOOKUP(#REF!,Translate,2,FALSE),#REF!)) -> #REF! | O14: =IF(#REF!="","",IFERROR(VLOOKUP(#REF!,Translate,2,FALSE),#REF!)) -> #REF! | P14: =IF(#REF!="","",IFERROR(VLOOKUP(#REF!,Translate,2,FALSE),#REF!)) -> #REF! | ... CK14: =IF(#REF!="","",IFERROR(VLOOKUP(#REF!,Translate,2,FALSE),#REF!)) -> #REF!
